 Dungeon Crawl Stone Soup version 0.31-a0-662-g684573625c (webtiles) character file.

Game seed: 16039105060575787551

1742829 qw the Conqueror (level 27, 170/199 HPs) *WIZ*
             Began as a Gargoyle Hunter on Aug 30, 2023.
             Was an Elder of Okawaru.
             Escaped with the Orb
             ... and 3 runes on Sept 1, 2023!
             The game lasted 01:11:44 (62354 turns).

qw the Conqueror (Gargoyle Hunter)                 Turns: 62354, Time: 01:11:44

Health: 170/199    AC: 41    Str: 16 (17) XL:     27
Magic:  24/24      EV: 40    Int:  7 (10) God:    Okawaru 104 (0)
Gold:   4267       SH:  0    Dex: 22 (29) Spells: 26/26 levels left

rFire   . . .        w - +5 triple crossbow (heavy)
rCold   . . .        (shield currently unavailable)
rNeg    + . .        d - +1 robe "Niloaj" {Contam rF+ rCorr Dex+4}
rPois   inf          s - +2 hat "Waro Yso" {Int+3 Slay+3 Stlth-}
rElec   +            b - +4 dragonskin cloak
rCorr   +            C - +2 pair of gloves {Str+3}
SInv    +            h - +2 pair of boots
Will    ++...        r - amulet of faith
Stlth   ++           v - ring "Daim" {Str-2 Dex+4 SInv}
HPRegen 0.53/turn    q - +5 ring of evasion
MPRegen 0.19/turn

%: random rage (9%), faith
@: heroic, flying, hasted, very quick
A: sickness immunity, AC +20, big wings, negative energy resistance 1,
electricity resistance, torment resistance 1, petrification resistance, thin
skeletal structure 1, see invisible, berserk 2, clumsy 2, deformed body,
deterioration 2, dopey 2, low MP 3, sense surroundings 1, screaming 2, inhibited
regeneration, weak 1, no potion heal 2, heat vulnerability 1, subdued magic 1,
inability to drink after injury 1, inability to read after injury 2, devolution
1
0: Orb of Zot
}: 3/15 runes: decaying, silver, gossamer
a: Renounce Religion, Build terrain, Set terrain to build, Clear terrain to
floor, Heroism, Finesse


You escaped.
You worshipped Okawaru.
Okawaru was greatly pleased with you.
You visited 8 branches of the dungeon, and saw 44 of its levels.
You visited the Abyss 2 times.

You collected 8118 gold pieces.
You spent 3851 gold pieces at shops.


Innate Abilities, Weirdness & Mutations

You are immune to sickness and miasma.
Your stone body is resilient. (AC +20)
You are immune to poison.
Your large and strong wings let you fly.
You resist negative energy. (rN+)
You are resistant to electric shocks. (rElec)
You are resistant to unholy torment.
You are immune to petrification.
You have a somewhat thin skeletal structure. (Dex +2, Stealth+)
You have supernaturally acute eyesight. (SInv)
You have an uncontrollable temper.
You are very clumsy. (Dex -4)
Armour fits poorly on your strangely shaped body.
Your body often deteriorates upon taking damage.
You are very dopey. (Int -4)
Your magical capacity is extremely low. (-30% MP)
You passively map a small area around you.
You frequently scream uncontrollably at your foes.
You do not regenerate when monsters are visible.
You are weak. (Str -2)
Potions cannot restore your health.
You are vulnerable to heat. (rF-)
Your spells are a little easier to cast, but a little less powerful.
You occasionally lose the ability to drink potions when taking damage.
You sometimes lose the ability to read scrolls when taking damage.
You have hidden genetic defects.


   Skills:
 O Level 27 Fighting
 - Level 22.0(27) Ranged Weapons
 - Level 22.0(27) Armour
 - Level 22.0(27) Dodging
 - Level 1.1(6.1) Stealth
 + Level 15.2 Invocations


You had 26 spell levels left.
You didn't know any spells.
Your spell library was empty.

Inventory:

Hand Weapons
 w - a +5 heavy triple crossbow (weapon)
Armour
 b - the +4 dragonskin cloak (worn)
   (You took it off Tiamat on level 5 of the Realm of Zot)

   Avatar's Aegis: It grants the wearer a chance to resist fire, cold, poison,
   electricity, acid, and negative energy.
 d - the +1 robe "Niloaj" (worn) {Contam rF+ rCorr Dex+4}
   (Okawaru gifted it to you on level 1 of the Depths)

   Dex+4:     It affects your dexterity (+4).
   rF+:       It protects you from fire.
   Contam:    It causes magical contamination when unequipped.
   rCorr:     It protects you from acid and corrosion.
 h - a +2 pair of boots (worn)
 l - quicksilver dragon scales
 s - the +2 hat "Waro Yso" (worn) {Int+3 Slay+3 Stlth-}
   (You found it on level 2 of the Orcish Mines)

   Int+3:     It affects your intelligence (+3).
   Slay+3:    It affects your accuracy & damage with ranged weapons and melee
   (+3).
   Stlth-:    It makes you less stealthy.
 t - the +2 cloak of the Hanged Man {rF+}
   (Okawaru gifted it to you on level 11 of the Dungeon)

   rF+:       It protects you from fire.
 A - a +2 troll leather armour
 C - a +2 pair of gloves of strength (worn)
Jewellery
 e - a ring of protection from fire
 g - an amulet of reflection
 q - a +5 ring of evasion (right hand)
 r - an amulet of faith (around neck)
 v - the ring "Daim" (left hand) {Str-2 Dex+4 SInv}
   (You found it on level 4 of the Lair of Beasts)

   [ring of see invisible]

   Str-2:     It affects your strength (-2).
   Dex+4:     It affects your dexterity (+4).
   SInv:      It lets you see invisible.
Wands
 o - a wand of digging (19)
Scrolls
 c - 14 scrolls of identify
 f - 5 scrolls of enchant armour
 x - a scroll of brand weapon
Potions
 a - a potion of haste
 i - 8 potions of enlightenment
 j - 4 potions of magic
 k - 9 potions of curing
 m - 9 potions of might
 n - 3 potions of cancellation
 u - a potion of resistance

Dungeon Overview and Level Annotations

Branches:
Dungeon (15/15)            Temple (0/1) D:7            Lair (5/5) D:11
  Swamp (4/4) Lair:2       Spider (4/4) Lair:2        Slime (0/5) Lair:5
    Orc (2/2) D:9             Elf (0/3) Orc:2        Vaults (5/5) D:14
  Crypt (0/3) Vaults:2     Depths (4/4) D:15            Zot (5/5) Depths:4

Altars:
Ashenzari
Cheibriados
Dithmenos
Elyvilon
Gozag
Kikubaaqudgha
Nemelex Xobeh
Okawaru
Ru
Sif Muna
Uskayaw
Vehumet
Wu Jian
Xom
Yredelemnul
Zin
The Shining One
Jiyva

Shops:
D:8 [   D:10 =   D:13 !:*[(   Orc:1 :   Orc:2 [[*[   Vaults:2 (   Vaults:5 =

Portals:
Hell: Depths:1 Depths:2 Depths:3 Depths:4
Abyss: Depths:3
Pandemonium: Depths:2 Depths:3
Ziggurat: Depths:4
Trove: D:14 (give +2 gold dragon scales)

Annotations:
Lair:3 2 transporters, qw's ghost, journeyman GrHu
Vaults:3 1 runed translucent door
Zot:3 2 transporters


Message History

You shoot a bolt. The bolt misses the chaos spawn.
You shoot a bolt. The bolt hits the chaos spawn!!
You kill the chaos spawn!
Okawaru accepts your kill.
The chaos spawn degenerates into a cloud of primal chaos!
What level of the Dungeon? (default 1, ? - help)
A Hell Sentinel comes into view.
62335 ||| DRINKING 2 potions of haste.
You feel yourself speed up.
62336 ||| INVOKING Heroism.
You gain the combat prowess of a mighty hero.
You shoot a bolt. The bolt hits the Hell Sentinel!!!
The Hell Sentinel is moderately wounded.
The Hell Sentinel gestures at you.
The sphere of damnation explodes!
The damnation engulfs you!!
Your body deteriorates!
You feel weakened.
The damnation engulfs the Hell Sentinel.
The Hell Sentinel completely resists.
You shoot a bolt. The bolt hits the Hell Sentinel!!!!
The Hell Sentinel is almost dead.
The Hell Sentinel misses you. x2
You shoot a bolt. The bolt hits the Hell Sentinel.
The Hell Sentinel is almost dead.
The Hell Sentinel barely misses you.
The Hell Sentinel hits you but does no damage.
You shoot a bolt. The bolt hits the Hell Sentinel!
The Hell Sentinel is almost dead.
The Hell Sentinel gestures at you. The iron shot misses you.
You shoot a bolt.
The bolt hits the Hell Sentinel but does no damage.
The Hell Sentinel is almost dead.
The Hell Sentinel misses you.
The Hell Sentinel hits you but does no damage.
You shoot a bolt. The bolt hits the Hell Sentinel!!!!
You kill the Hell Sentinel!
Okawaru accepts your kill.
What level of the Dungeon? (default 1, ? - help) Magic restored.
There is a staircase leading out of the dungeon here.
You have escaped!

##.# #.............# #.####..
##.# ##.####.####..# #.# #.. ##.#
#...###.# #..# #.# #..
##.#####.#.....####..#####.#####.
.................................
#........~~¤¤......~~~~~...######
#..###..¤....~~¤¤.....^.~..# ###
#..# ##..~~......~....~~...# #..
#..# ##...~..~.@....~...### #..
#..# ##.#¤~.¤.~~~¤~..### #.#
#..#### #.#.¤¤~..¤¤¤¤.## #.#
#.....# #.###.~.¤.¤.### #.#
#.###.# #.# #.~..¤¤¤# #.# #.# #.#
#.# #..~.~..# #.# #.# #.# #.#
##..~..## #.# #.# #.# #.# ##...##
#########.# #.###.###.######.###
#.........#


There were no monsters in sight!

Vanquished Creatures
  Tiamat (Zot:5)
  A dread lich (Depths:3)
  2 ancient liches
  4 orbs of fire
  A juggernaut (Depths:3)
  Sojobo (Depths:3)
  Parghit (Depths:3)
  Boris (Vaults:4)
  11 Killer Klowns
  Frederick (Vaults:2)
  A caustic shrike (Depths:2)
  Xtahua (Vaults:2)
  A shard shrike (Zot:1)
  15 golden dragons
  A curse toe (Zot:3)
  3 hellephants (Depths:3)
  An electric golem (Zot:5)
  Jorgrun (D:12)
  Zenata (Vaults:2)
  A pandemonium lord (Zot:4)
  21 tentacled monstrosities
  A Hell Sentinel (D:1)
  25 Orb Guardians
  Asterion (Spider:4)
  A walking crystal tome (Depths:2)
  5 liches
  2 titans (Vaults:5)
  4 sphinxes
  17 death cobs
  6 quicksilver dragons
  An Executioner (D:10)
  An eldritch tentacle (Depths:4)
  12 shadow dragons
  18 storm dragons
  9 draconian knights
  9 tengu reavers
  A nagaraja (Depths:2)
  10 fire giants
  Roxanne (Swamp:3)
  9 draconian monks
  9 frost giants
  7 emperor scorpions
  2 deep elf sorcerers (Vaults:5)
  9 draconian scorchers
  2 iron dragons (Depths:3)
  2 balrugs
  19 vault wardens
  4 draconian shifters
  A fenstrider witch (Swamp:2)
  22 ironbound preservers
  6 ghost moths
  Louise (D:15)
  4 orc warlords
  4 draconian stormcallers
  17 stone giants
  A demonspawn corrupter (D:9)
  A demonspawn blood saint (Depths:2)
  8 war gargoyles
  7 broodmothers
  10 draconian annihilators
  21 very ugly things
  2 formless jellyfish
  A caustic shrike skeleton (Abyss:2)
  21 green draconians
  2 grey draconians (Depths:4)
  14 ironbound thunderhulks
  18 red draconians
  3 eleionomae
  11 yellow draconians
  11 purple draconians
  8 black draconians
  5 dire elephants (Vaults:1)
  8 spark wasps
  6 bunyips
  5 lorocyprocas
  A deep elf annihilator (Vaults:5)
  15 white draconians
  4 green deaths
  A merfolk javelineer (Depths:4)
  11 ettins
  16 yaktaur captains
  A merfolk impaler (Depths:1)
  9 fire dragons
  A crystal guardian (Vaults:4)
  2 deep elf high priests (Vaults:5)
  6 great orbs of eyes
  A spriggan zombie (Abyss:2)
  2 rakshasas
  28 vault guards
  3 peacekeepers
  4 entropy weavers
  13 hydras
  12 ice dragons
  3 catoblepae
  10 centaur warriors
  A ghost crab (Swamp:4)
  A jorogumo (Spider:1)
  3 ogre magi
  8 ironbound frosthearts
  3 anacondas (Depths:2)
  12 boulder beetles
  3 radroaches
  5 alligators
  A hell beast (Depths:2)
  Erica (D:8)
  12 two-headed ogres
  A two-headed ogre (shapeshifter) (Vaults:5)
  A fenstrider witch skeleton (Abyss:2)
  A sphinx zombie (Vaults:1)
  6 deep troll shamans
  8 naga warriors (Depths:2)
  A thrashing horror (Swamp:4)
  11 deep troll earth magi
  11 tengu warriors
  Urug (Lair:1)
  2 death yaks
  5 demonic crawlers
  6 hell hogs (Depths:3)
  3 orc high priests (Orc:2)
  4 sun demons (D:9)
  7 spriggan berserkers
  2 hell knights
  3 skysharks
  Amaemon (Lair:2)
  8 iron trolls
  2 sixfirhies (Depths:2)
  3 skeletal warriors (D:14)
  2 wretched stars (Abyss:2)
  2 sea snakes (Depths:2)
  4 goliath frogs
  7 pharaoh ants
  6 spriggan druids
  2 sun moths
  An anaconda zombie (Abyss:2)
  3 flayed ghosts
  53 deep trolls
  5 glowing orange brains
  A spriggan rider (Depths:3)
  7 orb spiders
  12 swamp dragons
  A shadow dragon zombie (Depths:2)
  A bunyip zombie (Abyss:2)
  A spriggan simulacrum (Depths:2)
  2 shadow demons (D:9)
  A lindwurm (shapeshifter) (Vaults:4)
  Pikel (D:7)
  10 bog bodies
  13 lindwurms
  4 steelbarb worms
  15 wizards
  A harpy (Vaults:4)
  A harpy (shapeshifter) (D:15)
  30 ironbound convokers
  4 deep elf pyromancers
  2 starcursed masses (Abyss:2)
  3 phantasmal warriors (Vaults:5)
  A glowing shapeshifter (Vaults:5)
  2 deep elf zephyrmancers
  8 necromancers
  45 ugly things
  9 orc knights
  A stone giant zombie (Vaults:1)
  A frost giant zombie (Depths:3)
  A shining eye (shapeshifter) (Vaults:5)
  A shadow dragon skeleton (Depths:2)
  A manticore (D:15)
  5 orc sorcerers (Orc:2)
  26 wolf spiders
  A worldbinder (Abyss:2)
  A toenail golem (D:9)
  3 cyclopes
  8 large abominations
  3 will-o-the-wisps
  A fire giant zombie (Depths:3)
  32 moths of wrath
  2 rust devils (D:8)
  11 torpor snails
  7 guardian serpents (Depths:2)
  6 elephants
  4 black mambas
  2 fire giant skeletons
  A black mamba (shapeshifter) (Depths:4)
  21 vault sentinels
  A gargoyle (D:11)
  3 smoke demons
  11 orange demons
  5 naga magi (Depths:2)
  An unseen horror (D:10)
  An efreet (Depths:4)
  13 cane toads
  24 yaktaurs
  2 kobold demonologists
  Maggie (D:7)
  3 ice devils
  A centaur skeleton (Abyss:2)
  3 rime drakes
  2 tormentors
  2 freezing wraiths
  11 komodo dragons
  3 polar bears (Lair:5)
  4 ancient zymes (Abyss:2)
  5 tengu conjurers
  3 meliai (D:14)
  5 trolls
  A red devil (Zot:4)
  A bloated husk (Swamp:2)
  28 tarantellas
  A hellwing (Abyss:2)
  16 tyrant leeches
  A tengu simulacrum (Depths:2)
  An ettin zombie (Vaults:1)
  A wind drake (shapeshifter) (D:13)
  20 hornets
  7 blink frogs
  40 slime creatures
  2 human simulacra (Vaults:4)
  21 jumping spiders
  A dream sheep (Lair:4)
  3 shadows
  2 ynoxinuls (Abyss:2)
  5 wyverns
  16 culicivoras
  6 water elementals
  2 vampires
  25 spriggans
  82 yaks
  7 basilisks
  A neqoxec (Depths:3)
  A fire elemental (D:11)
  4 steam dragons
  A golden eye (Abyss:2)
  54 redbacks
  9 vampire mosquitoes
  6 chaos spawn
  19 swamp worms
  3 wargs
  Menkaure (D:7)
  A naga (Depths:2)
  2 hydra simulacra (Zot:1)
  An acid dragon (D:11)
  12 water moccasins
  A floating eye (shapeshifter) (Vaults:2)
  4 black bears
  An ice beast (D:5)
  5 swamp drakes
  25 orc warriors
  9 ogres
  37 wolves
  5 boggarts (Lair:5)
  A lemure (D:7)
  6 centaurs
  2 phantoms
  4 kobold brigands
  A gnoll sergeant (D:11)
  3 scorpions
  15 bullfrogs
  7 wights
  5 killer bees (D:7)
  10 howler monkeys
  4 electric eels (D:10)
  4 lava snakes (D:11)
  A crimson imp (Orc:2)
  A hound (D:6)
  2 quasits (D:10)
  8 small abominations (Abyss:2)
  19 orc priests
  A gnoll bouda (Orc:2)
  An iron imp (Orc:2)
  A sleepcap (D:7)
  2 iguanas (D:7)
  20 orc wizards
  A mummy (D:9)
  19 gnolls
  8 adders
  4 shadow imps
  15 white imps
  An ufetubus (Abyss:2)
  4 worms
  4 dart slugs
  69 orcs
  5 ball pythons
  9 endoplasms
  3 giant cockroaches
  11 goblins
  7 hobgoblins
  20 kobolds
  A kobold (shapeshifter) (Vaults:5)
  A quokka (shapeshifter) (Depths:3)
  5 quokkas
  A bat (D:2)
  5 frilled lizards
  5 rats
  6 fire vortices (Depths:4)
  A lurking horror (Abyss:2)
  2 spectral weapons (Spider:4)
2075 creatures vanquished.

Vanquished Creatures (others)
  An orb of fire (Zot:5)
  A pandemonium lord (Depths:4)
  A frost giant (Depths:1)
  A draconian knight (Zot:4)
  A ghost moth (Zot:4)
  An eleionoma (Swamp:4)
  2 red draconians
  A shambling mangrove (Swamp:4)
  A wizard (Depths:1)
  A bloated husk (Swamp:4)
  A tarantella (Spider:4)
  A water elemental (Depths:4)
  A swamp worm (Swamp:4)
  An orc priest (Orc:2)
  5 orcs
  A kobold (D:3)
  14 foxfires (Swamp:4)
35 creatures vanquished.

Grand Total: 2110 creatures vanquished

Notes
Turn   | Place    | Note
-------+----------+-------------------------------------------
     0 | D:1      | qw the Gargoyle Hunter began the quest for the Orb.
     0 | D:1      | Reached XP level 1. HP: 12/12 MP: 1/1
     0 | D:1      | 0 ||| qw: Version: 0.3-a-74-g2a242c6
     0 | D:1      | 0 ||| qw: Game counter: 2
     0 | D:1      | 0 ||| qw: Melee chars always use a shield: true
     0 | D:1      | 0 ||| qw: God list: Okawaru
     0 | D:1      | 0 ||| qw: Allow faded altars: false
     0 | D:1      | 0 ||| qw: Do Orc after clearing Dungeon:15 true
     0 | D:1      | 0 ||| qw: Do second Lair branch before Depths: true
     0 | D:1      | 0 ||| qw: Lair rune preference: random
     0 | D:1      | 0 ||| qw: Goals: Normal
     0 | D:1      | 0 ||| PLANNING D:1-11
     0 | D:1      | Entered wizard mode.
     0 | D:1      | 0 ||| qw: Version: 0.3-a-74-g2a242c6
     0 | D:1      | 0 ||| qw: Game counter: 3
     0 | D:1      | 0 ||| qw: Melee chars always use a shield: true
     0 | D:1      | 0 ||| qw: God list: Okawaru
     0 | D:1      | 0 ||| qw: Allow faded altars: false
     0 | D:1      | 0 ||| qw: Do Orc after clearing Dungeon:15 true
     0 | D:1      | 0 ||| qw: Do second Lair branch before Depths: true
     0 | D:1      | 0 ||| qw: Lair rune preference: random
     0 | D:1      | 0 ||| qw: Goals: Normal
     0 | D:1      | 0 ||| PLANNING D:1-11
   108 | D:1      | Reached XP level 2. HP: 17/17 MP: 2/2
   113 | D:1      | HP: 4/17 [quokka (4)]
   586 | D:1      | Reached XP level 3. HP: 21/21 MP: 3/3
   607 | D:1      | 607 ||| UPGRADING to +0 ring mail.
   617 | D:1      | 617 ||| DROPPING +0 leather armour.
   618 | D:1      | 618 ||| DROPPING scroll of butterflies.
   650 | D:2      | 650 ||| PLANNING D:1-11
   705 | D:2      | Reached skill level 1 in Armour
   947 | D:2      | 947 ||| UPGRADING to +0 pair of boots.
   952 | D:2      | 952 ||| UPGRADING to amulet of reflection.
   957 | D:2      | 957 ||| READING scroll labelled SAMOG OCIO.
   958 | D:2      | 958 ||| READING 2 scrolls labelled MOALIDUSIZ.
   959 | D:2      | 959 ||| READING scroll labelled TUIPOUNUDD.
   960 | D:2      | 960 ||| READING scroll labelled MEESOAR NOFYN.
  1053 | D:3      | Found an iron altar of Okawaru.
  1054 | D:3      | 1054 ||| PLANNING OKAWARU WORSHIP
  1055 | D:3      | 1055 ||| PLANNING OKAWARU WORSHIP
  1067 | D:3      | Became a worshipper of Warmaster Okawaru
  1068 | D:3      | 1068 ||| PLANNING D:1-11
  1130 | D:3      | 1130 ||| FLEEEEING.
  1211 | D:3      | Reached XP level 4. HP: 27/27 MP: 4/4
  1212 | D:3      | Reached skill level 3 in Fighting
  1224 | D:3      | Found a white marble altar of Elyvilon.
  1296 | D:3      | 1296 ||| READING 2 scrolls of identify.
  1296 | D:3      | 1296 ||| IDENTIFYING murky clear potion
  1410 | D:3      | Found a glowing golden altar of the Shining One.
  1553 | D:3      | Found a faded altar of an unknown god.
  1605 | D:3      | 1605 ||| READING scroll labelled ASHRAGG GEEF.
  1605 | D:3      | Identified a scroll of acquirement
  1605 | D:3      | 1605 ||| ACQUIRING 1142 gold pieces
  1605 | D:3      | Acquired 1142 gold pieces
  1607 | D:3      | 1607 ||| READING 2 scrolls of identify.
  1607 | D:3      | 1607 ||| IDENTIFYING lumpy red potion
  1634 | D:4      | 1634 ||| PLANNING SEWER
  1716 | D:4      | Noticed a phantom
  1717 | D:4      | 1717 ||| Stepping ~*~*~tactically~*~*~ (retreating).
  1718 | D:4      | 1718 ||| Stepping ~*~*~tactically~*~*~ (retreating).
  1719 | D:4      | 1719 ||| RETREATING.
  1722 | D:4      | 1722 ||| Stepping ~*~*~tactically~*~*~ (retreating).
  1725 | D:4      | 1725 ||| Stepping ~*~*~tactically~*~*~ (retreating).
  1726 | D:4      | 1726 ||| Stepping ~*~*~tactically~*~*~ (retreating).
  1727 | D:4      | 1727 ||| Stepping ~*~*~tactically~*~*~ (retreating).
  1728 | D:4      | 1728 ||| Stepping ~*~*~tactically~*~*~ (retreating).
  1732 | D:4      | HP: 4/28 [gnoll/+3 halberd (8)]
  1732 | D:4      | Slain by a gnoll
                  | ... wielding a +3 halberd
                  | (8 damage)
  1756 | D:4      | Killed a phantom
  1757 | D:4      | Reached skill level 6 in Ranged Weapons
  1757 | D:4      | Reached XP level 5. HP: 26/32 MP: 5/5
  1877 | D:4      | Noticed an ogre
  1885 | D:4      | Killed an ogre
  1885 | D:4      | Reached * piety under Okawaru
  1886 | D:4      | Reached skill level 4 in Fighting
  1886 | D:4      | Reached XP level 6. HP: 17/39 MP: 6/6
  2267 | D:4      | 2267 ||| RIP SEWER
  2274 | D:4      | 2274 ||| PLANNING D:1-11
  2311 | D:4      | 2311 ||| UPGRADING to +0 helmet.
  2317 | D:4      | 2317 ||| READING 3 scrolls labelled CYWEMP HIYNG.
  2318 | D:4      | 2318 ||| READING 2 scrolls of enchant weapon.
  2318 | D:4      | 2318 ||| ENCHANTING +1 shortbow.
  2319 | D:4      | 2319 ||| READING scroll of enchant weapon.
  2319 | D:4      | 2319 ||| ENCHANTING +2 shortbow.
  2320 | D:4      | 2320 ||| READING 2 scrolls of identify.
  2320 | D:4      | 2320 ||| IDENTIFYING fizzy white potion
  2321 | D:4      | 2321 ||| DROPPING potion of lignification.
  2378 | D:5      | Entered Level 5 of the Dungeon
  2388 | D:5      | Noticed an ice beast
  2389 | D:5      | 2389 ||| INVOKING Heroism.
  2399 | D:5      | Killed an ice beast
  2400 | D:5      | Reached skill level 1 in Invocations
  2444 | D:5      | 2444 ||| INVOKING Heroism.
  2453 | D:5      | Reached XP level 7. HP: 32/44 MP: 5/8
  2521 | D:5      | Found a shadowy altar of Dithmenos.
  2538 | D:5      | 2538 ||| DRINKING potion of curing.
  2538 | D:5      | 2538 ||| (to cure confusion)
  2614 | D:5      | Reached skill level 3 in Invocations
  2660 | D:5      | Found a sacrificial altar of Ru.
  2717 | D:5      | 2717 ||| INVOKING Heroism.
  3073 | D:5      | Found an ornate altar of the Wu Jian Council.
  3331 | D:5      | 3331 ||| DROPPING amulet of guardian spirit.
  3332 | D:5      | 3332 ||| UPGRADING to ring of see invisible.
  3333 | D:5      | 3333 ||| READING 3 scrolls of identify.
  3333 | D:5      | 3333 ||| IDENTIFYING fizzy silvery potion
  3334 | D:5      | 3334 ||| READING 2 scrolls of identify.
  3334 | D:5      | 3334 ||| IDENTIFYING gluggy clear potion
  3335 | D:5      | 3335 ||| DROPPING potion of attraction.
  3400 | D:6      | Found an opulent altar of Gozag.
  3413 | D:6      | Noticed a steam dragon
  3414 | D:6      | 3414 ||| INVOKING Heroism.
  3416 | D:6      | 3416 ||| RETREATING.
  3427 | D:6      | HP: 10/44 [steam dragon (4)]
  3428 | D:6      | 3428 ||| READING 3 scrolls of teleportation.
  3429 | D:6      | HP: 3/44 [steam dragon] (3)]
  3429 | D:6      | Killed from afar by a steam dragon (13 damage)
                  | ... with a ball of steam
  3430 | D:6      | Killed a steam dragon
  3431 | D:6      | Reached XP level 8. HP: 45/48 MP: 9/11
  3440 | D:6      | Reached skill level 5 in Fighting
  3493 | D:6      | Reached ** piety under Okawaru
  3526 | D:6      | Found a shimmering altar of Xom.
  3656 | D:6      | Found a broken altar of Ashenzari.
  3723 | D:6      | Found a sparkling altar of Nemelex Xobeh.
  3844 | D:6      | Found a basalt altar of Yredelemnul.
  4125 | D:6      | 4125 ||| INVOKING Heroism.
  4239 | D:6      | 4239 ||| UPGRADING to +0 cloak.
  4244 | D:6      | 4244 ||| READING scroll labelled PAEDIPPUIZ.
  4279 | D:7      | 4279 ||| RETREATING.
  4283 | D:7      | 4283 ||| INVOKING Heroism.
  4287 | D:7      | 4287 ||| STAIRDANCE
  4302 | D:7      | 4302 ||| STAIRDANCE
  4324 | D:7      | Noticed a two-headed ogre
  4325 | D:7      | 4325 ||| STAIRDANCE
  4328 | D:6      | Reached skill level 9 in Ranged Weapons
  4331 | D:7      | 4331 ||| STAIRDANCE
  4366 | D:7      | Noticed a hornet
  4367 | D:7      | 4367 ||| STAIRDANCE
  4390 | D:7      | 4390 ||| STAIRDANCE
  4392 | D:6      | 4392 ||| INVOKING Heroism.
  4398 | D:6      | HP: 10/49 [hornet (9)]
  4399 | D:6      | 4399 ||| READING 3 scrolls of teleportation.
  4403 | D:6      | HP: 4/49 [hornet (7)]
  4590 | D:7      | 4590 ||| STAIRDANCE
  4592 | D:6      | 4592 ||| INVOKING Heroism.
  4599 | D:6      | HP: 12/49 [two-headed ogre/+0 giant club (3)]
  4600 | D:6      | 4600 ||| READING 2 scrolls of teleportation.
  4602 | D:6      | Killed a two-headed ogre
  4603 | D:6      | Reached skill level 6 in Armour
  4603 | D:6      | Reached XP level 9. HP: 11/54 MP: 10/12
  4776 | D:7      | Noticed Maggie
  4790 | D:7      | 4790 ||| INVOKING Heroism.
  4791 | D:7      | Killed Maggie
  4792 | D:7      | Reached skill level 6 in Fighting
  4917 | D:7      | 4917 ||| Stepping ~*~*~tactically~*~*~ (retreating).
  4918 | D:7      | 4918 ||| Stepping ~*~*~tactically~*~*~ (retreating).
  4919 | D:7      | 4919 ||| Stepping ~*~*~tactically~*~*~ (retreating).
  4920 | D:7      | 4920 ||| Stepping ~*~*~tactically~*~*~ (retreating).
  4921 | D:7      | 4921 ||| Stepping ~*~*~tactically~*~*~ (retreating).
  4922 | D:7      | 4922 ||| Stepping ~*~*~tactically~*~*~ (retreating).
  4923 | D:7      | 4923 ||| Stepping ~*~*~tactically~*~*~ (retreating).
  4924 | D:7      | 4924 ||| Stepping ~*~*~tactically~*~*~ (retreating).
  5003 | D:7      | Found a hide-covered altar of Uskayaw.
  5048 | D:7      | 5048 ||| INVOKING Heroism.
  5054 | D:7      | Noticed Menkaure
  5056 | D:7      | Killed Menkaure
  5119 | D:7      | 5119 ||| Stepping ~*~*~tactically~*~*~ (retreating).
  5122 | D:7      | 5122 ||| Stepping ~*~*~tactically~*~*~ (retreating).
  5122 | D:7      | Noticed Pikel
  5123 | D:7      | 5123 ||| Stepping ~*~*~tactically~*~*~ (retreating).
  5124 | D:7      | 5124 ||| Stepping ~*~*~tactically~*~*~ (retreating).
  5125 | D:7      | 5125 ||| Stepping ~*~*~tactically~*~*~ (retreating).
  5126 | D:7      | 5126 ||| Stepping ~*~*~tactically~*~*~ (retreating).
  5127 | D:7      | 5127 ||| INVOKING Heroism.
  5140 | D:7      | Killed Pikel
  5141 | D:7      | Reached skill level 7 in Fighting
  5306 | D:7      | Found the +5 Force Lance {heavy, knockback}
  5358 | D:7      | Found a staircase to the Ecumenical Temple.
  5488 | D:7      | 5488 ||| UPGRADING to +0 steam dragon scales.
  5498 | D:7      | 5498 ||| DROPPING +0 ring mail.
  5499 | D:7      | 5499 ||| READING scroll labelled VUOTETHECHU.
  5522 | D:8      | Noticed Erica
  5523 | D:8      | 5523 ||| INVOKING Heroism.
  5543 | D:8      | Killed Erica
  5543 | D:8      | Reached *** piety under Okawaru
  5544 | D:8      | Reached XP level 10. HP: 40/64 MP: 13/13
  5636 | D:8      | 5636 ||| Stepping ~*~*~tactically~*~*~ (outnumbered).
  5874 | D:8      | 5874 ||| INVOKING Heroism.
  5888 | D:8      | 5888 ||| INVOKING Heroism.
  5968 | D:8      | Found a flagged portal.
  5969 | D:8      | 5969 ||| Stepping ~*~*~tactically~*~*~ (outnumbered).
  5971 | D:8      | 5971 ||| Stepping ~*~*~tactically~*~*~ (outnumbered).
  5973 | D:8      | 5973 ||| Stepping ~*~*~tactically~*~*~ (outnumbered).
  5975 | D:8      | 5975 ||| Stepping ~*~*~tactically~*~*~ (outnumbered).
  5977 | D:8      | 5977 ||| Stepping ~*~*~tactically~*~*~ (outnumbered).
  5982 | D:8      | 5982 ||| Stepping ~*~*~tactically~*~*~ (outnumbered).
  5987 | D:8      | 5987 ||| Stepping ~*~*~tactically~*~*~ (outnumbered).
  5989 | D:8      | 5989 ||| Stepping ~*~*~tactically~*~*~ (outnumbered).
  5992 | D:8      | 5992 ||| Stepping ~*~*~tactically~*~*~ (outnumbered).
  5994 | D:8      | 5994 ||| Stepping ~*~*~tactically~*~*~ (outnumbered).
  6046 | D:8      | Found Wuepn's Antique Armour Shop.
  6066 | D:8      | 6066 ||| BUYING dyed leather armour (115 gold).
  6066 | D:8      | Bought a dyed leather armour for 115 gold pieces
  6171 | D:8      | Found a shimmering blue altar of Sif Muna.
  6405 | D:8      | 6405 ||| INVOKING Heroism.
  6496 | D:8      | 6496 ||| UPGRADING to +3 leather armour of willpower.
  6506 | D:8      | 6506 ||| DROPPING +0 steam dragon scales.
  6507 | D:8      | 6507 ||| UPGRADING to ring of willpower.
  6508 | D:8      | 6508 ||| READING scroll labelled TIESAI XIONU.
  6509 | D:8      | 6509 ||| DRINKING 2 coppery potions.
  6510 | D:8      | 6510 ||| READING 2 scrolls of identify.
  6510 | D:8      | 6510 ||| IDENTIFYING green potion
  6541 | D:9      | 6541 ||| STAIRDANCE
  6565 | D:9      | 6565 ||| STAIRDANCE
  6577 | D:9      | 6577 ||| STAIRDANCE
  6598 | D:9      | 6598 ||| STAIRDANCE
  6609 | D:8      | Reached skill level 8 in Fighting
  6626 | D:9      | 6626 ||| STAIRDANCE
  6631 | D:9      | 6631 ||| STAIRDANCE
  6641 | D:9      | 6641 ||| STAIRDANCE
  6647 | D:9      | 6647 ||| STAIRDANCE
  6649 | D:8      | 6649 ||| INVOKING Heroism.
  6776 | D:9      | 6776 ||| STAIRDANCE
  6781 | D:9      | 6781 ||| STAIRDANCE
  6786 | D:9      | 6786 ||| STAIRDANCE
  6788 | D:8      | 6788 ||| INVOKING Heroism.
  6852 | D:9      | 6852 ||| STAIRDANCE
  6912 | D:9      | 6912 ||| STAIRDANCE
  6925 | D:9      | 6925 ||| STAIRDANCE
  6930 | D:9      | 6930 ||| INVOKING Heroism.
  6931 | D:9      | 6931 ||| STAIRDANCE
  6950 | D:9      | 6950 ||| INVOKING Heroism.
  6972 | D:8      | Noticed a rust devil
  6972 | D:8      | Noticed a rust devil
  6973 | D:8      | 6973 ||| RETREATING.
  6974 | D:8      | 6974 ||| Stepping ~*~*~tactically~*~*~ (retreating).
  6975 | D:8      | 6975 ||| Stepping ~*~*~tactically~*~*~ (retreating).
  6979 | D:8      | 6979 ||| INVOKING Heroism.
  6984 | D:8      | 6984 ||| DRINKING potion of cancellation.
  6990 | D:8      | 6990 ||| READING 2 scrolls of teleportation.
  6994 | D:8      | HP: 15/64 [rust devil (3)]
  6994 | D:8      | HP: 6/64 [rust devil (9)]
  6994 | D:8      | Mangled by an orc warrior
                  | ... wielding a +0 glaive
                  | (18 damage)
  7276 | D:9      | Found a staircase to the Orcish Mines.
  7289 | D:9      | Identified the +4 rapier of the Nurturing Gods {venom, rN++
                  | rCorr SInv Stlth-}
  7300 | D:9      | 7300 ||| INVOKING Heroism.
  7307 | D:9      | 7307 ||| Stepping ~*~*~tactically~*~*~ (outnumbered).
  7308 | D:9      | 7308 ||| Stepping ~*~*~tactically~*~*~ (outnumbered).
  7313 | D:9      | 7313 ||| Stepping ~*~*~tactically~*~*~ (outnumbered).
  7314 | D:9      | 7314 ||| PLANNING D:1-11
  7414 | D:9      | 7414 ||| RETREATING.
  7420 | D:9      | 7420 ||| Stepping ~*~*~tactically~*~*~ (retreating).
  7435 | D:9      | Reached skill level 12 in Ranged Weapons
  7443 | D:9      | 7443 ||| INVOKING Heroism.
  7572 | D:9      | Noticed a two-headed ogre
  7573 | D:9      | 7573 ||| INVOKING Heroism.
  7602 | D:9      | 7602 ||| INVOKING Heroism.
  7606 | D:9      | Killed a two-headed ogre
  7607 | D:9      | Reached XP level 11. HP: 60/68 MP: 11/14
  7689 | D:9      | 7689 ||| INVOKING Heroism.
  7818 | D:9      | 7818 ||| DROPPING +0 sling of freezing.
  7894 | D:9      | Found a radiant altar of Vehumet.
  7926 | D:9      | 7926 ||| INVOKING Heroism.
  8022 | D:9      | Found a snail-covered altar of Cheibriados.
  8023 | D:9      | 8023 ||| SWAPPING to +0 orcbow.
  8024 | D:9      | 8024 ||| DROPPING +3 shortbow.
  8139 | D:9      | 8139 ||| READING scroll labelled EMAYTU PISEM.
  8140 | D:9      | 8140 ||| READING 3 scrolls of identify.
  8140 | D:9      | 8140 ||| IDENTIFYING golden potion
  8141 | D:9      | 8141 ||| DROPPING potion of degeneration.
  8170 | D:10     | Entered Level 10 of the Dungeon
  8182 | D:10     | 8182 ||| READING scroll of enchant weapon.
  8182 | D:10     | 8182 ||| ENCHANTING +0 heavy orcbow.
  8213 | D:10     | Noticed a wizard
  8214 | D:10     | 8214 ||| INVOKING Heroism.
  8215 | D:10     | 8215 ||| RETREATING.
  8220 | D:10     | 8220 ||| RETREATING.
  8230 | D:10     | 8230 ||| Stepping ~*~*~tactically~*~*~ (retreating).
  8231 | D:10     | 8231 ||| Stepping ~*~*~tactically~*~*~ (retreating).
  8232 | D:10     | 8232 ||| Stepping ~*~*~tactically~*~*~ (retreating).
  8233 | D:10     | 8233 ||| RETREATING.
  8234 | D:10     | Killed a wizard
  8238 | D:10     | Noticed a deep elf zephyrmancer
  8239 | D:10     | 8239 ||| Stepping ~*~*~tactically~*~*~ (retreating).
  8240 | D:10     | 8240 ||| Stepping ~*~*~tactically~*~*~ (retreating).
  8241 | D:10     | 8241 ||| STAIRDANCE
  8244 | D:9      | 8244 ||| INVOKING Heroism.
  8245 | D:9      | HP: 7/69 [ice devil (11)]
  8246 | D:9      | 8246 ||| READING scroll of teleportation.
  8248 | D:9      | Reached skill level 9 in Fighting
  8475 | D:9      | 8475 ||| READING 3 scrolls of identify.
  8475 | D:9      | 8475 ||| IDENTIFYING blue potion
  8479 | D:10     | 8479 ||| STAIRDANCE
  8519 | D:10     | 8519 ||| STAIRDANCE
  8581 | D:10     | 8581 ||| STAIRDANCE
  8584 | D:9      | 8584 ||| INVOKING Heroism.
  8665 | D:10     | 8665 ||| STAIRDANCE
  8732 | D:10     | 8732 ||| STAIRDANCE
  8743 | D:10     | 8743 ||| STAIRDANCE
  8799 | D:10     | Noticed a deep elf pyromancer
  8799 | D:10     | Noticed a deep elf pyromancer
  8800 | D:10     | 8800 ||| Stepping ~*~*~tactically~*~*~ (retreating).
  8802 | D:10     | Killed a deep elf pyromancer
  8802 | D:10     | Reached **** piety under Okawaru
  8803 | D:10     | Killed a deep elf zephyrmancer
  8811 | D:10     | Killed a deep elf pyromancer
  8845 | D:10     | Upgraded the game from 0.31-a0-655-gf2d5465dac to
                  | 0.31-a0-661-g7db66e5c3b
  8845 | D:10     | 8845 ||| PLANNING D:1-11
  8970 | D:10     | Received a gift from Okawaru
  8992 | D:10     | 8992 ||| FLEEEEING.
  8993 | D:10     | 8993 ||| FLEEEEING.
  9019 | D:10     | Found Urphocaf's Jewellery Shop.
  9025 | D:10     | 9025 ||| PLANNING D:1-11
  9048 | D:10     | 9048 ||| BUYING +4 ring of protection (468 gold).
  9048 | D:10     | Bought a +4 ring of protection for 468 gold pieces
  9048 | D:10     | 9048 ||| BUYING ring of positive energy (260 gold).
  9048 | D:10     | Bought a ring of positive energy for 260 gold pieces
  9048 | D:10     | 9048 ||| BUYING ring of resist corrosion (260 gold).
  9048 | D:10     | Bought a ring of resist corrosion for 260 gold pieces
  9055 | D:10     | 9055 ||| Stepping ~*~*~tactically~*~*~ (outnumbered).
  9057 | D:10     | 9057 ||| Stepping ~*~*~tactically~*~*~ (outnumbered).
  9059 | D:10     | 9059 ||| Stepping ~*~*~tactically~*~*~ (outnumbered).
  9061 | D:10     | 9061 ||| Stepping ~*~*~tactically~*~*~ (outnumbered).
  9062 | D:10     | 9062 ||| RETREATING.
  9066 | D:10     | 9066 ||| Stepping ~*~*~tactically~*~*~ (retreating).
  9069 | D:10     | 9069 ||| Stepping ~*~*~tactically~*~*~ (retreating).
  9070 | D:10     | 9070 ||| Stepping ~*~*~tactically~*~*~ (retreating).
  9078 | D:10     | Reached ***** piety under Okawaru
  9079 | D:10     | Reached skill level 6 in Invocations
  9093 | D:10     | Noticed a sun demon
  9095 | D:10     | 9095 ||| Stepping ~*~*~tactically~*~*~ (retreating).
  9096 | D:10     | 9096 ||| Stepping ~*~*~tactically~*~*~ (retreating).
  9097 | D:10     | 9097 ||| Stepping ~*~*~tactically~*~*~ (retreating).
  9099 | D:10     | 9099 ||| Stepping ~*~*~tactically~*~*~ (retreating).
  9100 | D:10     | 9100 ||| Stepping ~*~*~tactically~*~*~ (retreating).
  9103 | D:10     | 9103 ||| INVOKING Heroism.
  9268 | D:10     | 9268 ||| INVOKING Heroism.
  9321 | D:10     | 9321 ||| INVOKING Heroism.
  9641 | D:10     | 9641 ||| UPGRADING to +4 ring of protection.
  9643 | D:10     | 9643 ||| READING scroll labelled KUNELUU GYMAYB.
  9644 | D:10     | 9644 ||| READING scroll labelled UKHO SICKAUNU.
  9759 | D:11     | 9759 ||| INVOKING Heroism.
  9759 | D:11     | Noticed a two-headed ogre
  9760 | D:11     | 9760 ||| Stepping ~*~*~tactically~*~*~ (retreating).
  9761 | D:11     | 9761 ||| Stepping ~*~*~tactically~*~*~ (retreating).
  9766 | D:11     | Killed a two-headed ogre
  9767 | D:11     | Reached skill level 10 in Fighting
  9767 | D:11     | Reached XP level 12. HP: 33/77 MP: 15/17
  9929 | D:11     | Found a staircase to the Lair.
 10007 | D:11     | 10007 ||| Stepping ~*~*~tactically~*~*~ (outnumbered).
 10009 | D:11     | 10009 ||| Stepping ~*~*~tactically~*~*~ (outnumbered).
 10012 | D:11     | 10012 ||| Stepping ~*~*~tactically~*~*~ (outnumbered).
 10013 | D:11     | 10013 ||| Stepping ~*~*~tactically~*~*~ (outnumbered).
 10015 | D:11     | 10015 ||| Stepping ~*~*~tactically~*~*~ (outnumbered).
 10086 | D:11     | 10086 ||| INVOKING Heroism.
 10121 | D:11     | Noticed a two-headed ogre
 10129 | D:11     | 10129 ||| INVOKING Heroism.
 10129 | D:11     | HP: 17/77 [two-headed ogre/+0 giant spiked club (13)]
 10129 | D:11     | HP: 8/77 [two-headed ogre/+0 giant spiked club (9)]
 10130 | D:11     | 10130 ||| READING 3 scrolls of teleportation.
 10131 | D:11     | 10131 ||| DRINKING 2 potions of heal wounds.
 10132 | D:11     | Killed a two-headed ogre
 10288 | D:11     | 10288 ||| Stepping ~*~*~tactically~*~*~ (outnumbered).
 10290 | D:11     | 10290 ||| Stepping ~*~*~tactically~*~*~ (outnumbered).
 10292 | D:11     | 10292 ||| Stepping ~*~*~tactically~*~*~ (outnumbered).
 10297 | D:11     | 10297 ||| Stepping ~*~*~tactically~*~*~ (outnumbered).
 10627 | D:11     | 10627 ||| FLEEEEING.
 10821 | D:11     | 10821 ||| FLEEEEING.
 10822 | D:11     | 10822 ||| FLEEEEING.
 10823 | D:11     | 10823 ||| FLEEEEING.
 10824 | D:11     | 10824 ||| FLEEEEING.
 10825 | D:11     | 10825 ||| FLEEEEING.
 10826 | D:11     | 10826 ||| FLEEEEING.
 10827 | D:11     | 10827 ||| FLEEEEING.
 10828 | D:11     | 10828 ||| FLEEEEING.
 10829 | D:11     | 10829 ||| FLEEEEING.
 10830 | D:11     | 10830 ||| FLEEEEING.
 10831 | D:11     | 10831 ||| FLEEEEING.
 10832 | D:11     | 10832 ||| FLEEEEING.
 10838 | D:11     | 10838 ||| FLEEEEING.
 10839 | D:11     | 10839 ||| FLEEEEING.
 10840 | D:11     | 10840 ||| FLEEEEING.
 10841 | D:11     | 10841 ||| FLEEEEING.
 10844 | D:11     | 10844 ||| FLEEEEING.
 10845 | D:11     | 10845 ||| FLEEEEING.
 10846 | D:11     | 10846 ||| FLEEEEING.
 10847 | D:11     | 10847 ||| FLEEEEING.
 10848 | D:11     | 10848 ||| FLEEEEING.
 10849 | D:11     | 10849 ||| FLEEEEING.
 10850 | D:11     | 10850 ||| FLEEEEING.
 10851 | D:11     | 10851 ||| FLEEEEING.
 10852 | D:11     | 10852 ||| FLEEEEING.
 10859 | D:11     | 10859 ||| FLEEEEING.
 10860 | D:11     | 10860 ||| FLEEEEING.
 10865 | D:11     | 10865 ||| FLEEEEING.
 10866 | D:11     | 10866 ||| FLEEEEING.
 10867 | D:11     | 10867 ||| FLEEEEING.
 10868 | D:11     | 10868 ||| FLEEEEING.
 10869 | D:11     | 10869 ||| FLEEEEING.
 10870 | D:11     | 10870 ||| FLEEEEING.
 10871 | D:11     | 10871 ||| FLEEEEING.
 10872 | D:11     | 10872 ||| FLEEEEING.
 10873 | D:11     | 10873 ||| FLEEEEING.
 10874 | D:11     | 10874 ||| FLEEEEING.
 10875 | D:11     | 10875 ||| FLEEEEING.
 10876 | D:11     | 10876 ||| FLEEEEING.
 10877 | D:11     | 10877 ||| FLEEEEING.
 10878 | D:11     | 10878 ||| FLEEEEING.
 10879 | D:11     | 10879 ||| FLEEEEING.
 10880 | D:11     | 10880 ||| FLEEEEING.
 11287 | D:11     | 11287 ||| PLANNING LAIR
 11287 | D:11     | 11287 ||| READING scroll labelled KICRIM VUDURAF.
 11288 | D:11     | 11288 ||| READING 5 scrolls of identify.
 11288 | D:11     | 11288 ||| IDENTIFYING sedimented dark potion
 11289 | D:11     | 11289 ||| DROPPING potion of brilliance.
 11339 | Lair:1   | Entered Level 1 of the Lair of Beasts
 11340 | Lair:1   | 11340 ||| STAIRDANCE
 11351 | D:11     | Identified the +2 cloak of the Hanged Man {rF+} (Okawaru
                  | gifted it to you on level 11 of the Dungeon)
 11351 | D:11     | Received a gift from Okawaru
 11368 | D:11     | 11368 ||| UPGRADING to +2 cloak of the Hanged Man {rF+}.
 11378 | D:11     | 11378 ||| DROPPING +0 cloak.
 11381 | Lair:1   | 11381 ||| STAIRDANCE
 11383 | D:11     | 11383 ||| Stepping ~*~*~tactically~*~*~ (retreating).
 11384 | D:11     | 11384 ||| Stepping ~*~*~tactically~*~*~ (retreating).
 11385 | D:11     | 11385 ||| Stepping ~*~*~tactically~*~*~ (retreating).
 11386 | D:11     | 11386 ||| Stepping ~*~*~tactically~*~*~ (retreating).
 11387 | D:11     | 11387 ||| Stepping ~*~*~tactically~*~*~ (retreating).
 11388 | D:11     | 11388 ||| Stepping ~*~*~tactically~*~*~ (retreating).
 11389 | D:11     | 11389 ||| Stepping ~*~*~tactically~*~*~ (retreating).
 11390 | D:11     | 11390 ||| Stepping ~*~*~tactically~*~*~ (retreating).
 11391 | D:11     | 11391 ||| Stepping ~*~*~tactically~*~*~ (retreating).
 11399 | D:11     | 11399 ||| Stepping ~*~*~tactically~*~*~ (retreating).
 11470 | Lair:1   | 11470 ||| STAIRDANCE
 11476 | D:11     | 11476 ||| INVOKING Heroism.
 11619 | Lair:1   | 11619 ||| INVOKING Heroism.
 11622 | Lair:1   | Reached skill level 9 in Invocations
 11689 | Lair:1   | 11689 ||| PLANNING LAIR
 11759 | Lair:1   | Noticed Urug
 11760 | Lair:1   | 11760 ||| INVOKING Heroism.
 11769 | Lair:1   | Killed Urug
 11809 | Lair:1   | 11809 ||| RETREATING.
 11820 | Lair:1   | 11820 ||| Stepping ~*~*~tactically~*~*~ (retreating).
 11821 | Lair:1   | 11821 ||| Stepping ~*~*~tactically~*~*~ (retreating).
 11822 | Lair:1   | 11822 ||| Stepping ~*~*~tactically~*~*~ (retreating).
 11823 | Lair:1   | 11823 ||| Stepping ~*~*~tactically~*~*~ (retreating).
 11824 | Lair:1   | 11824 ||| Stepping ~*~*~tactically~*~*~ (retreating).
 11825 | Lair:1   | 11825 ||| Stepping ~*~*~tactically~*~*~ (retreating).
 11826 | Lair:1   | 11826 ||| Stepping ~*~*~tactically~*~*~ (retreating).
 11827 | Lair:1   | 11827 ||| Stepping ~*~*~tactically~*~*~ (retreating).
 11828 | Lair:1   | 11828 ||| Stepping ~*~*~tactically~*~*~ (retreating).
 11833 | Lair:1   | Reached skill level 15 in Ranged Weapons
 11908 | Lair:1   | Upgraded the game from 0.31-a0-661-g7db66e5c3b to
                  | 0.31-a0-662-g684573625c
 11908 | Lair:1   | 11908 ||| PLANNING LAIR
 11916 | Lair:1   | 11916 ||| RETREATING.
 11938 | Lair:1   | 11938 ||| RETREATING.
 11945 | Lair:1   | 11945 ||| INVOKING Heroism.
 11948 | Lair:1   | 11948 ||| Stepping ~*~*~tactically~*~*~ (retreating).
 11950 | Lair:1   | 11950 ||| Stepping ~*~*~tactically~*~*~ (retreating).
 11951 | Lair:1   | 11951 ||| Stepping ~*~*~tactically~*~*~ (retreating).
 11953 | Lair:1   | 11953 ||| Stepping ~*~*~tactically~*~*~ (retreating).
 11954 | Lair:1   | 11954 ||| Stepping ~*~*~tactically~*~*~ (retreating).
 11955 | Lair:1   | 11955 ||| Stepping ~*~*~tactically~*~*~ (retreating).
 11956 | Lair:1   | 11956 ||| Stepping ~*~*~tactically~*~*~ (retreating).
 11957 | Lair:1   | 11957 ||| Stepping ~*~*~tactically~*~*~ (retreating).
 12220 | Lair:1   | 12220 ||| READING scroll of enchant armour.
 12220 | Lair:1   | 12220 ||| ENCHANTING +0 helmet.
 12307 | Lair:1   | 12307 ||| INVOKING Heroism.
 12309 | Lair:1   | 12309 ||| RETREATING.
 12313 | Lair:1   | 12313 ||| Stepping ~*~*~tactically~*~*~ (retreating).
 12314 | Lair:1   | 12314 ||| Stepping ~*~*~tactically~*~*~ (retreating).
 12315 | Lair:1   | 12315 ||| Stepping ~*~*~tactically~*~*~ (retreating).
 12316 | Lair:1   | 12316 ||| Stepping ~*~*~tactically~*~*~ (retreating).
 12317 | Lair:1   | 12317 ||| Stepping ~*~*~tactically~*~*~ (retreating).
 12318 | Lair:1   | 12318 ||| Stepping ~*~*~tactically~*~*~ (retreating).
 12319 | Lair:1   | 12319 ||| Stepping ~*~*~tactically~*~*~ (retreating).
 12320 | Lair:1   | 12320 ||| Stepping ~*~*~tactically~*~*~ (retreating).
 12321 | Lair:1   | 12321 ||| Stepping ~*~*~tactically~*~*~ (retreating).
 12523 | Lair:1   | 12523 ||| READING scroll of enchant armour.
 12523 | Lair:1   | 12523 ||| ENCHANTING +1 helmet.
 12796 | Lair:1   | 12796 ||| READING scroll labelled WEP ZUCHERI.
 12825 | Lair:2   | 12825 ||| STAIRDANCE
 12834 | Lair:2   | 12834 ||| STAIRDANCE
 12838 | Lair:1   | 12838 ||| INVOKING Heroism.
 12842 | Lair:1   | 12842 ||| Stepping ~*~*~tactically~*~*~ (retreating).
 12843 | Lair:1   | 12843 ||| Stepping ~*~*~tactically~*~*~ (retreating).
 12844 | Lair:1   | 12844 ||| Stepping ~*~*~tactically~*~*~ (retreating).
 12845 | Lair:1   | 12845 ||| Stepping ~*~*~tactically~*~*~ (retreating).
 12846 | Lair:1   | 12846 ||| Stepping ~*~*~tactically~*~*~ (retreating).
 12847 | Lair:1   | 12847 ||| Stepping ~*~*~tactically~*~*~ (retreating).
 12848 | Lair:1   | 12848 ||| Stepping ~*~*~tactically~*~*~ (retreating).
 12849 | Lair:1   | 12849 ||| Stepping ~*~*~tactically~*~*~ (retreating).
 12852 | Lair:1   | HP: 19/77 [wolf (8)]
 12853 | Lair:1   | 12853 ||| READING 5 scrolls of teleportation.
 12854 | Lair:1   | 12854 ||| DRINKING 2 potions of heal wounds.
 12858 | Lair:1   | Reached XP level 13. HP: 29/82 MP: 20/20
 13093 | Lair:2   | Found a hole to the Spider Nest.
 13206 | Lair:2   | 13206 ||| RETREATING.
 13207 | Lair:2   | 13207 ||| Stepping ~*~*~tactically~*~*~ (retreating).
 13208 | Lair:2   | 13208 ||| Stepping ~*~*~tactically~*~*~ (retreating).
 13209 | Lair:2   | 13209 ||| Stepping ~*~*~tactically~*~*~ (retreating).
 13210 | Lair:2   | 13210 ||| Stepping ~*~*~tactically~*~*~ (retreating).
 13211 | Lair:2   | 13211 ||| Stepping ~*~*~tactically~*~*~ (retreating).
 13212 | Lair:2   | 13212 ||| Stepping ~*~*~tactically~*~*~ (retreating).
 13213 | Lair:2   | 13213 ||| Stepping ~*~*~tactically~*~*~ (retreating).
 13214 | Lair:2   | 13214 ||| Stepping ~*~*~tactically~*~*~ (retreating).
 13215 | Lair:2   | 13215 ||| Stepping ~*~*~tactically~*~*~ (retreating).
 13216 | Lair:2   | 13216 ||| STAIRDANCE
 13218 | Lair:1   | 13218 ||| Stepping ~*~*~tactically~*~*~ (retreating).
 13219 | Lair:1   | 13219 ||| Stepping ~*~*~tactically~*~*~ (retreating).
 13220 | Lair:1   | 13220 ||| Stepping ~*~*~tactically~*~*~ (retreating).
 13221 | Lair:1   | 13221 ||| Stepping ~*~*~tactically~*~*~ (retreating).
 13222 | Lair:1   | 13222 ||| Stepping ~*~*~tactically~*~*~ (retreating).
 13303 | Lair:1   | 13303 ||| DROPPING +2 cloak of stealth.
 13304 | Lair:1   | 13304 ||| DROPPING ring of wizardry.
 13356 | Lair:2   | Noticed Amaemon
 13357 | Lair:2   | 13357 ||| Stepping ~*~*~tactically~*~*~ (outnumbered).
 13362 | Lair:2   | 13362 ||| INVOKING Heroism.
 13373 | Lair:2   | Killed Amaemon
 13404 | Lair:2   | 13404 ||| RETREATING.
 13437 | Lair:2   | 13437 ||| Stepping ~*~*~tactically~*~*~ (retreating).
 13439 | Lair:2   | 13439 ||| INVOKING Heroism.
 13440 | Lair:2   | 13440 ||| Stepping ~*~*~tactically~*~*~ (retreating).
 13441 | Lair:2   | 13441 ||| Stepping ~*~*~tactically~*~*~ (retreating).
 13444 | Lair:2   | 13444 ||| Stepping ~*~*~tactically~*~*~ (retreating).
 13445 | Lair:2   | 13445 ||| Stepping ~*~*~tactically~*~*~ (retreating).
 13446 | Lair:2   | 13446 ||| Stepping ~*~*~tactically~*~*~ (retreating).
 13456 | Lair:2   | Reached skill level 11 in Fighting
 13483 | Lair:2   | 13483 ||| INVOKING Heroism.
 13630 | Lair:2   | 13630 ||| INVOKING Heroism.
 13647 | Lair:2   | Found a staircase to the Swamp.
 13915 | Lair:2   | 13915 ||| Stepping ~*~*~tactically~*~*~ (outnumbered).
 14049 | Lair:2   | 14049 ||| READING 4 scrolls of identify.
 14049 | Lair:2   | 14049 ||| IDENTIFYING cyan potion
 14050 | Lair:2   | 14050 ||| DROPPING potion of invisibility.
 14094 | Lair:3   | Reached skill level 6 in Dodging
 14101 | Lair:3   | 14101 ||| INVOKING Heroism.
 14153 | Lair:3   | 14153 ||| INVOKING Heroism.
 14178 | Lair:3   | 14178 ||| INVOKING Heroism.
 14335 | Lair:3   | Found a transporter.
 14348 | Lair:3   | Found a transporter.
 14348 | Lair:3   | Noticed qw's ghost (journeyman GrHu)
 14349 | Lair:3   | 14349 ||| INVOKING Heroism.
 14352 | Lair:3   | 14352 ||| RETREATING.
 14358 | Lair:3   | Reached skill level 12 in Fighting
 14428 | Lair:3   | 14428 ||| READING scroll of enchant armour.
 14428 | Lair:3   | 14428 ||| ENCHANTING +0 pair of boots.
 14482 | Lair:3   | 14482 ||| RETREATING.
 14499 | Lair:3   | 14499 ||| Stepping ~*~*~tactically~*~*~ (retreating).
 14500 | Lair:3   | 14500 ||| Stepping ~*~*~tactically~*~*~ (retreating).
 14501 | Lair:3   | 14501 ||| Stepping ~*~*~tactically~*~*~ (retreating).
 14504 | Lair:3   | 14504 ||| Stepping ~*~*~tactically~*~*~ (retreating).
 14505 | Lair:3   | 14505 ||| Stepping ~*~*~tactically~*~*~ (retreating).
 14506 | Lair:3   | 14506 ||| Stepping ~*~*~tactically~*~*~ (retreating).
 14536 | Lair:3   | 14536 ||| INVOKING Heroism.
 14653 | Lair:3   | 14653 ||| INVOKING Heroism.
 14807 | Lair:3   | Reached skill level 13 in Fighting
 15056 | Lair:3   | 15056 ||| READING 4 scrolls of identify.
 15056 | Lair:3   | 15056 ||| IDENTIFYING purple potion
 15073 | Lair:4   | 15073 ||| STAIRDANCE
 15197 | Lair:4   | 15197 ||| INVOKING Heroism.
 15319 | Lair:4   | 15319 ||| INVOKING Heroism.
 15535 | Lair:4   | 15535 ||| READING scroll of enchant weapon.
 15535 | Lair:4   | 15535 ||| ENCHANTING +1 heavy orcbow.
 15569 | Lair:4   | 15569 ||| INVOKING Heroism.
 15604 | Lair:4   | 15604 ||| READING scroll of enchant armour.
 15604 | Lair:4   | 15604 ||| ENCHANTING +1 pair of boots.
 15636 | Lair:4   | 15636 ||| INVOKING Heroism.
 15767 | Lair:4   | Gained mutation: Your large and strong wings let you fly.
                  | [Gargoyle growth]
 15767 | Lair:4   | Reached XP level 14. HP: 94/94 MP: 21/21
 15786 | Lair:4   | 15786 ||| Stepping ~*~*~tactically~*~*~ (retreating).
 15788 | Lair:4   | 15788 ||| Stepping ~*~*~tactically~*~*~ (retreating).
 15789 | Lair:4   | 15789 ||| Stepping ~*~*~tactically~*~*~ (retreating).
 15792 | Lair:4   | 15792 ||| Stepping ~*~*~tactically~*~*~ (retreating).
 15795 | Lair:4   | 15795 ||| Stepping ~*~*~tactically~*~*~ (retreating).
 15796 | Lair:4   | 15796 ||| Stepping ~*~*~tactically~*~*~ (retreating).
 15797 | Lair:4   | 15797 ||| Stepping ~*~*~tactically~*~*~ (retreating).
 15798 | Lair:4   | 15798 ||| Stepping ~*~*~tactically~*~*~ (retreating).
 15806 | Lair:4   | 15806 ||| Stepping ~*~*~tactically~*~*~ (retreating).
 15809 | Lair:4   | 15809 ||| Stepping ~*~*~tactically~*~*~ (retreating).
 15810 | Lair:4   | 15810 ||| Stepping ~*~*~tactically~*~*~ (retreating).
 15811 | Lair:4   | 15811 ||| Stepping ~*~*~tactically~*~*~ (retreating).
 15815 | Lair:4   | 15815 ||| Stepping ~*~*~tactically~*~*~ (retreating).
 15816 | Lair:4   | 15816 ||| Stepping ~*~*~tactically~*~*~ (retreating).
 15817 | Lair:4   | 15817 ||| Stepping ~*~*~tactically~*~*~ (retreating).
 15971 | Lair:4   | You are sucked into a shaft and drop 1 floor!
 15971 | Lair:5   | Entered Level 5 of the Lair of Beasts
 15975 | Lair:5   | 15975 ||| Stepping ~*~*~tactically~*~*~ (retreating).
 15976 | Lair:5   | 15976 ||| Stepping ~*~*~tactically~*~*~ (retreating).
 15989 | Lair:5   | 15989 ||| INVOKING Heroism.
 16005 | Lair:5   | Reached skill level 14 in Fighting
 16163 | Lair:5   | 16163 ||| INVOKING Heroism.
 16170 | Lair:5   | 16170 ||| Stepping ~*~*~tactically~*~*~ (retreating).
 16195 | Lair:5   | 16195 ||| INVOKING Heroism.
 16213 | Lair:5   | 16213 ||| INVOKING Finesse.
 16373 | Lair:5   | 16373 ||| RETREATING.
 16383 | Lair:5   | 16383 ||| Stepping ~*~*~tactically~*~*~ (retreating).
 16384 | Lair:5   | 16384 ||| Stepping ~*~*~tactically~*~*~ (retreating).
 16385 | Lair:5   | 16385 ||| Stepping ~*~*~tactically~*~*~ (retreating).
 16386 | Lair:5   | 16386 ||| Stepping ~*~*~tactically~*~*~ (retreating).
 16387 | Lair:5   | 16387 ||| Stepping ~*~*~tactically~*~*~ (retreating).
 16388 | Lair:5   | 16388 ||| Stepping ~*~*~tactically~*~*~ (retreating).
 16389 | Lair:5   | 16389 ||| Stepping ~*~*~tactically~*~*~ (retreating).
 16391 | Lair:5   | 16391 ||| Stepping ~*~*~tactically~*~*~ (retreating).
 16581 | Lair:5   | 16581 ||| INVOKING Heroism.
 16588 | Lair:5   | Reached skill level 15 in Fighting
 16602 | Lair:5   | 16602 ||| DRINKING 2 fizzy inky potions.
 16614 | Lair:5   | Received a gift from Okawaru
 17359 | Lair:4   | 17359 ||| INVOKING Heroism.
 17362 | Lair:4   | 17362 ||| INVOKING Finesse.
 17459 | Lair:4   | Identified the ring "Daim" {Str-2 Dex+4 SInv}
 17487 | Lair:4   | 17487 ||| DROPPING ring of positive energy.
 17488 | Lair:4   | 17488 ||| DROPPING ring of resist corrosion.
 17489 | Lair:4   | 17489 ||| DROPPING ring of willpower.
 17490 | Lair:4   | 17490 ||| UPGRADING to ring "Daim" {Str-2 Dex+4 SInv}.
 17492 | Lair:4   | 17492 ||| DROPPING ring of see invisible.
 17550 | Lair:5   | Found a staircase to the Slime Pits.
 17551 | Lair:5   | Found a viscous altar of Jiyva.
 17607 | Lair:5   | 17607 ||| INVOKING Heroism.
 17727 | Lair:5   | 17727 ||| DROPPING +1 orcbow of draining.
 17759 | Lair:5   | Reached skill level 9 in Dodging
 17782 | Lair:5   | 17782 ||| RETREATING.
 17790 | Lair:5   | 17790 ||| INVOKING Heroism.
 17791 | Lair:5   | 17791 ||| Stepping ~*~*~tactically~*~*~ (retreating).
 17792 | Lair:5   | 17792 ||| Stepping ~*~*~tactically~*~*~ (retreating).
 17793 | Lair:5   | 17793 ||| Stepping ~*~*~tactically~*~*~ (retreating).
 17847 | Lair:5   | 17847 ||| SWAPPING to +2 longbow of freezing.
 17848 | Lair:5   | 17848 ||| DROPPING +2 heavy orcbow.
 17882 | Lair:5   | 17882 ||| INVOKING Heroism.
 17883 | Lair:5   | 17883 ||| Stepping ~*~*~tactically~*~*~ (retreating).
 17884 | Lair:5   | 17884 ||| Stepping ~*~*~tactically~*~*~ (retreating).
 17885 | Lair:5   | 17885 ||| Stepping ~*~*~tactically~*~*~ (retreating).
 17886 | Lair:5   | 17886 ||| Stepping ~*~*~tactically~*~*~ (retreating).
 17887 | Lair:5   | 17887 ||| Stepping ~*~*~tactically~*~*~ (retreating).
 17888 | Lair:5   | 17888 ||| Stepping ~*~*~tactically~*~*~ (retreating).
 17889 | Lair:5   | 17889 ||| Stepping ~*~*~tactically~*~*~ (retreating).
 17890 | Lair:5   | 17890 ||| Stepping ~*~*~tactically~*~*~ (retreating).
 17891 | Lair:5   | 17891 ||| Stepping ~*~*~tactically~*~*~ (retreating).
 17892 | Lair:5   | 17892 ||| Stepping ~*~*~tactically~*~*~ (retreating).
 17893 | Lair:5   | 17893 ||| Stepping ~*~*~tactically~*~*~ (retreating).
 17894 | Lair:5   | 17894 ||| Stepping ~*~*~tactically~*~*~ (retreating).
 17895 | Lair:5   | 17895 ||| Stepping ~*~*~tactically~*~*~ (retreating).
 17896 | Lair:5   | 17896 ||| Stepping ~*~*~tactically~*~*~ (retreating).
 17897 | Lair:5   | 17897 ||| Stepping ~*~*~tactically~*~*~ (retreating).
 17898 | Lair:5   | 17898 ||| Stepping ~*~*~tactically~*~*~ (retreating).
 17959 | Lair:5   | 17959 ||| INVOKING Heroism.
 18084 | Lair:5   | 18084 ||| INVOKING Heroism.
 18158 | Lair:5   | 18158 ||| PLANNING D
 18339 | D:12     | 18339 ||| RETREATING.
 18528 | D:12     | 18528 ||| INVOKING Heroism.
 18551 | D:12     | 18551 ||| READING scroll of brand weapon.
 18551 | D:12     | 18551 ||| BRANDING +2 longbow of freezing.
 18590 | D:12     | Noticed Jorgrun
 18591 | D:12     | 18591 ||| INVOKING Heroism.
 18599 | D:12     | Killed Jorgrun
 18600 | D:12     | Reached XP level 15. HP: 74/103 MP: 20/22
 18740 | D:12     | 18740 ||| INVOKING Heroism.
 19138 | D:13     | Found Tocoihej's Antique Armour Emporium.
 19188 | D:13     | Found Elefitt's Distillery.
 19200 | D:13     | 19200 ||| BUYING 2 potions of curing (78 gold).
 19200 | D:13     | Bought 2 potions of curing for 78 gold pieces
 19200 | D:13     | 19200 ||| BUYING 2 potions of enlightenment (130 gold).
 19200 | D:13     | Bought 2 potions of enlightenment for 130 gold pieces
 19200 | D:13     | 19200 ||| BUYING 2 potions of might (104 gold).
 19200 | D:13     | Bought 2 potions of might for 104 gold pieces
 19200 | D:13     | 19200 ||| BUYING potion of cancellation (104 gold).
 19200 | D:13     | Bought a potion of cancellation for 104 gold pieces
 19200 | D:13     | 19200 ||| BUYING potion of haste (130 gold).
 19200 | D:13     | Bought a potion of haste for 130 gold pieces
 19200 | D:13     | 19200 ||| BUYING potion of haste (130 gold).
 19200 | D:13     | Bought a potion of haste for 130 gold pieces
 19200 | D:13     | 19200 ||| BUYING potion of haste (130 gold).
 19200 | D:13     | Bought a potion of haste for 130 gold pieces
 19200 | D:13     | 19200 ||| BUYING potion of haste (130 gold).
 19200 | D:13     | Bought a potion of haste for 130 gold pieces
 19232 | D:13     | Found Vipimess's Book Shoppe.
 19346 | D:13     | Found Uroit's Assorted Antiques.
 19354 | D:13     | 19354 ||| BUYING scroll of identify (82 gold).
 19354 | D:13     | Bought a scroll of identify for 82 gold pieces
 19354 | D:13     | 19354 ||| BUYING scroll of identify (82 gold).
 19354 | D:13     | Bought a scroll of identify for 82 gold pieces
 19354 | D:13     | 19354 ||| BUYING small jade ring (205 gold).
 19354 | D:13     | Bought a small jade ring for 205 gold pieces
 19441 | D:13     | Found a glowing silver altar of Zin.
 19485 | D:13     | Found Zaygu's Antique Weapon Shop.
 19546 | D:13     | You are sucked into a shaft and drop 1 floor!
 19671 | D:14     | Found a portal to a secret trove of treasure.
 19736 | D:14     | 19736 ||| Stepping ~*~*~tactically~*~*~ (outnumbered).
 19777 | D:14     | 19777 ||| INVOKING Heroism.
 19969 | D:14     | 19969 ||| UPGRADING to +5 ring of evasion.
 19971 | D:14     | 19971 ||| DROPPING +4 ring of protection.
 19972 | D:14     | 19972 ||| READING 2 scrolls labelled XEGAAVVUIR.
 19973 | D:14     | 19973 ||| DROPPING scroll of fog.
 20246 | D:14     | Identified the +6 sling of Recklessness {flame, rF- rN+++
                  | rCorr}
 20384 | D:14     | 20384 ||| INVOKING Heroism.
 20850 | D:14     | Found a gate to the Vaults.
 20860 | D:14     | Reached skill level 18 in Ranged Weapons
 20884 | D:14     | 20884 ||| READING scroll labelled UMPYONKUVVA.
 20967 | D:15     | Entered Level 15 of the Dungeon
 20973 | D:15     | Noticed Louise
 20974 | D:15     | 20974 ||| INVOKING Heroism.
 20975 | D:15     | 20975 ||| INVOKING Finesse.
 20983 | D:15     | Killed Louise
 21125 | D:15     | 21125 ||| INVOKING Heroism.
 21126 | D:15     | 21126 ||| RETREATING.
 21131 | D:15     | 21131 ||| INVOKING Finesse.
 21223 | D:15     | 21223 ||| Stepping ~*~*~tactically~*~*~ (outnumbered).
 21225 | D:15     | 21225 ||| Stepping ~*~*~tactically~*~*~ (outnumbered).
 21315 | D:15     | Found a staircase to the Depths.
 21695 | D:15     | 21695 ||| INVOKING Heroism.
 22038 | D:15     | 22038 ||| PLANNING ORC
 22236 | Orc:1    | Entered Level 1 of the Orcish Mines
 22347 | Orc:1    | 22347 ||| Stepping ~*~*~tactically~*~*~ (outnumbered).
 22562 | Orc:1    | Found Bethea's Book Emporium.
 22642 | Orc:2    | Entered Level 2 of the Orcish Mines
 22650 | Orc:2    | 22650 ||| INVOKING Heroism.
 22662 | Orc:2    | 22662 ||| RETREATING.
 22769 | Orc:2    | Found a staircase to the Elven Halls.
 23226 | Orc:2    | Identified the +1 hat of the Banana {rCorr Dex+2 Stlth+}
 23226 | Orc:2    | Identified the +0 hat of Conscience {+Inv}
 23228 | Orc:2    | Identified the +2 hat "Waro Yso" {Int+3 Slay+3 Stlth-}
 23286 | Orc:2    | 23286 ||| Stepping ~*~*~tactically~*~*~ (outnumbered).
 23288 | Orc:2    | 23288 ||| Stepping ~*~*~tactically~*~*~ (outnumbered).
 23290 | Orc:2    | 23290 ||| Stepping ~*~*~tactically~*~*~ (outnumbered).
 23293 | Orc:2    | 23293 ||| INVOKING Heroism.
 23306 | Orc:2    | Found Sasun's Armour Emporium.
 23336 | Orc:2    | Reached XP level 16. HP: 99/108 MP: 23/23
 23355 | Orc:2    | 23355 ||| Stepping ~*~*~tactically~*~*~ (retreating).
 23371 | Orc:2    | 23371 ||| Stepping ~*~*~tactically~*~*~ (outnumbered).
 23375 | Orc:2    | 23375 ||| Stepping ~*~*~tactically~*~*~ (retreating).
 23376 | Orc:2    | 23376 ||| Stepping ~*~*~tactically~*~*~ (retreating).
 23377 | Orc:2    | 23377 ||| Stepping ~*~*~tactically~*~*~ (retreating).
 23378 | Orc:2    | 23378 ||| Stepping ~*~*~tactically~*~*~ (retreating).
 23379 | Orc:2    | 23379 ||| RETREATING.
 23381 | Orc:2    | 23381 ||| Stepping ~*~*~tactically~*~*~ (retreating).
 23382 | Orc:2    | 23382 ||| INVOKING Heroism.
 23390 | Orc:2    | 23390 ||| Stepping ~*~*~tactically~*~*~ (retreating).
 23391 | Orc:2    | 23391 ||| Stepping ~*~*~tactically~*~*~ (retreating).
 23393 | Orc:2    | 23393 ||| Stepping ~*~*~tactically~*~*~ (retreating).
 23394 | Orc:2    | 23394 ||| Stepping ~*~*~tactically~*~*~ (retreating).
 23394 | Orc:2    | HP: 19/108 [orc high priest/divine providence (10)]
 23395 | Orc:2    | 23395 ||| READING 7 scrolls of teleportation.
 23396 | Orc:2    | 23396 ||| DRINKING 2 potions of heal wounds.
 23408 | Orc:2    | 23408 ||| INVOKING Heroism.
 23601 | Orc:2    | 23601 ||| INVOKING Heroism.
 23621 | Orc:2    | Found Fyqilo's Assorted Antiques.
 23628 | Orc:2    | 23628 ||| BUYING 2 potions of magic (480 gold).
 23628 | Orc:2    | Bought 2 potions of magic for 480 gold pieces
 23628 | Orc:2    | 23628 ||| BUYING scroll labelled MUMODO KYMER (30 gold).
 23628 | Orc:2    | Bought a scroll labelled MUMODO KYMER for 30 gold pieces
 23628 | Orc:2    | 23628 ||| BUYING scroll of teleportation (90 gold).
 23628 | Orc:2    | Bought a scroll of teleportation for 90 gold pieces
 23628 | Orc:2    | Found Fifioth's Antique Armour Shop.
 23630 | Orc:2    | Found Hytheenk's Antique Armour Emporium.
 23636 | Orc:2    | 23636 ||| BUYING glowing robe (155 gold).
 23636 | Orc:2    | Bought a glowing robe for 155 gold pieces
 23636 | Orc:2    | 23636 ||| BUYING runed robe (155 gold).
 23636 | Orc:2    | Bought a runed robe for 155 gold pieces
 23639 | Orc:2    | 23639 ||| BUYING bloodstained ring mail (261 gold).
 23639 | Orc:2    | Bought a bloodstained ring mail for 261 gold pieces
 23639 | Orc:2    | Identified the +0 ring mail "Walarun" {Fly rN+ Slay+2} (You
                  | bought it in a shop on level 2 of the Orcish Mines)
 23639 | Orc:2    | 23639 ||| BUYING glowing robe (107 gold).
 23639 | Orc:2    | Bought a glowing robe for 107 gold pieces
 23639 | Orc:2    | 23639 ||| SHOPLISTING heavily jewelled robe (165 gold, have
                  | 124).
 23758 | Orc:2    | 23758 ||| PLANNING SWAMP:1-3
 23758 | Orc:2    | 23758 ||| DROPPING +0 troll leather armour.
 23759 | Orc:2    | 23759 ||| UPGRADING to +1 hat of the Banana {rCorr Dex+2
                  | Stlth+}.
 23769 | Orc:2    | 23769 ||| DROPPING +2 helmet.
 23770 | Orc:2    | 23770 ||| DROPPING +0 hat of Conscience {+Inv}.
 23771 | Orc:2    | 23771 ||| UPGRADING to +2 hat "Waro Yso" {Int+3 Slay+3
                  | Stlth-}.
 23781 | Orc:2    | 23781 ||| DROPPING +1 hat of the Banana {rCorr Dex+2
                  | Stlth+}.
 23782 | Orc:2    | 23782 ||| DROPPING +1 hat.
 23783 | Orc:2    | 23783 ||| DROPPING +2 robe of fire resistance.
 23784 | Orc:2    | 23784 ||| DROPPING +2 robe of cold resistance.
 23785 | Orc:2    | 23785 ||| DROPPING +0 ring mail "Walarun" {Fly rN+ Slay+2}.
 23786 | Orc:2    | 23786 ||| DROPPING +0 robe of cold resistance.
 23787 | Orc:2    | 23787 ||| DROPPING scroll of silence.
 23964 | Swamp:1  | Entered Level 1 of the Swamp
 23967 | Swamp:1  | 23967 ||| STAIRDANCE
 23983 | Swamp:1  | 23983 ||| INVOKING Heroism.
 24004 | Swamp:1  | 24004 ||| RETREATING.
 24094 | Swamp:1  | 24094 ||| Stepping ~*~*~tactically~*~*~ (retreating).
 24098 | Swamp:1  | 24098 ||| INVOKING Heroism.
 24203 | Swamp:1  | 24203 ||| FLEEEEING.
 24204 | Swamp:1  | 24204 ||| FLEEEEING.
 24205 | Swamp:1  | 24205 ||| FLEEEEING.
 24210 | Swamp:1  | 24210 ||| FLEEEEING.
 24211 | Swamp:1  | 24211 ||| STAIRDANCE
 24264 | Swamp:1  | 24264 ||| INVOKING Heroism.
 24370 | Swamp:1  | 24370 ||| INVOKING Heroism.
 24416 | Swamp:1  | Noticed a tentacled monstrosity
 24417 | Swamp:1  | 24417 ||| INVOKING Heroism.
 24418 | Swamp:1  | 24418 ||| INVOKING Finesse.
 24427 | Swamp:1  | Killed a tentacled monstrosity
 24489 | Swamp:1  | 24489 ||| INVOKING Heroism.
 24508 | Swamp:1  | 24508 ||| READING 14 scrolls of identify.
 24508 | Swamp:1  | 24508 ||| IDENTIFYING murky puce potion
 24519 | Swamp:1  | 24519 ||| DROPPING potion of ambrosia.
 24525 | Swamp:1  | 24525 ||| INVOKING Heroism.
 24532 | Swamp:1  | Received a gift from Okawaru
 24964 | Swamp:2  | 24964 ||| INVOKING Heroism.
 24991 | Swamp:2  | 24991 ||| RETREATING.
 24997 | Swamp:2  | 24997 ||| Stepping ~*~*~tactically~*~*~ (retreating).
 24998 | Swamp:2  | 24998 ||| Stepping ~*~*~tactically~*~*~ (retreating).
 24999 | Swamp:2  | 24999 ||| Stepping ~*~*~tactically~*~*~ (retreating).
 25000 | Swamp:2  | 25000 ||| Stepping ~*~*~tactically~*~*~ (retreating).
 25001 | Swamp:2  | 25001 ||| Stepping ~*~*~tactically~*~*~ (retreating).
 25021 | Swamp:2  | 25021 ||| INVOKING Heroism.
 25060 | Swamp:2  | 25060 ||| FLEEEEING.
 25061 | Swamp:2  | 25061 ||| FLEEEEING.
 25062 | Swamp:2  | 25062 ||| FLEEEEING.
 25063 | Swamp:2  | 25063 ||| FLEEEEING.
 25064 | Swamp:2  | 25064 ||| STAIRDANCE
 25199 | Swamp:2  | 25199 ||| INVOKING Heroism.
 25229 | Swamp:2  | Reached skill level 16 in Fighting
 25260 | Swamp:2  | 25260 ||| INVOKING Heroism.
 25275 | Swamp:2  | Noticed a fenstrider witch
 25302 | Swamp:2  | 25302 ||| READING scroll of enchant weapon.
 25302 | Swamp:2  | 25302 ||| ENCHANTING +2 longbow of draining.
 25312 | Swamp:2  | 25312 ||| INVOKING Heroism.
 25316 | Swamp:2  | 25316 ||| RETREATING.
 25324 | Swamp:2  | Killed a fenstrider witch
 25446 | Swamp:2  | 25446 ||| INVOKING Heroism.
 25593 | Swamp:3  | 25593 ||| STAIRDANCE
 25649 | Swamp:3  | Noticed Roxanne
 25650 | Swamp:3  | 25650 ||| INVOKING Heroism.
 25664 | Swamp:3  | Killed Roxanne
 25675 | Swamp:3  | 25675 ||| Stepping ~*~*~tactically~*~*~ (retreating).
 25676 | Swamp:3  | 25676 ||| Stepping ~*~*~tactically~*~*~ (retreating).
 25677 | Swamp:3  | 25677 ||| Stepping ~*~*~tactically~*~*~ (retreating).
 25678 | Swamp:3  | 25678 ||| Stepping ~*~*~tactically~*~*~ (retreating).
 25687 | Swamp:3  | 25687 ||| Stepping ~*~*~tactically~*~*~ (retreating).
 25688 | Swamp:3  | 25688 ||| INVOKING Heroism.
 25696 | Swamp:3  | Reached skill level 17 in Fighting
 26133 | Swamp:3  | Identified the +5 whip of Duguy {flame, Int+4 Dex-3}
 26346 | Swamp:3  | 26346 ||| PLANNING SPIDER:1-3
 26346 | Swamp:3  | 26346 ||| UPGRADING to +0 pair of gloves.
 26351 | Swamp:3  | 26351 ||| READING scroll of enchant armour.
 26351 | Swamp:3  | 26351 ||| ENCHANTING +0 pair of gloves.
 26352 | Swamp:3  | 26352 ||| DROPPING amulet of regeneration.
 26452 | Spider:1 | Entered Level 1 of the Spider Nest
 26506 | Spider:1 | 26506 ||| Stepping ~*~*~tactically~*~*~ (retreating).
 26508 | Spider:1 | 26508 ||| Stepping ~*~*~tactically~*~*~ (retreating).
 26524 | Spider:1 | 26524 ||| INVOKING Heroism.
 26551 | Spider:1 | 26551 ||| Stepping ~*~*~tactically~*~*~ (retreating).
 26586 | Spider:1 | 26586 ||| INVOKING Heroism.
 26587 | Spider:1 | 26587 ||| RETREATING.
 26590 | Spider:1 | 26590 ||| INVOKING Finesse.
 26672 | Spider:1 | 26672 ||| INVOKING Heroism.
 26681 | Spider:1 | 26681 ||| Stepping ~*~*~tactically~*~*~ (retreating).
 26682 | Spider:1 | 26682 ||| Stepping ~*~*~tactically~*~*~ (retreating).
 26683 | Spider:1 | 26683 ||| Stepping ~*~*~tactically~*~*~ (retreating).
 26698 | Spider:1 | Reached XP level 17. HP: 110/117 MP: 24/24
 26739 | Spider:1 | 26739 ||| READING scroll of enchant armour.
 26739 | Spider:1 | 26739 ||| ENCHANTING +1 pair of gloves.
 26954 | Spider:1 | 26954 ||| INVOKING Finesse.
 27094 | Spider:1 | 27094 ||| RETREATING.
 27095 | Spider:1 | 27095 ||| Stepping ~*~*~tactically~*~*~ (retreating).
 27096 | Spider:1 | 27096 ||| Stepping ~*~*~tactically~*~*~ (retreating).
 27097 | Spider:1 | 27097 ||| Stepping ~*~*~tactically~*~*~ (retreating).
 27099 | Spider:1 | 27099 ||| Stepping ~*~*~tactically~*~*~ (retreating).
 27103 | Spider:1 | 27103 ||| Stepping ~*~*~tactically~*~*~ (retreating).
 27104 | Spider:1 | 27104 ||| Stepping ~*~*~tactically~*~*~ (retreating).
 27105 | Spider:1 | 27105 ||| Stepping ~*~*~tactically~*~*~ (retreating).
 27106 | Spider:1 | 27106 ||| Stepping ~*~*~tactically~*~*~ (retreating).
 27107 | Spider:1 | 27107 ||| Stepping ~*~*~tactically~*~*~ (retreating).
 27108 | Spider:1 | 27108 ||| Stepping ~*~*~tactically~*~*~ (retreating).
 27109 | Spider:1 | 27109 ||| Stepping ~*~*~tactically~*~*~ (retreating).
 27110 | Spider:1 | 27110 ||| Stepping ~*~*~tactically~*~*~ (retreating).
 27111 | Spider:1 | 27111 ||| Stepping ~*~*~tactically~*~*~ (retreating).
 27112 | Spider:1 | 27112 ||| Stepping ~*~*~tactically~*~*~ (retreating).
 27113 | Spider:1 | 27113 ||| Stepping ~*~*~tactically~*~*~ (retreating).
 27114 | Spider:1 | 27114 ||| Stepping ~*~*~tactically~*~*~ (retreating).
 27115 | Spider:1 | 27115 ||| Stepping ~*~*~tactically~*~*~ (retreating).
 27116 | Spider:1 | 27116 ||| INVOKING Heroism.
 27218 | Spider:1 | 27218 ||| FLEEEEING.
 27219 | Spider:1 | 27219 ||| FLEEEEING.
 27220 | Spider:1 | 27220 ||| FLEEEEING.
 27221 | Spider:1 | 27221 ||| FLEEEEING.
 27222 | Spider:1 | 27222 ||| FLEEEEING.
 27223 | Spider:1 | 27223 ||| FLEEEEING.
 27225 | Spider:1 | 27225 ||| FLEEEEING.
 27226 | Spider:1 | 27226 ||| FLEEEEING.
 27227 | Spider:1 | 27227 ||| FLEEEEING.
 27228 | Spider:1 | 27228 ||| FLEEEEING.
 27230 | Spider:1 | 27230 ||| FLEEEEING.
 27396 | Spider:1 | 27396 ||| INVOKING Heroism.
 27527 | Spider:1 | 27527 ||| READING 16 scrolls of identify.
 27527 | Spider:1 | 27527 ||| IDENTIFYING fizzy ruby potion
 27528 | Spider:1 | 27528 ||| DROPPING potion of berserk rage.
 27593 | Spider:2 | 27593 ||| RETREATING.
 27595 | Spider:2 | 27595 ||| Stepping ~*~*~tactically~*~*~ (retreating).
 27596 | Spider:2 | 27596 ||| Stepping ~*~*~tactically~*~*~ (retreating).
 27597 | Spider:2 | 27597 ||| Stepping ~*~*~tactically~*~*~ (retreating).
 27598 | Spider:2 | 27598 ||| Stepping ~*~*~tactically~*~*~ (retreating).
 27610 | Spider:2 | 27610 ||| Stepping ~*~*~tactically~*~*~ (outnumbered).
 27613 | Spider:2 | 27613 ||| INVOKING Heroism.
 27615 | Spider:2 | 27615 ||| RETREATING.
 27771 | Spider:2 | 27771 ||| INVOKING Heroism.
 27936 | Spider:2 | 27936 ||| Stepping ~*~*~tactically~*~*~ (retreating).
 27940 | Spider:2 | 27940 ||| Stepping ~*~*~tactically~*~*~ (retreating).
 27942 | Spider:2 | 27942 ||| Stepping ~*~*~tactically~*~*~ (retreating).
 27948 | Spider:2 | 27948 ||| Stepping ~*~*~tactically~*~*~ (retreating).
 27949 | Spider:2 | 27949 ||| Stepping ~*~*~tactically~*~*~ (retreating).
 27950 | Spider:2 | 27950 ||| Stepping ~*~*~tactically~*~*~ (retreating).
 27958 | Spider:2 | 27958 ||| INVOKING Heroism.
 28361 | Spider:2 | 28361 ||| READING scroll of brand weapon.
 28361 | Spider:2 | 28361 ||| BRANDING +3 longbow of draining.
 28462 | Spider:2 | Reached skill level 18 in Fighting
 28555 | Spider:2 | 28555 ||| INVOKING Heroism.
 28558 | Spider:2 | 28558 ||| Stepping ~*~*~tactically~*~*~ (retreating).
 28559 | Spider:2 | 28559 ||| Stepping ~*~*~tactically~*~*~ (retreating).
 28560 | Spider:2 | 28560 ||| Stepping ~*~*~tactically~*~*~ (retreating).
 28561 | Spider:2 | 28561 ||| Stepping ~*~*~tactically~*~*~ (retreating).
 28562 | Spider:2 | 28562 ||| Stepping ~*~*~tactically~*~*~ (retreating).
 28564 | Spider:2 | 28564 ||| Stepping ~*~*~tactically~*~*~ (retreating).
 28566 | Spider:2 | 28566 ||| Stepping ~*~*~tactically~*~*~ (retreating).
 28567 | Spider:2 | 28567 ||| Stepping ~*~*~tactically~*~*~ (retreating).
 28568 | Spider:2 | 28568 ||| Stepping ~*~*~tactically~*~*~ (retreating).
 28569 | Spider:2 | 28569 ||| Stepping ~*~*~tactically~*~*~ (retreating).
 28570 | Spider:2 | 28570 ||| Stepping ~*~*~tactically~*~*~ (retreating).
 28571 | Spider:2 | 28571 ||| Stepping ~*~*~tactically~*~*~ (retreating).
 28599 | Spider:2 | 28599 ||| READING 15 scrolls of identify.
 28599 | Spider:2 | 28599 ||| IDENTIFYING bubbling brown potion
 28644 | Spider:3 | 28644 ||| STAIRDANCE
 28651 | Spider:3 | 28651 ||| STAIRDANCE
 28665 | Spider:3 | 28665 ||| Stepping ~*~*~tactically~*~*~ (retreating).
 28666 | Spider:3 | 28666 ||| RETREATING.
 28670 | Spider:3 | 28670 ||| Stepping ~*~*~tactically~*~*~ (retreating).
 28671 | Spider:3 | 28671 ||| INVOKING Heroism.
 28674 | Spider:3 | 28674 ||| Stepping ~*~*~tactically~*~*~ (retreating).
 28675 | Spider:3 | 28675 ||| Stepping ~*~*~tactically~*~*~ (retreating).
 28676 | Spider:3 | 28676 ||| Stepping ~*~*~tactically~*~*~ (outnumbered).
 28696 | Spider:3 | HP: 27/119 [tarantella simulacrum (5)]
 28696 | Spider:3 | HP: 9/119 [tarantella simulacrum (18)]
 28697 | Spider:3 | 28697 ||| READING 7 scrolls of teleportation.
 28697 | Spider:3 | Slain by a ghost moth (10 damage)
 28742 | Spider:3 | 28742 ||| INVOKING Heroism.
 28854 | Spider:3 | 28854 ||| RETREATING.
 28856 | Spider:3 | 28856 ||| Stepping ~*~*~tactically~*~*~ (retreating).
 28857 | Spider:3 | 28857 ||| Stepping ~*~*~tactically~*~*~ (retreating).
 28858 | Spider:3 | 28858 ||| Stepping ~*~*~tactically~*~*~ (retreating).
 28859 | Spider:3 | 28859 ||| Stepping ~*~*~tactically~*~*~ (retreating).
 28860 | Spider:3 | 28860 ||| Stepping ~*~*~tactically~*~*~ (retreating).
 28863 | Spider:3 | 28863 ||| INVOKING Heroism.
 29005 | Spider:3 | 29005 ||| INVOKING Heroism.
 29009 | Spider:3 | 29009 ||| Stepping ~*~*~tactically~*~*~ (retreating).
 29013 | Spider:3 | Reached skill level 12 in Dodging
 29016 | Spider:3 | 29016 ||| Stepping ~*~*~tactically~*~*~ (retreating).
 29018 | Spider:3 | 29018 ||| Stepping ~*~*~tactically~*~*~ (retreating).
 29019 | Spider:3 | 29019 ||| Stepping ~*~*~tactically~*~*~ (retreating).
 29020 | Spider:3 | 29020 ||| Stepping ~*~*~tactically~*~*~ (retreating).
 29058 | Spider:3 | 29058 ||| FLEEEEING.
 29059 | Spider:3 | 29059 ||| FLEEEEING.
 29060 | Spider:3 | 29060 ||| FLEEEEING.
 29061 | Spider:3 | 29061 ||| FLEEEEING.
 29062 | Spider:3 | 29062 ||| STAIRDANCE
 29122 | Spider:3 | 29122 ||| INVOKING Finesse.
 29271 | Spider:3 | Reached skill level 9 in Armour
 29326 | Spider:3 | 29326 ||| READING scroll of enchant weapon.
 29326 | Spider:3 | 29326 ||| ENCHANTING +3 heavy longbow.
 29572 | Spider:3 | 29572 ||| PLANNING SWAMP:4
 29572 | Spider:3 | 29572 ||| DROPPING +1 pair of gloves.
 29731 | Swamp:4  | Entered Level 4 of the Swamp
 29732 | Swamp:4  | 29732 ||| RETREATING.
 29737 | Swamp:4  | 29737 ||| INVOKING Heroism.
 29742 | Swamp:4  | HP: 22/119 [will-o-the-wisp/foxfire (12)]
 29743 | Swamp:4  | 29743 ||| READING 6 scrolls of teleportation.
 29744 | Swamp:4  | 29744 ||| DRINKING 2 potions of heal wounds.
 29747 | Swamp:4  | 29747 ||| DRINKING potion of heal wounds.
 29750 | Swamp:4  | 29750 ||| FLEEEEING.
 29751 | Swamp:4  | 29751 ||| FLEEEEING.
 29753 | Swamp:4  | 29753 ||| FLEEEEING.
 29763 | Swamp:4  | 29763 ||| Stepping ~*~*~tactically~*~*~ (retreating).
 29764 | Swamp:4  | 29764 ||| Stepping ~*~*~tactically~*~*~ (retreating).
 29769 | Swamp:4  | 29769 ||| Stepping ~*~*~tactically~*~*~ (outnumbered).
 29770 | Swamp:4  | 29770 ||| Stepping ~*~*~tactically~*~*~ (outnumbered).
 29771 | Swamp:4  | 29771 ||| INVOKING Heroism.
 29887 | Swamp:4  | 29887 ||| FLEEEEING.
 29897 | Swamp:4  | 29897 ||| FLEEEEING.
 29898 | Swamp:4  | 29898 ||| FLEEEEING.
 29899 | Swamp:4  | 29899 ||| FLEEEEING.
 29900 | Swamp:4  | 29900 ||| STAIRDANCE
 29966 | Swamp:4  | 29966 ||| Stepping ~*~*~tactically~*~*~ (outnumbered).
 29968 | Swamp:4  | 29968 ||| RETREATING.
 29972 | Swamp:4  | 29972 ||| Stepping ~*~*~tactically~*~*~ (cloud).
 29979 | Swamp:4  | 29979 ||| Stepping ~*~*~tactically~*~*~ (outnumbered).
 29982 | Swamp:4  | Identified the +1 crystal plate armour of Neamon {rPois
                  | Stlth+} (Okawaru gifted it to you on level 4 of the Swamp)
 29982 | Swamp:4  | Received a gift from Okawaru
 29985 | Swamp:4  | 29985 ||| Stepping ~*~*~tactically~*~*~ (retreating).
 29986 | Swamp:4  | 29986 ||| Stepping ~*~*~tactically~*~*~ (retreating).
 30055 | Swamp:4  | 30055 ||| INVOKING Heroism.
 30069 | Swamp:4  | 30069 ||| Stepping ~*~*~tactically~*~*~ (outnumbered).
 30071 | Swamp:4  | 30071 ||| Stepping ~*~*~tactically~*~*~ (outnumbered).
 30099 | Swamp:4  | 30099 ||| STAIRDANCE
 30181 | Swamp:4  | Reached skill level 19 in Fighting
 30183 | Swamp:4  | 30183 ||| RETREATING.
 30185 | Swamp:4  | 30185 ||| Stepping ~*~*~tactically~*~*~ (retreating).
 30189 | Swamp:4  | 30189 ||| INVOKING Heroism.
 30195 | Swamp:4  | HP: 24/122 [swamp worm (14)]
 30196 | Swamp:4  | 30196 ||| READING 5 scrolls of teleportation.
 30197 | Swamp:4  | HP: 10/122 [tyrant leech (15)]
 30200 | Swamp:4  | 30200 ||| READING 4 scrolls of teleportation.
 30202 | Swamp:4  | 30202 ||| Stepping ~*~*~tactically~*~*~ (retreating).
 30223 | Swamp:4  | 30223 ||| FLEEEEING.
 30224 | Swamp:4  | 30224 ||| FLEEEEING.
 30225 | Swamp:4  | 30225 ||| FLEEEEING.
 30226 | Swamp:4  | 30226 ||| READING 3 scrolls of teleportation.
 30227 | Swamp:4  | 30227 ||| FLEEEEING.
 30228 | Swamp:4  | 30228 ||| FLEEEEING.
 30229 | Swamp:4  | 30229 ||| FLEEEEING.
 30230 | Swamp:4  | 30230 ||| FLEEEEING.
 30234 | Swamp:4  | 30234 ||| READING 2 scrolls of teleportation.
 30235 | Swamp:4  | 30235 ||| INVOKING Heroism.
 30239 | Swamp:4  | 30239 ||| READING scroll of teleportation.
 30242 | Swamp:4  | 30242 ||| FLEEEEING.
 30243 | Swamp:4  | 30243 ||| FLEEEEING.
 30244 | Swamp:4  | 30244 ||| FLEEEEING.
 30252 | Swamp:4  | 30252 ||| STAIRDANCE
 30611 | Swamp:4  | 30611 ||| INVOKING Heroism.
 30618 | Swamp:4  | 30618 ||| Stepping ~*~*~tactically~*~*~ (retreating).
 30619 | Swamp:4  | 30619 ||| RETREATING.
 30621 | Swamp:4  | 30621 ||| Stepping ~*~*~tactically~*~*~ (outnumbered).
 30623 | Swamp:4  | 30623 ||| Stepping ~*~*~tactically~*~*~ (retreating).
 30625 | Swamp:4  | Reached XP level 18. HP: 128/128 MP: 25/25
 30635 | Swamp:4  | 30635 ||| Stepping ~*~*~tactically~*~*~ (cloud).
 30639 | Swamp:4  | 30639 ||| INVOKING Heroism.
 30699 | Swamp:4  | 30699 ||| FLEEEEING.
 30700 | Swamp:4  | 30700 ||| FLEEEEING.
 30701 | Swamp:4  | 30701 ||| FLEEEEING.
 30702 | Swamp:4  | 30702 ||| FLEEEEING.
 30707 | Swamp:4  | 30707 ||| FLEEEEING.
 30753 | Swamp:4  | Noticed a tentacled monstrosity
 30754 | Swamp:4  | 30754 ||| INVOKING Heroism.
 30760 | Swamp:4  | Killed a tentacled monstrosity
 30897 | Swamp:4  | 30897 ||| Stepping ~*~*~tactically~*~*~ (outnumbered).
 30901 | Swamp:4  | 30901 ||| Stepping ~*~*~tactically~*~*~ (outnumbered).
 31004 | Swamp:4  | Got a decaying rune of Zot
 31145 | Swamp:4  | 31145 ||| PLANNING VAULTS:1-4
 31373 | Vaults:1 | Entered Level 1 of the Vaults
 31374 | Vaults:1 | 31374 ||| PLANNING BAZAAR
 31374 | Vaults:1 | 31374 ||| STAIRDANCE
 31398 | Vaults:1 | 31398 ||| STAIRDANCE
 31475 | Vaults:1 | 31475 ||| FLEEEEING.
 31476 | Vaults:1 | 31476 ||| FLEEEEING.
 31477 | Vaults:1 | 31477 ||| FLEEEEING.
 31478 | Vaults:1 | 31478 ||| STAIRDANCE
 31583 | Vaults:1 | 31583 ||| STAIRDANCE
 31714 | Vaults:1 | 31714 ||| Stepping ~*~*~tactically~*~*~ (retreating).
 31715 | Vaults:1 | 31715 ||| Stepping ~*~*~tactically~*~*~ (retreating).
 31716 | Vaults:1 | 31716 ||| Stepping ~*~*~tactically~*~*~ (retreating).
 31718 | Vaults:1 | 31718 ||| Stepping ~*~*~tactically~*~*~ (retreating).
 31719 | Vaults:1 | 31719 ||| Stepping ~*~*~tactically~*~*~ (retreating).
 31742 | Vaults:1 | Received a gift from Okawaru
 31851 | Vaults:1 | 31851 ||| INVOKING Heroism.
 31852 | Vaults:1 | 31852 ||| INVOKING Finesse.
 31943 | Vaults:1 | 31943 ||| Stepping ~*~*~tactically~*~*~ (retreating).
 31944 | Vaults:1 | 31944 ||| Stepping ~*~*~tactically~*~*~ (retreating).
 31946 | Vaults:1 | 31946 ||| Stepping ~*~*~tactically~*~*~ (retreating).
 31947 | Vaults:1 | 31947 ||| Stepping ~*~*~tactically~*~*~ (retreating).
 31948 | Vaults:1 | 31948 ||| Stepping ~*~*~tactically~*~*~ (retreating).
 31949 | Vaults:1 | 31949 ||| Stepping ~*~*~tactically~*~*~ (retreating).
 31950 | Vaults:1 | 31950 ||| FLEEEEING.
 31951 | Vaults:1 | 31951 ||| Stepping ~*~*~tactically~*~*~ (retreating).
 31952 | Vaults:1 | 31952 ||| Stepping ~*~*~tactically~*~*~ (retreating).
 31953 | Vaults:1 | 31953 ||| Stepping ~*~*~tactically~*~*~ (retreating).
 31954 | Vaults:1 | 31954 ||| Stepping ~*~*~tactically~*~*~ (retreating).
 31955 | Vaults:1 | 31955 ||| INVOKING Heroism.
 31957 | Vaults:1 | 31957 ||| Stepping ~*~*~tactically~*~*~ (retreating).
 31958 | Vaults:1 | 31958 ||| Stepping ~*~*~tactically~*~*~ (retreating).
 31959 | Vaults:1 | 31959 ||| Stepping ~*~*~tactically~*~*~ (retreating).
 31960 | Vaults:1 | 31960 ||| Stepping ~*~*~tactically~*~*~ (retreating).
 31961 | Vaults:1 | 31961 ||| Stepping ~*~*~tactically~*~*~ (retreating).
 31962 | Vaults:1 | 31962 ||| Stepping ~*~*~tactically~*~*~ (retreating).
 31963 | Vaults:1 | 31963 ||| Stepping ~*~*~tactically~*~*~ (retreating).
 31965 | Vaults:1 | Reached skill level 20 in Fighting
 31966 | Vaults:1 | 31966 ||| RETREATING.
 31969 | Vaults:1 | 31969 ||| Stepping ~*~*~tactically~*~*~ (retreating).
 31970 | Vaults:1 | 31970 ||| Stepping ~*~*~tactically~*~*~ (retreating).
 31972 | Vaults:1 | HP: 13/129 [vault warden/+3 halberd of flaming (43)]
 31974 | Vaults:1 | 31974 ||| Stepping ~*~*~tactically~*~*~ (retreating).
 31976 | Vaults:1 | 31976 ||| Stepping ~*~*~tactically~*~*~ (retreating).
 31976 | Vaults:1 | Annihilated by a vault warden
                  | ... wielding a +3 halberd of flaming
                  | (43 damage)
 31978 | Vaults:1 | 31978 ||| Stepping ~*~*~tactically~*~*~ (retreating).
 31979 | Vaults:1 | 31979 ||| Stepping ~*~*~tactically~*~*~ (outnumbered).
 31991 | Vaults:1 | 31991 ||| INVOKING Heroism.
 31992 | Vaults:1 | HP: 28/129 [vault warden/+0 bardiche (26)]
 31996 | Vaults:1 | Killed from afar by an ironbound frostheart (39 damage)
                  | ... by creeping frost
 32006 | Vaults:1 | HP: 26/129 [vault warden/+0 bardiche (23)]
 32265 | Vaults:1 | 32265 ||| RIP BAZAAR
 32278 | Vaults:1 | 32278 ||| PLANNING VAULTS:1-4
 32454 | Vaults:1 | 32454 ||| INVOKING Heroism.
 32455 | Vaults:1 | 32455 ||| INVOKING Finesse.
 32460 | Vaults:1 | 32460 ||| RETREATING.
 32577 | Vaults:1 | 32577 ||| INVOKING Heroism.
 32580 | Vaults:1 | 32580 ||| Stepping ~*~*~tactically~*~*~ (retreating).
 32642 | Vaults:1 | 32642 ||| RETREATING.
 32648 | Vaults:1 | 32648 ||| Stepping ~*~*~tactically~*~*~ (retreating).
 32678 | Vaults:1 | 32678 ||| Stepping ~*~*~tactically~*~*~ (retreating).
 32861 | Vaults:1 | 32861 ||| RETREATING.
 32874 | Vaults:1 | 32874 ||| Stepping ~*~*~tactically~*~*~ (retreating).
 32875 | Vaults:1 | 32875 ||| Stepping ~*~*~tactically~*~*~ (retreating).
 32876 | Vaults:1 | 32876 ||| Stepping ~*~*~tactically~*~*~ (retreating).
 32877 | Vaults:1 | 32877 ||| Stepping ~*~*~tactically~*~*~ (retreating).
 32878 | Vaults:1 | 32878 ||| Stepping ~*~*~tactically~*~*~ (retreating).
 32879 | Vaults:1 | 32879 ||| Stepping ~*~*~tactically~*~*~ (retreating).
 32880 | Vaults:1 | 32880 ||| Stepping ~*~*~tactically~*~*~ (retreating).
 32884 | Vaults:1 | 32884 ||| Stepping ~*~*~tactically~*~*~ (retreating).
 32885 | Vaults:1 | 32885 ||| Stepping ~*~*~tactically~*~*~ (retreating).
 32890 | Vaults:1 | 32890 ||| Stepping ~*~*~tactically~*~*~ (retreating).
 32891 | Vaults:1 | 32891 ||| Stepping ~*~*~tactically~*~*~ (retreating).
 32892 | Vaults:1 | 32892 ||| Stepping ~*~*~tactically~*~*~ (retreating).
 32893 | Vaults:1 | 32893 ||| Stepping ~*~*~tactically~*~*~ (retreating).
 32894 | Vaults:1 | 32894 ||| Stepping ~*~*~tactically~*~*~ (retreating).
 32895 | Vaults:1 | 32895 ||| Stepping ~*~*~tactically~*~*~ (retreating).
 32896 | Vaults:1 | 32896 ||| Stepping ~*~*~tactically~*~*~ (retreating).
 32897 | Vaults:1 | 32897 ||| Stepping ~*~*~tactically~*~*~ (retreating).
 32898 | Vaults:1 | 32898 ||| Stepping ~*~*~tactically~*~*~ (retreating).
 32899 | Vaults:1 | 32899 ||| Stepping ~*~*~tactically~*~*~ (retreating).
 32900 | Vaults:1 | 32900 ||| INVOKING Finesse.
 32915 | Vaults:1 | Reached skill level 21 in Fighting
 32915 | Vaults:1 | 32915 ||| Stepping ~*~*~tactically~*~*~ (retreating).
 32916 | Vaults:1 | 32916 ||| Stepping ~*~*~tactically~*~*~ (retreating).
 32917 | Vaults:1 | 32917 ||| Stepping ~*~*~tactically~*~*~ (retreating).
 32918 | Vaults:1 | 32918 ||| INVOKING Heroism.
 32920 | Vaults:1 | 32920 ||| Stepping ~*~*~tactically~*~*~ (retreating).
 33084 | Vaults:1 | 33084 ||| RETREATING.
 33088 | Vaults:1 | 33088 ||| Stepping ~*~*~tactically~*~*~ (retreating).
 33089 | Vaults:1 | 33089 ||| Stepping ~*~*~tactically~*~*~ (retreating).
 33090 | Vaults:1 | 33090 ||| Stepping ~*~*~tactically~*~*~ (retreating).
 33091 | Vaults:1 | 33091 ||| Stepping ~*~*~tactically~*~*~ (retreating).
 33092 | Vaults:1 | 33092 ||| Stepping ~*~*~tactically~*~*~ (retreating).
 33093 | Vaults:1 | 33093 ||| Stepping ~*~*~tactically~*~*~ (retreating).
 33094 | Vaults:1 | Identified the +2 hand crossbow of Dishonesty {penet,
                  | Str+3} (Okawaru gifted it to you on level 1 of the Vaults)
 33094 | Vaults:1 | Received a gift from Okawaru
 33099 | Vaults:1 | 33099 ||| Stepping ~*~*~tactically~*~*~ (retreating).
 33101 | Vaults:1 | 33101 ||| Stepping ~*~*~tactically~*~*~ (retreating).
 33102 | Vaults:1 | 33102 ||| Stepping ~*~*~tactically~*~*~ (retreating).
 33103 | Vaults:1 | 33103 ||| Stepping ~*~*~tactically~*~*~ (retreating).
 33104 | Vaults:1 | 33104 ||| Stepping ~*~*~tactically~*~*~ (retreating).
 33105 | Vaults:1 | 33105 ||| Stepping ~*~*~tactically~*~*~ (retreating).
 33106 | Vaults:1 | 33106 ||| Stepping ~*~*~tactically~*~*~ (retreating).
 33107 | Vaults:1 | 33107 ||| Stepping ~*~*~tactically~*~*~ (retreating).
 33108 | Vaults:1 | 33108 ||| Stepping ~*~*~tactically~*~*~ (retreating).
 33117 | Vaults:1 | 33117 ||| Stepping ~*~*~tactically~*~*~ (retreating).
 33118 | Vaults:1 | 33118 ||| Stepping ~*~*~tactically~*~*~ (retreating).
 33119 | Vaults:1 | 33119 ||| Stepping ~*~*~tactically~*~*~ (retreating).
 33120 | Vaults:1 | 33120 ||| Stepping ~*~*~tactically~*~*~ (retreating).
 33121 | Vaults:1 | 33121 ||| Stepping ~*~*~tactically~*~*~ (retreating).
 33122 | Vaults:1 | 33122 ||| Stepping ~*~*~tactically~*~*~ (retreating).
 33123 | Vaults:1 | 33123 ||| Stepping ~*~*~tactically~*~*~ (retreating).
 33124 | Vaults:1 | 33124 ||| Stepping ~*~*~tactically~*~*~ (retreating).
 33125 | Vaults:1 | 33125 ||| Stepping ~*~*~tactically~*~*~ (retreating).
 33126 | Vaults:1 | 33126 ||| Stepping ~*~*~tactically~*~*~ (retreating).
 33127 | Vaults:1 | 33127 ||| Stepping ~*~*~tactically~*~*~ (retreating).
 33129 | Vaults:1 | 33129 ||| Stepping ~*~*~tactically~*~*~ (retreating).
 33130 | Vaults:1 | 33130 ||| Stepping ~*~*~tactically~*~*~ (retreating).
 33131 | Vaults:1 | 33131 ||| Stepping ~*~*~tactically~*~*~ (retreating).
 33132 | Vaults:1 | 33132 ||| Stepping ~*~*~tactically~*~*~ (retreating).
 33133 | Vaults:1 | 33133 ||| Stepping ~*~*~tactically~*~*~ (retreating).
 33134 | Vaults:1 | 33134 ||| Stepping ~*~*~tactically~*~*~ (retreating).
 33135 | Vaults:1 | 33135 ||| Stepping ~*~*~tactically~*~*~ (retreating).
 33136 | Vaults:1 | 33136 ||| Stepping ~*~*~tactically~*~*~ (retreating).
 33137 | Vaults:1 | 33137 ||| Stepping ~*~*~tactically~*~*~ (retreating).
 33138 | Vaults:1 | 33138 ||| INVOKING Heroism.
 33141 | Vaults:1 | Reached XP level 19. HP: 52/137 MP: 23/26
 33141 | Vaults:1 | HP: 33/137 [vault warden/+5 war axe of venom (20)]
 33142 | Vaults:1 | 33142 ||| READING scroll of teleportation.
 33144 | Vaults:1 | 33144 ||| Stepping ~*~*~tactically~*~*~ (retreating).
 33145 | Vaults:1 | 33145 ||| Stepping ~*~*~tactically~*~*~ (retreating).
 33157 | Vaults:1 | HP: 30/137 [brown ugly thing[a wizard] (6)]
 33163 | Vaults:1 | HP: 14/137 [brown ugly thing[a wizard] (4)]
 33163 | Vaults:1 | HP: 3/137 [acid[a wizard] (11)]
 33165 | Vaults:1 | HP: 1/137 [ironbound preserver/+0 great mace (3)]
 33167 | Vaults:1 | Slain by a vault warden
                  | ... wielding a +5 war axe of venom
                  | (3 damage)
 33185 | Vaults:1 | Slain by a vault warden
                  | ... wielding a +5 war axe of venom
                  | (44 damage)
 33193 | Vaults:1 | 33193 ||| INVOKING Heroism.
 33197 | Vaults:1 | HP: 12/137 [vault warden/+5 war axe of venom (34)]
 33220 | Vaults:1 | 33220 ||| INVOKING Heroism.
 33366 | Vaults:1 | 33366 ||| INVOKING Heroism.
 33635 | Vaults:1 | 33635 ||| INVOKING Heroism.
 33636 | Vaults:1 | 33636 ||| INVOKING Finesse.
 33741 | Vaults:1 | 33741 ||| qw: Version: 0.3-a-75-g5245507
 33741 | Vaults:1 | 33741 ||| qw: Game counter: 1
 33741 | Vaults:1 | 33741 ||| qw: Melee chars always use a shield: true
 33741 | Vaults:1 | 33741 ||| qw: Do Orc after clearing Dungeon:15 true
 33741 | Vaults:1 | 33741 ||| qw: Do second Lair branch before Depths: true
 33741 | Vaults:1 | 33741 ||| qw: Lair rune preference: random
 33741 | Vaults:1 | 33741 ||| qw: Goals: Normal
 33741 | Vaults:1 | 33741 ||| PLANNING D:1-11
 33914 | Vaults:1 | 33914 ||| Stepping ~*~*~tactically~*~*~ (outnumbered).
 33930 | Vaults:1 | 33930 ||| INVOKING Heroism.
 34404 | Vaults:1 | 34404 ||| DROPPING +2 robe of fire resistance.
 34405 | Vaults:1 | 34405 ||| UPGRADING to amulet of faith.
 34813 | D:1      | 34813 ||| PLANNING LAIR
 35149 | Lair:5   | 35149 ||| PLANNING D:1-11
 35810 | D:11     | 35810 ||| PLANNING D
 35929 | D:15     | 35929 ||| PLANNING ORC
 36205 | Orc:2    | 36205 ||| PLANNING SPIDER:1-3
 36426 | Spider:3 | 36426 ||| PLANNING SWAMP:1-3
 36571 | Swamp:3  | 36571 ||| PLANNING SPIDER:4
 36700 | Spider:4 | Entered Level 4 of the Spider Nest
 36701 | Spider:4 | 36701 ||| RETREATING.
 36703 | Spider:4 | 36703 ||| Stepping ~*~*~tactically~*~*~ (retreating).
 36704 | Spider:4 | 36704 ||| Stepping ~*~*~tactically~*~*~ (retreating).
 36705 | Spider:4 | 36705 ||| Stepping ~*~*~tactically~*~*~ (retreating).
 36722 | Spider:4 | 36722 ||| DRINKING 12 potions of curing.
 36722 | Spider:4 | 36722 ||| (to cure confusion)
 36729 | Spider:4 | 36729 ||| INVOKING Heroism.
 36764 | Spider:4 | 36764 ||| INVOKING Heroism.
 36902 | Spider:4 | 36902 ||| FLEEEEING.
 36903 | Spider:4 | 36903 ||| FLEEEEING.
 36904 | Spider:4 | 36904 ||| FLEEEEING.
 36905 | Spider:4 | 36905 ||| FLEEEEING.
 36906 | Spider:4 | 36906 ||| FLEEEEING.
 36907 | Spider:4 | 36907 ||| FLEEEEING.
 36908 | Spider:4 | 36908 ||| STAIRDANCE
 36912 | Spider:4 | 36912 ||| STAIRDANCE
 36926 | Spider:4 | Reached skill level 22 in Fighting
 36930 | Spider:4 | Noticed Asterion
 36931 | Spider:4 | 36931 ||| INVOKING Heroism.
 36935 | Spider:4 | 36935 ||| RETREATING.
 36937 | Spider:4 | 36937 ||| Stepping ~*~*~tactically~*~*~ (retreating).
 36938 | Spider:4 | 36938 ||| Stepping ~*~*~tactically~*~*~ (retreating).
 36939 | Spider:4 | 36939 ||| Stepping ~*~*~tactically~*~*~ (retreating).
 36942 | Spider:4 | 36942 ||| Stepping ~*~*~tactically~*~*~ (retreating).
 36943 | Spider:4 | 36943 ||| Stepping ~*~*~tactically~*~*~ (retreating).
 36944 | Spider:4 | 36944 ||| Stepping ~*~*~tactically~*~*~ (retreating).
 36945 | Spider:4 | 36945 ||| Stepping ~*~*~tactically~*~*~ (retreating).
 36946 | Spider:4 | 36946 ||| Stepping ~*~*~tactically~*~*~ (retreating).
 36947 | Spider:4 | 36947 ||| Stepping ~*~*~tactically~*~*~ (retreating).
 36949 | Spider:4 | 36949 ||| Stepping ~*~*~tactically~*~*~ (retreating).
 36952 | Spider:4 | 36952 ||| Stepping ~*~*~tactically~*~*~ (retreating).
 36953 | Spider:4 | 36953 ||| Stepping ~*~*~tactically~*~*~ (retreating).
 36954 | Spider:4 | 36954 ||| Stepping ~*~*~tactically~*~*~ (retreating).
 36954 | Spider:4 | Gained mutation: You occasionally lose the ability to drink
                  | potions when taking damage. [a cacodemon]
 36955 | Spider:4 | 36955 ||| Stepping ~*~*~tactically~*~*~ (retreating).
 36956 | Spider:4 | 36956 ||| INVOKING Heroism.
 36964 | Spider:4 | HP: 21/139 [Asterion/+1 spectral demon trident (17)]
 36966 | Spider:4 | Slain by Asterion
                  | ... wielding a +1 spectral demon trident
                  | (26 damage)
 36972 | Spider:4 | Killed Asterion
 37018 | Spider:4 | 37018 ||| DRINKING potion of mutation.
 37018 | Spider:4 | Lost mutation: You occasionally lose the ability to drink
                  | potions when taking damage. [potion of mutation]
 37018 | Spider:4 | Gained mutation: You have supernaturally acute eyesight.
                  | (SInv) [potion of mutation]
 37018 | Spider:4 | Gained mutation: You passively map a small area around you.
                  | [potion of mutation]
 37067 | Spider:4 | 37067 ||| RETREATING.
 37068 | Spider:4 | 37068 ||| FLEEEEING.
 37069 | Spider:4 | 37069 ||| INVOKING Finesse.
 37071 | Spider:4 | 37071 ||| FLEEEEING.
 37072 | Spider:4 | 37072 ||| FLEEEEING.
 37073 | Spider:4 | 37073 ||| FLEEEEING.
 37081 | Spider:4 | 37081 ||| DRINKING 11 potions of curing.
 37081 | Spider:4 | 37081 ||| (to cure confusion)
 37085 | Spider:4 | 37085 ||| DRINKING 10 potions of curing.
 37085 | Spider:4 | 37085 ||| (to cure confusion)
 37088 | Spider:4 | 37088 ||| DRINKING 2 potions of cancellation.
 37089 | Spider:4 | 37089 ||| INVOKING Heroism.
 37110 | Spider:4 | HP: 28/139 [wolf spider (13)]
 37115 | Spider:4 | HP: 24/139 [wolf spider (3)]
 37124 | Spider:4 | HP: 9/139 [wolf spider (12)]
 37124 | Spider:4 | HP: 3/139 [redback (6)]
 37127 | Spider:4 | 37127 ||| INVOKING Finesse.
 37127 | Spider:4 | Slain by a redback (7 damage)
 37139 | Spider:4 | Identified the +0 scale mail of Generosity {Fly rF- rCorr
                  | Dex+5} (Okawaru gifted it to you on level 4 of the Spider
                  | Nest)
 37139 | Spider:4 | Received a gift from Okawaru
 37186 | Spider:4 | 37186 ||| INVOKING Heroism.
 37314 | Spider:4 | 37314 ||| FLEEEEING.
 37315 | Spider:4 | 37315 ||| FLEEEEING.
 37316 | Spider:4 | 37316 ||| FLEEEEING.
 37317 | Spider:4 | 37317 ||| FLEEEEING.
 37318 | Spider:4 | 37318 ||| FLEEEEING.
 37319 | Spider:4 | 37319 ||| FLEEEEING.
 37320 | Spider:4 | 37320 ||| FLEEEEING.
 37321 | Spider:4 | 37321 ||| FLEEEEING.
 37322 | Spider:4 | 37322 ||| STAIRDANCE
 37471 | Spider:4 | 37471 ||| INVOKING Heroism.
 37582 | Spider:4 | 37582 ||| INVOKING Heroism.
 37587 | Spider:4 | Reached skill level 15 in Dodging
 37640 | Spider:4 | 37640 ||| INVOKING Heroism.
 37704 | Spider:4 | Got a gossamer rune of Zot
 38033 | Spider:4 | 38033 ||| PLANNING VAULTS:1-4
 38033 | Spider:4 | 38033 ||| DROPPING +1 pair of gloves.
 38034 | Spider:4 | 38034 ||| DROPPING +1 hat of intelligence.
 38035 | Spider:4 | 38035 ||| DROPPING +0 pair of gloves of strength.
 38036 | Spider:4 | 38036 ||| DROPPING ring of protection from cold.
 38430 | Vaults:2 | Noticed Zenata
 38431 | Vaults:2 | 38431 ||| INVOKING Heroism.
 38438 | Vaults:2 | Killed Zenata
 38557 | Vaults:2 | Found a staircase to the Crypt.
 38557 | Vaults:2 | Found an ancient bone altar of Kikubaaqudgha.
 38558 | Vaults:2 | Found a basalt altar of Yredelemnul.
 38593 | Vaults:2 | Noticed Xtahua
 38594 | Vaults:2 | 38594 ||| DRINKING 4 potions of resistance.
 38600 | Vaults:2 | Killed Xtahua
 38665 | Vaults:2 | Noticed Frederick
 38666 | Vaults:2 | 38666 ||| INVOKING Heroism.
 38678 | Vaults:2 | Killed Frederick
 38679 | Vaults:2 | Reached XP level 20. HP: 142/145 MP: 27/27
 38852 | Vaults:2 | 38852 ||| Stepping ~*~*~tactically~*~*~ (outnumbered).
 38855 | Vaults:2 | 38855 ||| Stepping ~*~*~tactically~*~*~ (retreating).
 38923 | Vaults:2 | 38923 ||| INVOKING Heroism.
 39080 | Vaults:2 | 39080 ||| INVOKING Heroism.
 39257 | Vaults:2 | Found Herustry's Weapon Shop.
 39369 | Vaults:2 | 39369 ||| RETREATING.
 39370 | Abyss:2  | Cast into level 2 of the Abyss (a wizard)
 39405 | Abyss:2  | 39405 ||| RETREATING.
 39406 | Abyss:2  | 39406 ||| Stepping ~*~*~tactically~*~*~ (outnumbered).
 39410 | Abyss:2  | 39410 ||| INVOKING Heroism.
 39411 | Abyss:2  | 39411 ||| Stepping ~*~*~tactically~*~*~ (retreating).
 39412 | Abyss:2  | 39412 ||| RETREATING.
 39413 | Abyss:2  | 39413 ||| Stepping ~*~*~tactically~*~*~ (retreating).
 39710 | Vaults:2 | Escaped the Abyss
 39712 | Vaults:2 | 39712 ||| RETREATING.
 39718 | Vaults:2 | 39718 ||| INVOKING Heroism.
 39741 | Vaults:2 | Reached skill level 23 in Fighting
 39891 | Vaults:2 | 39891 ||| RETREATING.
 40090 | Vaults:2 | 40090 ||| RETREATING.
 40094 | Vaults:2 | 40094 ||| Stepping ~*~*~tactically~*~*~ (outnumbered).
 40133 | Vaults:2 | 40133 ||| FLEEEEING.
 40137 | Vaults:2 | 40137 ||| FLEEEEING.
 40138 | Vaults:2 | 40138 ||| FLEEEEING.
 40140 | Vaults:2 | 40140 ||| FLEEEEING.
 40141 | Vaults:2 | 40141 ||| FLEEEEING.
 40142 | Vaults:2 | 40142 ||| FLEEEEING.
 40143 | Vaults:2 | 40143 ||| FLEEEEING.
 40144 | Vaults:2 | 40144 ||| FLEEEEING.
 40145 | Vaults:2 | 40145 ||| FLEEEEING.
 40146 | Vaults:2 | 40146 ||| FLEEEEING.
 40147 | Vaults:2 | 40147 ||| FLEEEEING.
 40148 | Vaults:2 | 40148 ||| FLEEEEING.
 40149 | Vaults:2 | 40149 ||| FLEEEEING.
 40150 | Vaults:2 | 40150 ||| FLEEEEING.
 40151 | Vaults:2 | 40151 ||| FLEEEEING.
 40154 | Vaults:2 | 40154 ||| FLEEEEING.
 40155 | Vaults:2 | 40155 ||| FLEEEEING.
 40156 | Vaults:2 | 40156 ||| FLEEEEING.
 40157 | Vaults:2 | 40157 ||| FLEEEEING.
 40158 | Vaults:2 | 40158 ||| FLEEEEING.
 40159 | Vaults:2 | 40159 ||| FLEEEEING.
 40160 | Vaults:2 | 40160 ||| FLEEEEING.
 40161 | Vaults:2 | 40161 ||| FLEEEEING.
 40162 | Vaults:2 | 40162 ||| FLEEEEING.
 40163 | Vaults:2 | 40163 ||| FLEEEEING.
 40164 | Vaults:2 | 40164 ||| FLEEEEING.
 40165 | Vaults:2 | 40165 ||| FLEEEEING.
 40166 | Vaults:2 | 40166 ||| FLEEEEING.
 40167 | Vaults:2 | 40167 ||| FLEEEEING.
 40168 | Vaults:2 | 40168 ||| FLEEEEING.
 40169 | Vaults:2 | 40169 ||| FLEEEEING.
 40170 | Vaults:2 | 40170 ||| FLEEEEING.
 40171 | Vaults:2 | 40171 ||| FLEEEEING.
 40321 | Vaults:2 | 40321 ||| RETREATING.
 40384 | Vaults:2 | 40384 ||| Stepping ~*~*~tactically~*~*~ (outnumbered).
 40386 | Vaults:2 | 40386 ||| Stepping ~*~*~tactically~*~*~ (outnumbered).
 40388 | Vaults:2 | 40388 ||| Stepping ~*~*~tactically~*~*~ (outnumbered).
 40390 | Vaults:2 | 40390 ||| Stepping ~*~*~tactically~*~*~ (outnumbered).
 40487 | Vaults:2 | 40487 ||| DROPPING scarf of repulsion.
 40565 | Vaults:3 | Received a gift from Okawaru
 40582 | Vaults:3 | 40582 ||| Stepping ~*~*~tactically~*~*~ (outnumbered).
 40595 | Vaults:3 | 40595 ||| Stepping ~*~*~tactically~*~*~ (retreating).
 40596 | Vaults:3 | 40596 ||| INVOKING Finesse.
 40786 | Vaults:3 | Found a runed translucent door.
 40787 | Vaults:3 | Found the +15 Maxwell's patent armour {-Cast -Tele rElec
                  | Will+ rCorr}
 40973 | Vaults:3 | 40973 ||| Stepping ~*~*~tactically~*~*~ (outnumbered).
 41029 | Vaults:3 | 41029 ||| Stepping ~*~*~tactically~*~*~ (outnumbered).
 41036 | Vaults:3 | 41036 ||| INVOKING Heroism.
 41039 | Vaults:3 | Received a gift from Okawaru
 41049 | Vaults:3 | HP: 37/148 [ironbound frostheart/creeping frost (14)]
 41302 | Vaults:3 | 41302 ||| SWAPPING to +3 triple crossbow of flaming.
 41303 | Vaults:3 | 41303 ||| DROPPING +4 heavy longbow.
 41304 | Vaults:3 | 41304 ||| READING scroll of brand weapon.
 41304 | Vaults:3 | 41304 ||| BRANDING +3 triple crossbow of flaming.
 41438 | Vaults:3 | 41438 ||| RETREATING.
 42122 | Vaults:3 | 42122 ||| DROPPING +3 leather armour.
 42163 | Vaults:4 | 42163 ||| RETREATING.
 42168 | Vaults:4 | 42168 ||| RETREATING.
 42172 | Vaults:4 | 42172 ||| Stepping ~*~*~tactically~*~*~ (outnumbered).
 42177 | Vaults:4 | 42177 ||| FLEEEEING.
 42180 | Vaults:4 | 42180 ||| FLEEEEING.
 42181 | Vaults:4 | 42181 ||| FLEEEEING.
 42182 | Vaults:4 | 42182 ||| FLEEEEING.
 42184 | Vaults:4 | 42184 ||| FLEEEEING.
 42188 | Vaults:4 | 42188 ||| FLEEEEING.
 42190 | Vaults:4 | 42190 ||| Stepping ~*~*~tactically~*~*~ (outnumbered).
 42191 | Vaults:4 | 42191 ||| RETREATING.
 42194 | Vaults:4 | Reached XP level 21. HP: 128/153 MP: 28/28
 42194 | Vaults:4 | Received a gift from Okawaru
 42195 | Vaults:4 | 42195 ||| FLEEEEING.
 42196 | Vaults:4 | 42196 ||| RETREATING.
 42198 | Vaults:4 | 42198 ||| Stepping ~*~*~tactically~*~*~ (retreating).
 42199 | Vaults:4 | 42199 ||| Stepping ~*~*~tactically~*~*~ (retreating).
 42200 | Vaults:4 | 42200 ||| Stepping ~*~*~tactically~*~*~ (retreating).
 42201 | Vaults:4 | 42201 ||| Stepping ~*~*~tactically~*~*~ (retreating).
 42204 | Vaults:4 | 42204 ||| INVOKING Heroism.
 42206 | Vaults:4 | 42206 ||| Stepping ~*~*~tactically~*~*~ (retreating).
 42207 | Vaults:4 | 42207 ||| Stepping ~*~*~tactically~*~*~ (retreating).
 42208 | Vaults:4 | 42208 ||| Stepping ~*~*~tactically~*~*~ (retreating).
 42209 | Vaults:4 | 42209 ||| Stepping ~*~*~tactically~*~*~ (retreating).
 42210 | Vaults:4 | 42210 ||| Stepping ~*~*~tactically~*~*~ (retreating).
 42213 | Vaults:4 | 42213 ||| Stepping ~*~*~tactically~*~*~ (retreating).
 42218 | Vaults:4 | Reached skill level 21 in Ranged Weapons
 42221 | Vaults:4 | 42221 ||| FLEEEEING.
 42224 | Vaults:4 | 42224 ||| Stepping ~*~*~tactically~*~*~ (retreating).
 42225 | Vaults:4 | 42225 ||| Stepping ~*~*~tactically~*~*~ (retreating).
 42226 | Vaults:4 | 42226 ||| Stepping ~*~*~tactically~*~*~ (retreating).
 42227 | Vaults:4 | 42227 ||| Stepping ~*~*~tactically~*~*~ (retreating).
 42227 | Vaults:4 | HP: 31/153 [ironbound frostheart/creeping frost (35)]
 42228 | Vaults:4 | Noticed Boris
 42228 | Vaults:4 | 42228 ||| INVOKING Finesse.
 42228 | Vaults:4 | HP: 1/153 [ironbound convoker/+0 great mace (18)]
 42232 | Vaults:4 | Mangled by a war gargoyle
                  | ... wielding a +0 flail
                  | ... led by a peacekeeper
                  | (14 damage)
 42233 | Vaults:4 | Killed Boris
 42239 | Vaults:4 | 42239 ||| INVOKING Heroism.
 42243 | Vaults:4 | 42243 ||| Stepping ~*~*~tactically~*~*~ (retreating).
 42244 | Vaults:4 | 42244 ||| Stepping ~*~*~tactically~*~*~ (retreating).
 42245 | Vaults:4 | 42245 ||| Stepping ~*~*~tactically~*~*~ (retreating).
 42249 | Vaults:4 | 42249 ||| Stepping ~*~*~tactically~*~*~ (retreating).
 42250 | Vaults:4 | 42250 ||| Stepping ~*~*~tactically~*~*~ (retreating).
 42251 | Vaults:4 | 42251 ||| Stepping ~*~*~tactically~*~*~ (retreating).
 42252 | Vaults:4 | 42252 ||| Stepping ~*~*~tactically~*~*~ (retreating).
 42258 | Vaults:4 | HP: 34/153 [ironbound thunderhulk/+0 great mace (42)]
 42263 | Vaults:4 | HP: 20/153 [ettin/+2 dire flail of distortion (16)]
 42269 | Vaults:4 | 42269 ||| FLEEEEING.
 42270 | Vaults:4 | 42270 ||| FLEEEEING.
 42275 | Vaults:4 | 42275 ||| FLEEEEING.
 42276 | Vaults:4 | 42276 ||| FLEEEEING.
 42277 | Vaults:4 | 42277 ||| FLEEEEING.
 42278 | Vaults:4 | 42278 ||| STAIRDANCE
 42594 | Vaults:4 | 42594 ||| STAIRDANCE
 42760 | Vaults:4 | 42760 ||| RETREATING.
 42761 | Vaults:4 | 42761 ||| Stepping ~*~*~tactically~*~*~ (retreating).
 42762 | Vaults:4 | 42762 ||| Stepping ~*~*~tactically~*~*~ (retreating).
 42763 | Vaults:4 | 42763 ||| Stepping ~*~*~tactically~*~*~ (retreating).
 42764 | Vaults:4 | 42764 ||| Stepping ~*~*~tactically~*~*~ (retreating).
 42767 | Vaults:4 | 42767 ||| Stepping ~*~*~tactically~*~*~ (retreating).
 42768 | Vaults:4 | 42768 ||| Stepping ~*~*~tactically~*~*~ (retreating).
 42769 | Vaults:4 | 42769 ||| Stepping ~*~*~tactically~*~*~ (retreating).
 42770 | Vaults:4 | 42770 ||| Stepping ~*~*~tactically~*~*~ (retreating).
 42771 | Vaults:4 | 42771 ||| Stepping ~*~*~tactically~*~*~ (retreating).
 42772 | Vaults:4 | 42772 ||| Stepping ~*~*~tactically~*~*~ (retreating).
 42773 | Vaults:4 | 42773 ||| Stepping ~*~*~tactically~*~*~ (retreating).
 42774 | Vaults:4 | 42774 ||| Stepping ~*~*~tactically~*~*~ (retreating).
 42775 | Vaults:4 | 42775 ||| Stepping ~*~*~tactically~*~*~ (retreating).
 42776 | Vaults:4 | 42776 ||| INVOKING Heroism.
 42779 | Vaults:4 | HP: 17/153 [ironbound preserver/+0 great mace (33)]
 42781 | Vaults:4 | HP: 8/153 [ironbound thunderhulk/bolt of lightning (11)]
 42781 | Vaults:4 | Killed from afar by an ironbound frostheart (30 damage)
                  | ... by creeping frost
 42957 | Vaults:4 | 42957 ||| RETREATING.
 43823 | Vaults:4 | 43823 ||| PLANNING SWAMP:4
 43823 | Vaults:4 | 43823 ||| DROPPING +2 pair of gloves of infusion.
 44209 | Swamp:4  | 44209 ||| PLANNING DEPTHS
 44433 | Depths:1 | Entered Level 1 of the Depths
 44632 | Depths:1 | 44632 ||| INVOKING Heroism.
 44636 | Depths:1 | 44636 ||| INVOKING Finesse.
 44666 | Depths:1 | Found a shimmering altar of Xom.
 44789 | Depths:1 | Identified the +1 robe "Niloaj" {Contam rF+ rCorr Dex+4}
                  | (Okawaru gifted it to you on level 1 of the Depths)
 44789 | Depths:1 | Received a gift from Okawaru
 44960 | Depths:1 | Identified the +5 sling "Quigav" {elec, Int-4 Dex+4}
 45033 | Depths:1 | Found a gateway to Hell.
 45293 | Depths:1 | 45293 ||| UPGRADING to +1 robe "Niloaj" {Contam rF+ rCorr
                  | Dex+4}.
 45303 | Depths:1 | 45303 ||| DROPPING +2 ring mail of fire resistance.
 45409 | Depths:2 | 45409 ||| Stepping ~*~*~tactically~*~*~ (retreating).
 45432 | Depths:2 | Found a one-way gate leading to the halls of Pandemonium.
 45508 | Depths:2 | 45508 ||| INVOKING Heroism.
 45509 | Depths:2 | 45509 ||| INVOKING Finesse.
 45582 | Depths:2 | 45582 ||| INVOKING Heroism.
 45583 | Depths:2 | 45583 ||| INVOKING Finesse.
 45645 | Depths:2 | 45645 ||| RETREATING.
 45649 | Depths:2 | 45649 ||| Stepping ~*~*~tactically~*~*~ (retreating).
 45650 | Depths:2 | 45650 ||| Stepping ~*~*~tactically~*~*~ (retreating).
 45651 | Depths:2 | 45651 ||| Stepping ~*~*~tactically~*~*~ (retreating).
 45652 | Depths:2 | 45652 ||| Stepping ~*~*~tactically~*~*~ (retreating).
 45654 | Depths:2 | 45654 ||| Stepping ~*~*~tactically~*~*~ (retreating).
 45655 | Depths:2 | 45655 ||| INVOKING Heroism.
 45656 | Depths:2 | 45656 ||| Stepping ~*~*~tactically~*~*~ (retreating).
 45658 | Depths:2 | 45658 ||| Stepping ~*~*~tactically~*~*~ (retreating).
 45659 | Depths:2 | 45659 ||| Stepping ~*~*~tactically~*~*~ (retreating).
 45660 | Depths:2 | 45660 ||| Stepping ~*~*~tactically~*~*~ (retreating).
 45661 | Depths:2 | 45661 ||| Stepping ~*~*~tactically~*~*~ (retreating).
 45662 | Depths:2 | 45662 ||| Stepping ~*~*~tactically~*~*~ (retreating).
 45664 | Depths:2 | 45664 ||| Stepping ~*~*~tactically~*~*~ (retreating).
 45665 | Depths:2 | 45665 ||| Stepping ~*~*~tactically~*~*~ (retreating).
 45667 | Depths:2 | 45667 ||| INVOKING Finesse.
 45668 | Depths:2 | 45668 ||| Stepping ~*~*~tactically~*~*~ (retreating).
 45669 | Depths:2 | 45669 ||| Stepping ~*~*~tactically~*~*~ (retreating).
 45670 | Depths:2 | 45670 ||| Stepping ~*~*~tactically~*~*~ (retreating).
 45671 | Depths:2 | 45671 ||| Stepping ~*~*~tactically~*~*~ (retreating).
 45672 | Depths:2 | 45672 ||| Stepping ~*~*~tactically~*~*~ (retreating).
 45673 | Depths:2 | 45673 ||| Stepping ~*~*~tactically~*~*~ (retreating).
 45798 | Depths:2 | 45798 ||| INVOKING Heroism.
 45834 | Depths:2 | 45834 ||| RETREATING.
 45836 | Depths:2 | 45836 ||| INVOKING Heroism.
 46122 | Depths:2 | 46122 ||| RETREATING.
 46130 | Depths:2 | 46130 ||| INVOKING Heroism.
 46142 | Depths:2 | 46142 ||| INVOKING Heroism.
 46144 | Depths:2 | HP: 27/155 [guardian serpent (12)]
 46145 | Depths:2 | 46145 ||| READING scroll of teleportation.
 46146 | Depths:2 | 46146 ||| DRINKING potion of heal wounds.
 46148 | Depths:2 | 46148 ||| Stepping ~*~*~tactically~*~*~ (retreating).
 46150 | Depths:2 | HP: 14/155 [ice dragon/blast of cold (36)]
 46151 | Depths:2 | 46151 ||| Stepping ~*~*~tactically~*~*~ (retreating).
 46151 | Depths:2 | Mangled by a frost giant
                  | ... wielding a +2 battleaxe of freezing
                  | (24 damage)
 46153 | Depths:2 | 46153 ||| Stepping ~*~*~tactically~*~*~ (retreating).
 46154 | Depths:2 | 46154 ||| Stepping ~*~*~tactically~*~*~ (retreating).
 46158 | Depths:2 | Reached XP level 22. HP: 117/161 MP: 29/29
 46877 | Depths:3 | 46877 ||| STAIRDANCE
 46886 | Depths:3 | 46886 ||| STAIRDANCE
 46906 | Depths:3 | 46906 ||| INVOKING Heroism.
 46907 | Depths:3 | 46907 ||| INVOKING Finesse.
 46922 | Depths:3 | 46922 ||| STAIRDANCE
 46992 | Depths:3 | Noticed a caustic shrike
 46993 | Depths:3 | 46993 ||| STAIRDANCE
 47030 | Depths:3 | 47030 ||| INVOKING Heroism.
 47032 | Depths:3 | 47032 ||| STAIRDANCE
 47035 | Depths:2 | Killed a caustic shrike
 47073 | Depths:3 | 47073 ||| INVOKING Heroism.
 47076 | Depths:3 | 47076 ||| Stepping ~*~*~tactically~*~*~ (outnumbered).
 47081 | Depths:3 | Reached skill level 18 in Dodging
 47081 | Depths:3 | 47081 ||| INVOKING Finesse.
 47082 | Depths:3 | 47082 ||| Stepping ~*~*~tactically~*~*~ (retreating).
 47095 | Depths:3 | Noticed a juggernaut
 47100 | Depths:3 | HP: 21/161 [stone giant/large rock (35)]
 47101 | Depths:3 | Killed a juggernaut
 47102 | Depths:3 | Reached skill level 24 in Fighting
 47104 | Depths:3 | Noticed a dread lich
 47107 | Depths:3 | Killed from afar by a lich (56 damage)
                  | ... with a bolt of cold
 47109 | Depths:3 | 47109 ||| INVOKING Heroism.
 47115 | Depths:3 | Noticed Parghit
 47117 | Depths:3 | Killed a dread lich
 47130 | Depths:3 | 47130 ||| Stepping ~*~*~tactically~*~*~ (retreating).
 47135 | Depths:3 | Killed Parghit
 47169 | Depths:3 | 47169 ||| INVOKING Finesse.
 47174 | Depths:3 | 47174 ||| INVOKING Heroism.
 47182 | Depths:3 | 47182 ||| Stepping ~*~*~tactically~*~*~ (outnumbered).
 47198 | Depths:3 | Reached ****** piety under Okawaru
 47205 | Depths:3 | 47205 ||| INVOKING Heroism.
 47215 | Depths:3 | 47215 ||| INVOKING Finesse.
 47216 | Depths:3 | Received a gift from Okawaru
 47265 | Depths:3 | 47265 ||| INVOKING Heroism.
 47434 | Depths:3 | 47434 ||| INVOKING Heroism.
 47435 | Depths:3 | 47435 ||| RETREATING.
 47442 | Depths:3 | 47442 ||| Stepping ~*~*~tactically~*~*~ (retreating).
 47443 | Depths:3 | 47443 ||| Stepping ~*~*~tactically~*~*~ (retreating).
 47455 | Depths:3 | 47455 ||| INVOKING Finesse.
 47485 | Depths:3 | 47485 ||| RETREATING.
 47580 | Depths:3 | 47580 ||| INVOKING Heroism.
 47581 | Depths:3 | 47581 ||| INVOKING Finesse.
 47623 | Depths:3 | Reached XP level 23. HP: 168/168 MP: 30/30
 47624 | Depths:3 | 47624 ||| INVOKING Finesse.
 47625 | Depths:3 | 47625 ||| RETREATING.
 47626 | Depths:3 | 47626 ||| INVOKING Heroism.
 47632 | Depths:3 | Reached skill level 25 in Fighting
 47664 | Depths:3 | Noticed a golden dragon
 47665 | Depths:3 | 47665 ||| INVOKING Heroism.
 47666 | Depths:3 | 47666 ||| Stepping ~*~*~tactically~*~*~ (retreating).
 47667 | Depths:3 | 47667 ||| INVOKING Finesse.
 47669 | Depths:3 | Killed a golden dragon
 47889 | Depths:3 | Found a one-way gate to the infinite horrors of the Abyss.
 47911 | Depths:3 | 47911 ||| INVOKING Heroism.
 47922 | Depths:3 | Noticed Sojobo
 47925 | Depths:3 | 47925 ||| RETREATING.
 47942 | Depths:3 | Paralysed by an air elemental for 1 turns
 47950 | Depths:3 | 47950 ||| INVOKING Heroism.
 47959 | Depths:3 | Paralysed by an air elemental for 1 turns
 47960 | Depths:3 | 47960 ||| RETREATING.
 48144 | Depths:3 | 48144 ||| RETREATING.
 48145 | Depths:3 | 48145 ||| INVOKING Heroism.
 48148 | Depths:3 | 48148 ||| Stepping ~*~*~tactically~*~*~ (retreating).
 48150 | Depths:3 | 48150 ||| Stepping ~*~*~tactically~*~*~ (retreating).
 48150 | Depths:3 | Paralysed by an air elemental for 1 turns
 48151 | Depths:3 | 48151 ||| Stepping ~*~*~tactically~*~*~ (retreating).
 48152 | Depths:3 | 48152 ||| Stepping ~*~*~tactically~*~*~ (retreating).
 48153 | Depths:3 | 48153 ||| Stepping ~*~*~tactically~*~*~ (retreating).
 48153 | Depths:3 | Paralysed by an air elemental for 1 turns
 48154 | Depths:3 | 48154 ||| Stepping ~*~*~tactically~*~*~ (retreating).
 48155 | Depths:3 | 48155 ||| Stepping ~*~*~tactically~*~*~ (retreating).
 48156 | Depths:3 | 48156 ||| Stepping ~*~*~tactically~*~*~ (retreating).
 48159 | Depths:3 | Killed Sojobo
 48345 | Depths:3 | 48345 ||| INVOKING Heroism.
 48345 | Depths:3 | Gained mutation: You sometimes lose your temper in combat.
                  | [a neqoxec]
 48347 | Depths:3 | Gained mutation: You are clumsy. (Dex -2) [a neqoxec]
 48575 | Depths:4 | Entered Level 4 of the Depths
 48579 | Depths:4 | 48579 ||| RETREATING.
 48582 | Depths:4 | 48582 ||| RETREATING.
 48584 | Depths:4 | 48584 ||| Stepping ~*~*~tactically~*~*~ (retreating).
 48585 | Depths:4 | 48585 ||| Stepping ~*~*~tactically~*~*~ (retreating).
 48586 | Depths:4 | 48586 ||| Stepping ~*~*~tactically~*~*~ (retreating).
 48587 | Depths:4 | 48587 ||| Stepping ~*~*~tactically~*~*~ (retreating).
 48588 | Depths:4 | 48588 ||| Stepping ~*~*~tactically~*~*~ (retreating).
 48589 | Depths:4 | 48589 ||| Stepping ~*~*~tactically~*~*~ (retreating).
 48592 | Depths:4 | 48592 ||| INVOKING Heroism.
 48595 | Depths:4 | HP: 41/170 [deep troll earth mage (5)]
 48596 | Depths:4 | HP: 7/170 [iron troll (18)]
 48597 | Depths:4 | Demolished by a deep troll shaman (25 damage)
 48602 | Depths:4 | 48602 ||| Stepping ~*~*~tactically~*~*~ (retreating).
 48603 | Depths:4 | 48603 ||| Stepping ~*~*~tactically~*~*~ (retreating).
 48604 | Depths:4 | 48604 ||| Stepping ~*~*~tactically~*~*~ (retreating).
 48605 | Depths:4 | 48605 ||| Stepping ~*~*~tactically~*~*~ (retreating).
 48606 | Depths:4 | 48606 ||| Stepping ~*~*~tactically~*~*~ (retreating).
 48607 | Depths:4 | 48607 ||| Stepping ~*~*~tactically~*~*~ (retreating).
 48609 | Depths:4 | 48609 ||| Stepping ~*~*~tactically~*~*~ (retreating).
 48610 | Depths:4 | 48610 ||| Stepping ~*~*~tactically~*~*~ (retreating).
 48611 | Depths:4 | 48611 ||| Stepping ~*~*~tactically~*~*~ (retreating).
 48613 | Depths:4 | 48613 ||| Stepping ~*~*~tactically~*~*~ (retreating).
 48614 | Depths:4 | 48614 ||| Stepping ~*~*~tactically~*~*~ (retreating).
 48618 | Depths:4 | 48618 ||| Stepping ~*~*~tactically~*~*~ (retreating).
 48618 | Depths:4 | HP: 39/170 [deep troll (12)]
 48619 | Depths:4 | 48619 ||| Stepping ~*~*~tactically~*~*~ (retreating).
 48620 | Depths:4 | 48620 ||| Stepping ~*~*~tactically~*~*~ (retreating).
 48621 | Depths:4 | 48621 ||| Stepping ~*~*~tactically~*~*~ (retreating).
 48622 | Depths:4 | 48622 ||| Stepping ~*~*~tactically~*~*~ (retreating).
 48622 | Depths:4 | HP: 8/170 [deep troll (30)]
 48623 | Depths:4 | 48623 ||| Stepping ~*~*~tactically~*~*~ (retreating).
 48624 | Depths:4 | 48624 ||| Stepping ~*~*~tactically~*~*~ (retreating).
 48625 | Depths:4 | 48625 ||| Stepping ~*~*~tactically~*~*~ (retreating).
 48626 | Depths:4 | 48626 ||| Stepping ~*~*~tactically~*~*~ (retreating).
 48628 | Depths:4 | 48628 ||| INVOKING Heroism.
 48630 | Depths:4 | HP: 9/170 [iron troll (4)]
 48635 | Depths:4 | HP: 11/171 [deep troll (1)]
 48641 | Depths:4 | Slain by a storm dragon (12 damage)
 48642 | Depths:4 | 48642 ||| INVOKING Heroism.
 48676 | Depths:4 | 48676 ||| INVOKING Heroism.
 48701 | Depths:4 | Found a one-way gateway to a ziggurat.
 48770 | Depths:4 | Gained mutation: Armour fits poorly on your strangely
                  | shaped body. [mutagenic glow]
 48781 | Depths:4 | Gained mutation: You are very clumsy. (Dex -4) [mutagenic
                  | glow]
 48789 | Depths:4 | Reached skill level 26 in Fighting
 48792 | Depths:4 | Gained mutation: You have a somewhat thin skeletal
                  | structure. (Dex +2, Stealth+) [mutagenic glow]
 48830 | Depths:4 | 48830 ||| INVOKING Heroism.
 48831 | Depths:4 | 48831 ||| INVOKING Finesse.
 48969 | Depths:4 | 48969 ||| Stepping ~*~*~tactically~*~*~ (retreating).
 48970 | Depths:4 | 48970 ||| Stepping ~*~*~tactically~*~*~ (retreating).
 49095 | Depths:4 | 49095 ||| RETREATING.
 49098 | Depths:4 | 49098 ||| Stepping ~*~*~tactically~*~*~ (retreating).
 49099 | Depths:4 | 49099 ||| Stepping ~*~*~tactically~*~*~ (retreating).
 49102 | Depths:4 | 49102 ||| RETREATING.
 49103 | Depths:4 | 49103 ||| Stepping ~*~*~tactically~*~*~ (retreating).
 49131 | Depths:4 | 49131 ||| RETREATING.
 49132 | Depths:4 | 49132 ||| Stepping ~*~*~tactically~*~*~ (retreating).
 49175 | Depths:4 | 49175 ||| RETREATING.
 49179 | Depths:4 | 49179 ||| INVOKING Heroism.
 49430 | Depths:4 | 49430 ||| RETREATING.
 49574 | Depths:4 | Noticed a golden dragon
 49575 | Depths:4 | 49575 ||| RETREATING.
 49582 | Depths:4 | 49582 ||| INVOKING Heroism.
 49583 | Depths:4 | 49583 ||| INVOKING Finesse.
 49588 | Depths:4 | Killed a golden dragon
 49633 | Depths:4 | Found a gate to the Realm of Zot.
 49754 | Depths:4 | 49754 ||| PLANNING VAULTS:5
 50017 | Vaults:5 | Entered Level 5 of the Vaults
 50018 | Vaults:5 | 50018 ||| Stepping ~*~*~tactically~*~*~ (retreating).
 50019 | Vaults:5 | 50019 ||| Stepping ~*~*~tactically~*~*~ (retreating).
 50021 | Vaults:5 | 50021 ||| Stepping ~*~*~tactically~*~*~ (retreating).
 50022 | Vaults:5 | 50022 ||| Stepping ~*~*~tactically~*~*~ (retreating).
 50026 | Vaults:5 | 50026 ||| INVOKING Heroism.
 50034 | Vaults:5 | HP: 41/172 [vault guard/+2 battleaxe (16)]
 50038 | Vaults:5 | HP: 8/172 [vault guard/+2 battleaxe (14)]
 50040 | Vaults:5 | Slain by a vault guard
                  | ... wielding a +0 great mace
                  | (12 damage)
 50058 | Vaults:5 | 50058 ||| INVOKING Heroism.
 50058 | Vaults:5 | HP: 43/172 [vault guard/+2 battleaxe (7)]
 50064 | Vaults:5 | HP: 16/172 [yaktaur captain/bolt (21)]
 50064 | Vaults:5 | HP: 1/172 [vault guard/+0 broad axe (15)]
 50065 | Vaults:5 | Mangled by a vault guard
                  | ... wielding a +2 battleaxe
                  | (11 damage)
 50077 | Vaults:5 | 50077 ||| INVOKING Heroism.
 50083 | Vaults:5 | HP: 33/172 [stone giant (27)]
 50086 | Vaults:5 | HP: 13/172 [stone giant (17)]
 50088 | Vaults:5 | Slain by a stone giant (20 damage)
 50090 | Vaults:5 | 50090 ||| Stepping ~*~*~tactically~*~*~ (retreating).
 50091 | Vaults:5 | 50091 ||| Stepping ~*~*~tactically~*~*~ (retreating).
 50225 | Vaults:5 | 50225 ||| INVOKING Heroism.
 50248 | Vaults:5 | Received a gift from Okawaru
 50303 | Vaults:5 | 50303 ||| INVOKING Heroism.
 50315 | Vaults:5 | 50315 ||| Stepping ~*~*~tactically~*~*~ (retreating).
 50316 | Vaults:5 | 50316 ||| Stepping ~*~*~tactically~*~*~ (retreating).
 50318 | Vaults:5 | 50318 ||| Stepping ~*~*~tactically~*~*~ (retreating).
 50319 | Vaults:5 | 50319 ||| Stepping ~*~*~tactically~*~*~ (retreating).
 50332 | Vaults:5 | 50332 ||| INVOKING Heroism.
 50339 | Vaults:5 | Reached XP level 24. HP: 88/177 MP: 30/30
 50577 | Vaults:5 | 50577 ||| INVOKING Heroism.
 50647 | Vaults:5 | 50647 ||| FLEEEEING.
 50648 | Vaults:5 | 50648 ||| FLEEEEING.
 50649 | Vaults:5 | 50649 ||| FLEEEEING.
 50650 | Vaults:5 | 50650 ||| FLEEEEING.
 50651 | Vaults:5 | 50651 ||| FLEEEEING.
 50652 | Vaults:5 | 50652 ||| FLEEEEING.
 50653 | Vaults:5 | 50653 ||| FLEEEEING.
 50654 | Vaults:5 | 50654 ||| FLEEEEING.
 50655 | Vaults:5 | 50655 ||| FLEEEEING.
 50662 | Vaults:5 | 50662 ||| FLEEEEING.
 50663 | Vaults:5 | 50663 ||| FLEEEEING.
 50664 | Vaults:5 | 50664 ||| FLEEEEING.
 50665 | Vaults:5 | 50665 ||| FLEEEEING.
 50666 | Vaults:5 | 50666 ||| FLEEEEING.
 50671 | Vaults:5 | 50671 ||| FLEEEEING.
 50674 | Vaults:5 | 50674 ||| FLEEEEING.
 50675 | Vaults:5 | 50675 ||| FLEEEEING.
 50676 | Vaults:5 | 50676 ||| FLEEEEING.
 50677 | Vaults:5 | 50677 ||| FLEEEEING.
 50678 | Vaults:5 | 50678 ||| FLEEEEING.
 50679 | Vaults:5 | 50679 ||| FLEEEEING.
 50680 | Vaults:5 | 50680 ||| FLEEEEING.
 50681 | Vaults:5 | 50681 ||| FLEEEEING.
 50688 | Vaults:5 | 50688 ||| FLEEEEING.
 50689 | Vaults:5 | 50689 ||| FLEEEEING.
 50690 | Vaults:5 | 50690 ||| FLEEEEING.
 50691 | Vaults:5 | 50691 ||| FLEEEEING.
 50692 | Vaults:5 | 50692 ||| FLEEEEING.
 50843 | Vaults:5 | 50843 ||| Stepping ~*~*~tactically~*~*~ (outnumbered).
 50846 | Vaults:5 | 50846 ||| Stepping ~*~*~tactically~*~*~ (outnumbered).
 50851 | Vaults:5 | 50851 ||| Stepping ~*~*~tactically~*~*~ (outnumbered).
 50852 | Vaults:5 | 50852 ||| Stepping ~*~*~tactically~*~*~ (outnumbered).
 50875 | Vaults:5 | 50875 ||| FLEEEEING.
 50880 | Vaults:5 | 50880 ||| FLEEEEING.
 50882 | Vaults:5 | 50882 ||| INVOKING Heroism.
 50929 | Vaults:5 | Got a silver rune of Zot
 50934 | Vaults:5 | Identified the +1 leather armour of the True Pharaoh
                  | {Dex+2}
 51036 | Vaults:5 | 51036 ||| INVOKING Heroism.
 51044 | Vaults:5 | 51044 ||| Stepping ~*~*~tactically~*~*~ (outnumbered).
 51068 | Vaults:5 | Found Upnueqiyr's Jewellery Boutique.
 51078 | Vaults:5 | 51078 ||| FLEEEEING.
 51086 | Vaults:5 | 51086 ||| FLEEEEING.
 51087 | Vaults:5 | 51087 ||| FLEEEEING.
 51088 | Vaults:5 | 51088 ||| FLEEEEING.
 51089 | Vaults:5 | 51089 ||| FLEEEEING.
 51090 | Vaults:5 | 51090 ||| FLEEEEING.
 51091 | Vaults:5 | 51091 ||| FLEEEEING.
 51092 | Vaults:5 | 51092 ||| FLEEEEING.
 51093 | Vaults:5 | 51093 ||| FLEEEEING.
 51094 | Vaults:5 | 51094 ||| FLEEEEING.
 51094 | Abyss:2  | Cast into level 2 of the Abyss (a deep elf sorcerer)
 51252 | Abyss:2  | 51252 ||| DRINKING 11 potions of curing.
 51252 | Abyss:2  | 51252 ||| (to cure confusion)
 51315 | Vaults:5 | Escaped the Abyss
 51316 | Vaults:5 | 51316 ||| INVOKING Heroism.
 51318 | Vaults:5 | Reached skill level 27 in Fighting
 51363 | Vaults:5 | 51363 ||| FLEEEEING.
 51364 | Vaults:5 | 51364 ||| FLEEEEING.
 51365 | Vaults:5 | 51365 ||| FLEEEEING.
 51366 | Vaults:5 | 51366 ||| FLEEEEING.
 51367 | Vaults:5 | 51367 ||| FLEEEEING.
 51375 | Vaults:5 | 51375 ||| FLEEEEING.
 51376 | Vaults:5 | 51376 ||| FLEEEEING.
 51377 | Vaults:5 | 51377 ||| FLEEEEING.
 51378 | Vaults:5 | 51378 ||| FLEEEEING.
 51379 | Vaults:5 | 51379 ||| FLEEEEING.
 51380 | Vaults:5 | 51380 ||| FLEEEEING.
 51381 | Vaults:5 | 51381 ||| FLEEEEING.
 51382 | Vaults:5 | 51382 ||| FLEEEEING.
 51383 | Vaults:5 | 51383 ||| FLEEEEING.
 51384 | Vaults:5 | 51384 ||| FLEEEEING.
 51385 | Vaults:5 | 51385 ||| FLEEEEING.
 51386 | Vaults:5 | 51386 ||| FLEEEEING.
 51387 | Vaults:5 | 51387 ||| FLEEEEING.
 51463 | Vaults:5 | Identified the +10 quarterstaff of the Cup {freeze, rElec}
 51478 | Vaults:5 | 51478 ||| Stepping ~*~*~tactically~*~*~ (outnumbered).
 51480 | Vaults:5 | 51480 ||| Stepping ~*~*~tactically~*~*~ (retreating).
 51481 | Vaults:5 | 51481 ||| INVOKING Heroism.
 51482 | Vaults:5 | 51482 ||| Stepping ~*~*~tactically~*~*~ (retreating).
 51540 | Vaults:5 | 51540 ||| FLEEEEING.
 51541 | Vaults:5 | 51541 ||| FLEEEEING.
 51542 | Vaults:5 | 51542 ||| FLEEEEING.
 51543 | Vaults:5 | 51543 ||| FLEEEEING.
 51544 | Vaults:5 | 51544 ||| FLEEEEING.
 51545 | Vaults:5 | 51545 ||| FLEEEEING.
 51550 | Vaults:5 | 51550 ||| FLEEEEING.
 51551 | Vaults:5 | 51551 ||| FLEEEEING.
 51552 | Vaults:5 | 51552 ||| FLEEEEING.
 51553 | Vaults:5 | 51553 ||| FLEEEEING.
 51554 | Vaults:5 | 51554 ||| FLEEEEING.
 51555 | Vaults:5 | 51555 ||| FLEEEEING.
 51766 | Vaults:5 | Identified the +6 spear "Fediryri" {heavy, rC+}
 51780 | Vaults:5 | Received a gift from Okawaru
 51803 | Vaults:5 | Identified the +4 war axe "Jaimoim" {elec, *Rage rC+++
                  | rCorr Stlth+}
 51804 | Vaults:5 | Identified the +5 mace of Hacking and Slashing {flame,
                  | Will+}
 51831 | Vaults:5 | 51831 ||| READING scroll of enchant weapon.
 51831 | Vaults:5 | 51831 ||| ENCHANTING +3 heavy triple crossbow.
 51869 | Vaults:5 | 51869 ||| FLEEEEING.
 51870 | Vaults:5 | 51870 ||| FLEEEEING.
 51871 | Vaults:5 | 51871 ||| FLEEEEING.
 51883 | Vaults:5 | 51883 ||| FLEEEEING.
 51884 | Vaults:5 | 51884 ||| FLEEEEING.
 51886 | Vaults:5 | 51886 ||| FLEEEEING.
 51887 | Vaults:5 | 51887 ||| FLEEEEING.
 51888 | Vaults:5 | 51888 ||| FLEEEEING.
 51889 | Vaults:5 | 51889 ||| RETREATING.
 51890 | Vaults:5 | 51890 ||| FLEEEEING.
 51894 | Vaults:5 | 51894 ||| FLEEEEING.
 51895 | Vaults:5 | 51895 ||| FLEEEEING.
 51896 | Vaults:5 | 51896 ||| FLEEEEING.
 51897 | Vaults:5 | 51897 ||| FLEEEEING.
 51898 | Vaults:5 | 51898 ||| FLEEEEING.
 51899 | Vaults:5 | 51899 ||| FLEEEEING.
 51901 | Vaults:5 | 51901 ||| FLEEEEING.
 51907 | Vaults:5 | 51907 ||| FLEEEEING.
 51910 | Vaults:5 | 51910 ||| Stepping ~*~*~tactically~*~*~ (retreating).
 51911 | Vaults:5 | 51911 ||| Stepping ~*~*~tactically~*~*~ (retreating).
 51913 | Vaults:5 | 51913 ||| INVOKING Heroism.
 51915 | Vaults:5 | 51915 ||| Stepping ~*~*~tactically~*~*~ (retreating).
 51916 | Vaults:5 | 51916 ||| Stepping ~*~*~tactically~*~*~ (retreating).
 51925 | Vaults:5 | Noticed an ancient lich
 51926 | Vaults:5 | 51926 ||| INVOKING Finesse.
 51928 | Vaults:5 | 51928 ||| Stepping ~*~*~tactically~*~*~ (retreating).
 51932 | Vaults:5 | Killed an ancient lich
 51933 | Vaults:5 | 51933 ||| Stepping ~*~*~tactically~*~*~ (outnumbered).
 52350 | Vaults:5 | Identified the +6 chain mail of Past Mistakes {rElec}
 52397 | Vaults:5 | 52397 ||| PLANNING SHOPPING SPREE
 52397 | Vaults:5 | 52397 ||| DROPPING +2 ring mail of cold resistance.
 52398 | Vaults:5 | 52398 ||| DROPPING +3 leather armour of willpower.
 52399 | Vaults:5 | 52399 ||| DROPPING +4 ring mail.
 52400 | Vaults:5 | 52400 ||| UPGRADING to +2 pair of gloves of strength.
 52410 | Vaults:5 | 52410 ||| DROPPING +2 pair of gloves.
 52411 | Vaults:5 | 52411 ||| DROPPING +2 ring mail of cold resistance.
 52412 | Vaults:5 | 52412 ||| DROPPING +1 leather armour of the True Pharaoh
                  | {Dex+2}.
 52413 | Vaults:5 | 52413 ||| DROPPING +1 pair of gloves.
 52414 | Vaults:5 | 52414 ||| DROPPING scarf of invisibility.
 52415 | Vaults:5 | 52415 ||| DROPPING amulet of the acrobat.
 52416 | Vaults:5 | 52416 ||| DROPPING ring of ice.
 52807 | Orc:2    | 52807 ||| BUYING heavily jewelled robe (165 gold).
 52807 | Orc:2    | Bought a heavily jewelled robe for 165 gold pieces
 52807 | Orc:2    | Identified the +2 robe "Qiwnimoh" {rN+ Int+2} (You bought
                  | it in a shop on level 2 of the Orcish Mines)
 52807 | Orc:2    | 52807 ||| DROPPING +2 robe "Qiwnimoh" {rN+ Int+2}.
 52808 | Orc:2    | 52808 ||| PLANNING ZOT:1-4
 53200 | Zot:1    | Entered Level 1 of the Realm of Zot
 53201 | Zot:1    | 53201 ||| INVOKING Heroism.
 53204 | Zot:1    | 53204 ||| STAIRDANCE
 53315 | Zot:1    | 53315 ||| STAIRDANCE
 53382 | Zot:1    | 53382 ||| STAIRDANCE
 53426 | Zot:1    | 53426 ||| STAIRDANCE
 53428 | Depths:4 | 53428 ||| INVOKING Heroism.
 53445 | Zot:1    | 53445 ||| STAIRDANCE
 53447 | Depths:4 | 53447 ||| Stepping ~*~*~tactically~*~*~ (retreating).
 53448 | Depths:4 | 53448 ||| Stepping ~*~*~tactically~*~*~ (retreating).
 53449 | Depths:4 | 53449 ||| Stepping ~*~*~tactically~*~*~ (retreating).
 53453 | Depths:4 | 53453 ||| INVOKING Heroism.
 53563 | Zot:1    | 53563 ||| INVOKING Heroism.
 53574 | Zot:1    | Reached skill level 21 in Dodging
 53860 | Zot:1    | Noticed a shard shrike
 53863 | Zot:1    | 53863 ||| INVOKING Heroism.
 53864 | Zot:1    | 53864 ||| INVOKING Finesse.
 53871 | Zot:1    | Noticed an orb of fire
 53872 | Zot:1    | 53872 ||| DRINKING 3 potions of resistance.
 53873 | Zot:1    | 53873 ||| RETREATING.
 53874 | Zot:1    | 53874 ||| Stepping ~*~*~tactically~*~*~ (retreating).
 53876 | Zot:1    | 53876 ||| Stepping ~*~*~tactically~*~*~ (retreating).
 53878 | Zot:1    | 53878 ||| Stepping ~*~*~tactically~*~*~ (retreating).
 53879 | Zot:1    | Killed a shard shrike
 53883 | Zot:1    | Killed an orb of fire
 54051 | Zot:1    | Reached skill level 12 in Armour
 54051 | Zot:1    | Received a gift from Okawaru
 54087 | Zot:1    | 54087 ||| Stepping ~*~*~tactically~*~*~ (retreating).
 54093 | Zot:1    | 54093 ||| Stepping ~*~*~tactically~*~*~ (retreating).
 54096 | Zot:1    | 54096 ||| Stepping ~*~*~tactically~*~*~ (retreating).
 54097 | Zot:1    | 54097 ||| RETREATING.
 54110 | Zot:1    | 54110 ||| Stepping ~*~*~tactically~*~*~ (retreating).
 54116 | Zot:1    | 54116 ||| INVOKING Heroism.
 54486 | Zot:1    | 54486 ||| INVOKING Heroism.
 54487 | Zot:1    | 54487 ||| Stepping ~*~*~tactically~*~*~ (retreating).
 54488 | Zot:1    | 54488 ||| Stepping ~*~*~tactically~*~*~ (retreating).
 54489 | Zot:1    | 54489 ||| Stepping ~*~*~tactically~*~*~ (retreating).
 54490 | Zot:1    | 54490 ||| Stepping ~*~*~tactically~*~*~ (retreating).
 54598 | Zot:1    | 54598 ||| INVOKING Heroism.
 54626 | Zot:1    | 54626 ||| INVOKING Heroism.
 54825 | Zot:1    | 54825 ||| RETREATING.
 54829 | Zot:1    | 54829 ||| Stepping ~*~*~tactically~*~*~ (outnumbered).
 54839 | Zot:1    | 54839 ||| INVOKING Heroism.
 54853 | Zot:1    | Reached XP level 25. HP: 142/185 MP: 31/31
 54975 | Zot:1    | Identified the +3 plate armour of Unreason {Fly rC+ Will++
                  | Dex-3}
 55260 | Zot:1    | 55260 ||| RETREATING.
 55269 | Zot:1    | 55269 ||| Stepping ~*~*~tactically~*~*~ (outnumbered).
 55277 | Zot:1    | 55277 ||| Stepping ~*~*~tactically~*~*~ (outnumbered).
 55279 | Zot:1    | 55279 ||| Stepping ~*~*~tactically~*~*~ (outnumbered).
 55281 | Zot:1    | 55281 ||| Stepping ~*~*~tactically~*~*~ (outnumbered).
 55285 | Zot:1    | 55285 ||| Stepping ~*~*~tactically~*~*~ (outnumbered).
 55385 | Zot:1    | 55385 ||| INVOKING Heroism.
 55458 | Zot:1    | 55458 ||| FLEEEEING.
 55459 | Zot:1    | 55459 ||| FLEEEEING.
 55475 | Zot:1    | 55475 ||| FLEEEEING.
 55476 | Zot:1    | 55476 ||| FLEEEEING.
 55477 | Zot:1    | 55477 ||| FLEEEEING.
 55541 | Zot:1    | 55541 ||| RETREATING.
 55663 | Zot:1    | 55663 ||| Stepping ~*~*~tactically~*~*~ (outnumbered).
 55665 | Zot:1    | 55665 ||| Stepping ~*~*~tactically~*~*~ (outnumbered).
 55737 | Zot:1    | 55737 ||| DROPPING +0 robe of fire resistance.
 55738 | Zot:1    | 55738 ||| DROPPING +3 ring mail.
 55775 | Zot:2    | 55775 ||| STAIRDANCE
 55846 | Zot:2    | 55846 ||| STAIRDANCE
 55874 | Zot:2    | 55874 ||| STAIRDANCE
 55948 | Zot:2    | 55948 ||| INVOKING Heroism.
 55987 | Zot:2    | 55987 ||| Stepping ~*~*~tactically~*~*~ (retreating).
 55988 | Zot:2    | 55988 ||| FLEEEEING.
 55989 | Zot:2    | 55989 ||| STAIRDANCE
 56038 | Zot:1    | 56038 ||| DROPPING +2 leather armour of poison resistance.
 56041 | Zot:2    | 56041 ||| STAIRDANCE
 56097 | Zot:2    | 56097 ||| STAIRDANCE
 56119 | Zot:2    | 56119 ||| STAIRDANCE
 56172 | Zot:2    | 56172 ||| STAIRDANCE
 56197 | Zot:2    | 56197 ||| RETREATING.
 56200 | Zot:2    | 56200 ||| Stepping ~*~*~tactically~*~*~ (retreating).
 56201 | Zot:2    | 56201 ||| Stepping ~*~*~tactically~*~*~ (retreating).
 56206 | Zot:2    | 56206 ||| INVOKING Heroism.
 56209 | Zot:2    | HP: 45/187 [acid[a white draconian stormcaller] (3)]
 56210 | Zot:2    | 56210 ||| READING 4 scrolls of teleportation.
 56211 | Zot:2    | 56211 ||| DRINKING 3 potions of heal wounds.
 56212 | Zot:2    | 56212 ||| Stepping ~*~*~tactically~*~*~ (outnumbered).
 56213 | Zot:2    | 56213 ||| Stepping ~*~*~tactically~*~*~ (retreating).
 56215 | Zot:2    | HP: 46/187 [white draconian stormcaller/divine providence
                  | (12)]
 56216 | Zot:2    | 56216 ||| DRINKING 2 potions of heal wounds.
 56220 | Zot:2    | 56220 ||| Stepping ~*~*~tactically~*~*~ (retreating).
 56222 | Zot:2    | Identified the +5 quarterstaff "Sarcophage" {freeze, rC-
                  | rCorr MP+9 Dex+3} (Okawaru gifted it to you on level 2 of
                  | the Realm of Zot)
 56222 | Zot:2    | Received a gift from Okawaru
 56224 | Zot:2    | HP: 46/187 [white draconian stormcaller/divine providence
                  | (11)]
 56225 | Zot:2    | 56225 ||| READING 3 scrolls of teleportation.
 56226 | Zot:2    | 56226 ||| DRINKING potion of heal wounds.
 56230 | Zot:2    | HP: 20/187 [white draconian stormcaller/divine providence
                  | (11)]
 56766 | Zot:2    | 56766 ||| INVOKING Heroism.
 56768 | Zot:2    | 56768 ||| Stepping ~*~*~tactically~*~*~ (retreating).
 56769 | Zot:2    | 56769 ||| Stepping ~*~*~tactically~*~*~ (retreating).
 56770 | Zot:2    | 56770 ||| Stepping ~*~*~tactically~*~*~ (retreating).
 56771 | Zot:2    | 56771 ||| Stepping ~*~*~tactically~*~*~ (retreating).
 56830 | Zot:2    | 56830 ||| RETREATING.
 56847 | Zot:2    | 56847 ||| Stepping ~*~*~tactically~*~*~ (retreating).
 56848 | Zot:2    | 56848 ||| Stepping ~*~*~tactically~*~*~ (retreating).
 57086 | Zot:2    | You are sucked into a shaft and drop 1 floor!
 57087 | Zot:3    | 57087 ||| INVOKING Heroism.
 57092 | Zot:3    | 57092 ||| RETREATING.
 57105 | Zot:3    | Reached skill level 15 in Armour
 57111 | Zot:3    | HP: 45/187 [purple draconian/+0 hand axe (5)]
 57112 | Zot:3    | 57112 ||| READING 2 scrolls of teleportation.
 57113 | Zot:3    | 57113 ||| DRINKING potion of heal wounds.
 57114 | Zot:3    | 57114 ||| INVOKING Heroism.
 57115 | Zot:3    | Noticed a Killer Klown
 57118 | Zot:3    | 57118 ||| READING scroll of teleportation.
 57123 | Zot:3    | HP: 34/187 [moth of wrath (16)]
 57130 | Zot:3    | 57130 ||| FLEEEEING.
 57131 | Zot:3    | 57131 ||| FLEEEEING.
 57132 | Zot:3    | 57132 ||| FLEEEEING.
 57133 | Zot:3    | 57133 ||| FLEEEEING.
 57134 | Zot:3    | 57134 ||| FLEEEEING.
 57135 | Zot:3    | 57135 ||| STAIRDANCE
 57528 | Zot:3    | 57528 ||| INVOKING Heroism.
 57530 | Zot:3    | 57530 ||| RETREATING.
 57533 | Zot:3    | 57533 ||| Stepping ~*~*~tactically~*~*~ (retreating).
 57534 | Zot:3    | 57534 ||| Stepping ~*~*~tactically~*~*~ (retreating).
 57535 | Zot:3    | 57535 ||| STAIRDANCE
 57556 | Zot:3    | 57556 ||| STAIRDANCE
 57557 | Zot:3    | 57557 ||| RETREATING.
 57559 | Zot:3    | 57559 ||| Stepping ~*~*~tactically~*~*~ (retreating).
 57560 | Zot:3    | 57560 ||| Stepping ~*~*~tactically~*~*~ (retreating).
 57561 | Zot:3    | 57561 ||| Stepping ~*~*~tactically~*~*~ (retreating).
 57562 | Zot:3    | 57562 ||| Stepping ~*~*~tactically~*~*~ (retreating).
 57563 | Zot:3    | 57563 ||| Stepping ~*~*~tactically~*~*~ (retreating).
 57564 | Zot:3    | 57564 ||| Stepping ~*~*~tactically~*~*~ (retreating).
 57565 | Zot:3    | 57565 ||| Stepping ~*~*~tactically~*~*~ (retreating).
 57566 | Zot:3    | 57566 ||| Stepping ~*~*~tactically~*~*~ (retreating).
 57567 | Zot:3    | 57567 ||| Stepping ~*~*~tactically~*~*~ (retreating).
 57568 | Zot:3    | 57568 ||| INVOKING Heroism.
 57575 | Zot:3    | 57575 ||| INVOKING Finesse.
 57579 | Zot:3    | Killed a Killer Klown
 57591 | Zot:3    | Received a gift from Okawaru
 57737 | Zot:3    | Found a transporter.
 57837 | Zot:3    | 57837 ||| INVOKING Heroism.
 57865 | Zot:3    | 57865 ||| Stepping ~*~*~tactically~*~*~ (retreating).
 57871 | Zot:3    | 57871 ||| RETREATING.
 57873 | Zot:3    | 57873 ||| Stepping ~*~*~tactically~*~*~ (retreating).
 57874 | Zot:3    | 57874 ||| Stepping ~*~*~tactically~*~*~ (retreating).
 57875 | Zot:3    | 57875 ||| Stepping ~*~*~tactically~*~*~ (retreating).
 57887 | Zot:3    | 57887 ||| INVOKING Heroism.
 58171 | Zot:3    | Identified the +9 long sword of Integrity {antimagic, rElec
                  | rN++ Int-2}
 58182 | Zot:3    | Found a transporter.
 58194 | Zot:3    | 58194 ||| INVOKING Heroism.
 58201 | Zot:3    | 58201 ||| RETREATING.
 58204 | Zot:3    | 58204 ||| RETREATING.
 58570 | Zot:4    | 58570 ||| RETREATING.
 58571 | Zot:4    | 58571 ||| Stepping ~*~*~tactically~*~*~ (retreating).
 58572 | Zot:4    | 58572 ||| Stepping ~*~*~tactically~*~*~ (retreating).
 58573 | Zot:4    | 58573 ||| Stepping ~*~*~tactically~*~*~ (retreating).
 58574 | Zot:4    | 58574 ||| Stepping ~*~*~tactically~*~*~ (retreating).
 58575 | Zot:4    | 58575 ||| Stepping ~*~*~tactically~*~*~ (outnumbered).
 58578 | Zot:4    | 58578 ||| Stepping ~*~*~tactically~*~*~ (retreating).
 58579 | Zot:4    | 58579 ||| Stepping ~*~*~tactically~*~*~ (retreating).
 58580 | Zot:4    | 58580 ||| Stepping ~*~*~tactically~*~*~ (retreating).
 58581 | Zot:4    | 58581 ||| Stepping ~*~*~tactically~*~*~ (outnumbered).
 58582 | Zot:4    | 58582 ||| Stepping ~*~*~tactically~*~*~ (retreating).
 58583 | Zot:4    | 58583 ||| Stepping ~*~*~tactically~*~*~ (retreating).
 58584 | Zot:4    | 58584 ||| Stepping ~*~*~tactically~*~*~ (retreating).
 58585 | Zot:4    | 58585 ||| Stepping ~*~*~tactically~*~*~ (retreating).
 58586 | Zot:4    | 58586 ||| Stepping ~*~*~tactically~*~*~ (retreating).
 58587 | Zot:4    | 58587 ||| Stepping ~*~*~tactically~*~*~ (retreating).
 58588 | Zot:4    | 58588 ||| INVOKING Heroism.
 58591 | Zot:4    | 58591 ||| Stepping ~*~*~tactically~*~*~ (retreating).
 58592 | Zot:4    | 58592 ||| Stepping ~*~*~tactically~*~*~ (retreating).
 58593 | Zot:4    | 58593 ||| Stepping ~*~*~tactically~*~*~ (retreating).
 58594 | Zot:4    | 58594 ||| Stepping ~*~*~tactically~*~*~ (retreating).
 58595 | Zot:4    | 58595 ||| Stepping ~*~*~tactically~*~*~ (retreating).
 58596 | Zot:4    | 58596 ||| Stepping ~*~*~tactically~*~*~ (retreating).
 58597 | Zot:4    | 58597 ||| Stepping ~*~*~tactically~*~*~ (retreating).
 58598 | Zot:4    | 58598 ||| Stepping ~*~*~tactically~*~*~ (outnumbered).
 58602 | Zot:4    | HP: 41/187 [storm dragon (19)]
 58603 | Zot:4    | 58603 ||| READING 3 scrolls of teleportation.
 58604 | Zot:4    | 58604 ||| Stepping ~*~*~tactically~*~*~ (retreating).
 58605 | Zot:4    | 58605 ||| Stepping ~*~*~tactically~*~*~ (outnumbered).
 58606 | Zot:4    | 58606 ||| Stepping ~*~*~tactically~*~*~ (retreating).
 58607 | Zot:4    | 58607 ||| Stepping ~*~*~tactically~*~*~ (retreating).
 58607 | Zot:4    | HP: 8/187 [black draconian knight/+0 dire flail (15)]
 58608 | Zot:4    | 58608 ||| Stepping ~*~*~tactically~*~*~ (retreating).
 58609 | Zot:4    | 58609 ||| Stepping ~*~*~tactically~*~*~ (retreating).
 58609 | Zot:4    | Killed from afar by a black draconian knight (10 damage)
                  | ... with a bolt of lightning
 58610 | Zot:4    | 58610 ||| Stepping ~*~*~tactically~*~*~ (retreating).
 58627 | Zot:4    | 58627 ||| INVOKING Heroism.
 58749 | Zot:4    | 58749 ||| Stepping ~*~*~tactically~*~*~ (outnumbered).
 58791 | Zot:4    | 58791 ||| Stepping ~*~*~tactically~*~*~ (retreating).
 58792 | Zot:4    | 58792 ||| Stepping ~*~*~tactically~*~*~ (retreating).
 58799 | Zot:4    | 58799 ||| Stepping ~*~*~tactically~*~*~ (retreating).
 58800 | Zot:4    | 58800 ||| Stepping ~*~*~tactically~*~*~ (retreating).
 58801 | Zot:4    | 58801 ||| Stepping ~*~*~tactically~*~*~ (retreating).
 58802 | Zot:4    | 58802 ||| Stepping ~*~*~tactically~*~*~ (retreating).
 58803 | Zot:4    | 58803 ||| Stepping ~*~*~tactically~*~*~ (retreating).
 58804 | Zot:4    | 58804 ||| Stepping ~*~*~tactically~*~*~ (retreating).
 58806 | Zot:4    | 58806 ||| Stepping ~*~*~tactically~*~*~ (retreating).
 58808 | Zot:4    | Reached XP level 26. HP: 173/193 MP: 31/31
 58808 | Zot:4    | 58808 ||| INVOKING Heroism.
 58814 | Zot:4    | 58814 ||| Stepping ~*~*~tactically~*~*~ (retreating).
 58815 | Zot:4    | 58815 ||| Stepping ~*~*~tactically~*~*~ (retreating).
 58816 | Zot:4    | 58816 ||| Stepping ~*~*~tactically~*~*~ (retreating).
 58817 | Zot:4    | 58817 ||| Stepping ~*~*~tactically~*~*~ (retreating).
 58818 | Zot:4    | 58818 ||| Stepping ~*~*~tactically~*~*~ (retreating).
 58821 | Zot:4    | 58821 ||| Stepping ~*~*~tactically~*~*~ (retreating).
 58822 | Zot:4    | 58822 ||| Stepping ~*~*~tactically~*~*~ (retreating).
 58825 | Zot:4    | Reached skill level 18 in Armour
 58826 | Zot:4    | 58826 ||| Stepping ~*~*~tactically~*~*~ (retreating).
 58829 | Zot:4    | 58829 ||| INVOKING Heroism.
 58997 | Zot:4    | 58997 ||| Stepping ~*~*~tactically~*~*~ (retreating).
 58998 | Zot:4    | 58998 ||| Stepping ~*~*~tactically~*~*~ (retreating).
 59001 | Zot:4    | 59001 ||| INVOKING Heroism.
 59007 | Zot:4    | 59007 ||| Stepping ~*~*~tactically~*~*~ (retreating).
 59008 | Zot:4    | 59008 ||| Stepping ~*~*~tactically~*~*~ (retreating).
 59009 | Zot:4    | 59009 ||| Stepping ~*~*~tactically~*~*~ (retreating).
 59010 | Zot:4    | 59010 ||| Stepping ~*~*~tactically~*~*~ (retreating).
 59011 | Zot:4    | 59011 ||| Stepping ~*~*~tactically~*~*~ (retreating).
 59012 | Zot:4    | 59012 ||| Stepping ~*~*~tactically~*~*~ (retreating).
 59013 | Zot:4    | 59013 ||| Stepping ~*~*~tactically~*~*~ (retreating).
 59014 | Zot:4    | 59014 ||| Stepping ~*~*~tactically~*~*~ (retreating).
 59019 | Zot:4    | 59019 ||| Stepping ~*~*~tactically~*~*~ (retreating).
 59021 | Zot:4    | 59021 ||| Stepping ~*~*~tactically~*~*~ (retreating).
 59022 | Zot:4    | 59022 ||| Stepping ~*~*~tactically~*~*~ (retreating).
 59023 | Zot:4    | 59023 ||| Stepping ~*~*~tactically~*~*~ (retreating).
 59024 | Zot:4    | 59024 ||| Stepping ~*~*~tactically~*~*~ (retreating).
 59025 | Zot:4    | 59025 ||| Stepping ~*~*~tactically~*~*~ (retreating).
 59026 | Zot:4    | 59026 ||| Stepping ~*~*~tactically~*~*~ (retreating).
 59027 | Zot:4    | 59027 ||| Stepping ~*~*~tactically~*~*~ (retreating).
 59031 | Zot:4    | 59031 ||| Stepping ~*~*~tactically~*~*~ (outnumbered).
 59034 | Zot:4    | 59034 ||| Stepping ~*~*~tactically~*~*~ (retreating).
 59035 | Zot:4    | 59035 ||| Stepping ~*~*~tactically~*~*~ (retreating).
 59036 | Zot:4    | 59036 ||| Stepping ~*~*~tactically~*~*~ (retreating).
 59038 | Zot:4    | 59038 ||| Stepping ~*~*~tactically~*~*~ (retreating).
 59039 | Zot:4    | 59039 ||| Stepping ~*~*~tactically~*~*~ (retreating).
 59045 | Zot:4    | 59045 ||| Stepping ~*~*~tactically~*~*~ (retreating).
 59214 | Zot:4    | 59214 ||| RETREATING.
 59236 | Zot:4    | 59236 ||| INVOKING Heroism.
 59247 | Zot:4    | Received a gift from Okawaru
 59249 | Zot:4    | 59249 ||| INVOKING Heroism.
 59738 | Zot:4    | 59738 ||| PLANNING ORB
 59738 | Zot:4    | 59738 ||| DROPPING +2 helmet of intelligence.
 59762 | Zot:5    | Entered Level 5 of the Realm of Zot
 59763 | Zot:5    | 59763 ||| STAIRDANCE
 59770 | Zot:5    | 59770 ||| STAIRDANCE
 59881 | Zot:5    | 59881 ||| INVOKING Heroism.
 59883 | Zot:5    | 59883 ||| STAIRDANCE
 59890 | Zot:5    | 59890 ||| STAIRDANCE
 59978 | Zot:5    | 59978 ||| Stepping ~*~*~tactically~*~*~ (outnumbered).
 59979 | Zot:5    | 59979 ||| Stepping ~*~*~tactically~*~*~ (outnumbered).
 59984 | Zot:5    | 59984 ||| INVOKING Heroism.
 59985 | Zot:5    | 59985 ||| RETREATING.
 60092 | Zot:5    | 60092 ||| READING scroll of enchant weapon.
 60092 | Zot:5    | 60092 ||| ENCHANTING +4 heavy triple crossbow.
 60242 | Zot:5    | Noticed a Killer Klown
 60243 | Zot:5    | 60243 ||| INVOKING Heroism.
 60245 | Zot:5    | Noticed an ancient lich
 60249 | Zot:5    | 60249 ||| RETREATING.
 60254 | Zot:5    | 60254 ||| Stepping ~*~*~tactically~*~*~ (retreating).
 60256 | Zot:5    | 60256 ||| Stepping ~*~*~tactically~*~*~ (retreating).
 60257 | Zot:5    | 60257 ||| Stepping ~*~*~tactically~*~*~ (retreating).
 60258 | Zot:5    | 60258 ||| Stepping ~*~*~tactically~*~*~ (retreating).
 60259 | Zot:5    | 60259 ||| Stepping ~*~*~tactically~*~*~ (retreating).
 60262 | Zot:5    | Killed an ancient lich
 60265 | Zot:5    | 60265 ||| Stepping ~*~*~tactically~*~*~ (outnumbered).
 60266 | Zot:5    | HP: 48/193 [red draconian/searing blast (6)]
 60267 | Zot:5    | 60267 ||| READING 2 scrolls of teleportation.
 60270 | Zot:5    | 60270 ||| INVOKING Heroism.
 60271 | Zot:5    | 60271 ||| Stepping ~*~*~tactically~*~*~ (retreating).
 60272 | Zot:5    | 60272 ||| Stepping ~*~*~tactically~*~*~ (retreating).
 60273 | Zot:5    | HP: 43/193 [green draconian/+0 hand axe (10)]
 60274 | Zot:5    | 60274 ||| Stepping ~*~*~tactically~*~*~ (retreating).
 60275 | Zot:5    | 60275 ||| Stepping ~*~*~tactically~*~*~ (retreating).
 60276 | Zot:5    | 60276 ||| Stepping ~*~*~tactically~*~*~ (retreating).
 60276 | Zot:5    | Noticed a Killer Klown
 60276 | Zot:5    | Noticed a Killer Klown
 60276 | Zot:5    | Noticed an orb of fire
 60276 | Zot:5    | Found the +4 dragonskin cloak
 60276 | Zot:5    | Noticed Tiamat
 60277 | Zot:5    | 60277 ||| READING scroll of teleportation.
 60278 | Zot:5    | 60278 ||| Stepping ~*~*~tactically~*~*~ (retreating).
 60278 | Zot:5    | Killed from afar by Tiamat (87 damage)
                  | ... with a blast of cold
 60280 | Zot:5    | 60280 ||| Stepping ~*~*~tactically~*~*~ (retreating).
 60283 | Zot:5    | Noticed a Killer Klown
 60284 | Zot:5    | 60284 ||| Stepping ~*~*~tactically~*~*~ (retreating).
 60285 | Zot:5    | 60285 ||| Stepping ~*~*~tactically~*~*~ (retreating).
 60285 | Zot:5    | Noticed a Killer Klown
 60286 | Zot:5    | 60286 ||| DRINKING 3 potions of resistance.
 60287 | Zot:5    | 60287 ||| Stepping ~*~*~tactically~*~*~ (retreating).
 60287 | Zot:5    | Gained mutation: You are weak. (Str -2) [an orb of fire]
 60287 | Zot:5    | Gained mutation: You occasionally lose the ability to read
                  | scrolls when taking damage. [an orb of fire]
 60288 | Zot:5    | 60288 ||| Stepping ~*~*~tactically~*~*~ (retreating).
 60288 | Zot:5    | Noticed an orb of fire
 60288 | Zot:5    | Noticed an orb of fire
 60289 | Zot:5    | HP: 30/193 [Killer Klown/klown pie (34)]
 60290 | Zot:5    | Killed from afar by a Killer Klown (23 damage)
                  | ... with a klown pie
 60291 | Zot:5    | Gained mutation: You have an uncontrollable temper. [an orb
                  | of fire]
 60294 | Zot:5    | 60294 ||| Stepping ~*~*~tactically~*~*~ (retreating).
 60296 | Zot:5    | Gained mutation: Your body sometimes deteriorates upon
                  | taking damage. [an orb of fire]
 60297 | Zot:5    | 60297 ||| Stepping ~*~*~tactically~*~*~ (retreating).
 60297 | Zot:5    | Lost mutation: You are weak. (Str -2) [an orb of fire]
 60299 | Zot:5    | HP: 44/193 [wind drake/the air[Tiamat] (5)]
 60299 | Zot:5    | HP: 3/193 [quicksilver dragon (25)]
 60300 | Zot:5    | Killed from afar by a storm dragon (11 damage)
                  | ... with a bolt of lightning
 60301 | Zot:5    | 60301 ||| Stepping ~*~*~tactically~*~*~ (retreating).
 60303 | Zot:5    | Gained mutation: Potions are less effective at restoring
                  | your health. [an orb of fire]
 60304 | Zot:5    | 60304 ||| INVOKING Heroism.
 60305 | Zot:5    | 60305 ||| Stepping ~*~*~tactically~*~*~ (retreating).
 60306 | Zot:5    | 60306 ||| Stepping ~*~*~tactically~*~*~ (retreating).
 60306 | Zot:5    | Gained mutation: You occasionally shout uncontrollably at
                  | your foes. [an orb of fire]
 60308 | Zot:5    | 60308 ||| Stepping ~*~*~tactically~*~*~ (retreating).
 60310 | Zot:5    | Killed an orb of fire
 60310 | Zot:5    | HP: 47/193 [purple draconian/+0 long sword[Tiamat] (29)]
 60310 | Zot:5    | Gained mutation: You are vulnerable to heat. (rF-) [an orb
                  | of fire]
 60311 | Zot:5    | Gained mutation: You are dopey. (Int -2) [an orb of fire]
 60311 | Zot:5    | Gained mutation: You are very dopey. (Int -4) [an orb of
                  | fire]
 60312 | Zot:5    | Killed a Killer Klown
 60312 | Zot:5    | Noticed a Killer Klown
 60313 | Zot:5    | Gained mutation: Your spells are a little easier to cast,
                  | but a little less powerful. [an orb of fire]
 60314 | Zot:5    | HP: 18/193 [sphinx/divine providence (7)]
 60314 | Zot:5    | Noticed a Killer Klown
 60315 | Zot:5    | Gained mutation: You are weak. (Str -2) [an orb of fire]
 60316 | Zot:5    | HP: 8/193 [white draconian stormcaller/divine
                  | providence[Tiamat] (9)]
 60317 | Zot:5    | Mangled by Tiamat
                  | ... wielding a +5 bardiche of flaming
                  | (15 damage)
 60318 | Zot:5    | Gained mutation: You occasionally lose the ability to drink
                  | potions when taking damage. [an orb of fire]
 60318 | Zot:5    | Killed an orb of fire
 60319 | Zot:5    | Noticed a Killer Klown
 60319 | Zot:5    | HP: 1/193 [Killer Klown/+10 club of electrocution (4)]
 60320 | Zot:5    | Killed an orb of fire
 60320 | Zot:5    | Killed from afar by a Killer Klown (26 damage)
                  | ... with a klown pie
 60322 | Zot:5    | Noticed a Killer Klown
 60325 | Zot:5    | HP: 45/193 [Orb Guardian (4)]
 60325 | Zot:5    | Noticed an orb of fire
 60326 | Zot:5    | HP: 7/193 [Tiamat/+5 bardiche of flaming (36)]
 60326 | Zot:5    | HP: 1/193 [Tiamat/+5 bardiche of flaming (6)]
 60328 | Zot:5    | Slain by an Orb Guardian (5 damage)
 60328 | Zot:5    | Noticed a Killer Klown
 60329 | Zot:5    | Demolished by Tiamat
                  | ... wielding a +5 bardiche of flaming
                  | (26 damage)
 60331 | Zot:5    | Gained mutation: Your magical capacity is low. (-10% MP)
                  | [an orb of fire]
 60332 | Zot:5    | Gained mutation: Your magical capacity is very low. (-20%
                  | MP) [an orb of fire]
 60334 | Zot:5    | 60334 ||| INVOKING Heroism.
 60335 | Zot:5    | HP: 46/193 [Orb Guardian (18)]
 60335 | Zot:5    | HP: 15/193 [sphinx/divine providence (13)]
 60335 | Zot:5    | Killed from afar by a Killer Klown (18 damage)
                  | ... with a klown pie
 60338 | Zot:5    | Slain by a Killer Klown
                  | ... wielding a +12 club of flaming
                  | (24 damage)
 60340 | Zot:5    | Demolished by an Orb Guardian (50 damage)
 60341 | Zot:5    | HP: 34/193 [Orb Guardian (30)]
 60341 | Zot:5    | Mangled by an Orb Guardian (40 damage)
 60343 | Zot:5    | Gained mutation: You sometimes lose the ability to read
                  | scrolls when taking damage. [an orb of fire]
 60344 | Zot:5    | Slain by an Orb Guardian (22 damage)
 60346 | Zot:5    | 60346 ||| DRINKING 10 potions of curing.
 60346 | Zot:5    | 60346 ||| (to cure confusion)
 60346 | Zot:5    | HP: 45/193 [Orb Guardian (31)]
 60346 | Zot:5    | HP: 16/193 [Killer Klown/+8 club of flaming (26)]
 60346 | Zot:5    | HP: 5/193 [Orb Guardian (9)]
 60346 | Zot:5    | Mangled by an Orb Guardian (18 damage)
 60347 | Zot:5    | 60347 ||| DRINKING 4 potions of cancellation.
 60348 | Zot:5    | 60348 ||| DRINKING 2 potions of resistance.
 60349 | Zot:5    | Mangled by an Orb Guardian (28 damage)
 60351 | Zot:5    | HP: 43/193 [Orb Guardian (16)]
 60351 | Zot:5    | Demolished by Tiamat
                  | ... wielding a +5 bardiche of flaming
                  | (59 damage)
 60352 | Zot:5    | Gained mutation: You frequently scream uncontrollably at
                  | your foes. [an orb of fire]
 60354 | Zot:5    | Slain by an Orb Guardian (47 damage)
 60355 | Zot:5    | Reached skill level 21 in Armour
 60356 | Zot:5    | Gained mutation: Your body often deteriorates upon taking
                  | damage. [an orb of fire]
 60357 | Zot:5    | HP: 45/193 [Orb Guardian (8)]
 60359 | Zot:5    | Gained mutation: You have hidden genetic defects. [an orb
                  | of fire]
 60360 | Zot:5    | HP: 5/193 [orb of fire/bolt of fire (20)]
 60360 | Zot:5    | Slain by a shadow dragon (5 damage)
 60363 | Zot:5    | 60363 ||| INVOKING Heroism.
 60366 | Zot:5    | HP: 16/193 [Tiamat/+5 bardiche of flaming (51)]
 60367 | Zot:5    | HP: 7/193 [Tiamat/+5 bardiche of flaming (1)]
 60370 | Zot:5    | 60370 ||| Stepping ~*~*~tactically~*~*~ (retreating).
 60370 | Zot:5    | Gained mutation: You have terrible hidden genetic defects.
                  | [an orb of fire]
 60371 | Zot:5    | HP: 2/190 [shadow dragon/bolt of negative energy (7)]
 60371 | Zot:5    | Gained mutation: Potions cannot restore your health. [an
                  | orb of fire]
 60373 | Zot:5    | Mangled by a shadow dragon (12 damage)
 60374 | Zot:5    | Killed an orb of fire
 60377 | Zot:5    | HP: 3/193 [Tiamat/blast of cold (85)]
 60378 | Zot:5    | 60378 ||| INVOKING Finesse.
 60378 | Zot:5    | Demolished by Tiamat
                  | ... wielding a +5 bardiche of flaming
                  | (19 damage)
 60381 | Zot:5    | Killed a Killer Klown
 60397 | Zot:5    | Killed a Killer Klown
 60401 | Zot:5    | Killed Tiamat
 60477 | Zot:5    | 60477 ||| INVOKING Heroism.
 60562 | Zot:5    | 60562 ||| INVOKING Heroism.
 60563 | Zot:5    | 60563 ||| INVOKING Finesse.
 60567 | Zot:5    | Killed a Killer Klown
 60901 | Zot:5    | 60901 ||| INVOKING Heroism.
 60902 | Zot:5    | 60902 ||| INVOKING Finesse.
 60906 | Zot:5    | 60906 ||| Stepping ~*~*~tactically~*~*~ (retreating).
 60909 | Zot:5    | Killed a Killer Klown
 60922 | Zot:5    | Reached skill level 12 in Invocations
 60924 | Zot:5    | Killed a Killer Klown
 60927 | Zot:5    | Gained mutation: You do not regenerate when monsters are
                  | visible. [hidden defects]
 61034 | Zot:5    | 61034 ||| INVOKING Heroism.
 61037 | Zot:5    | 61037 ||| Stepping ~*~*~tactically~*~*~ (retreating).
 61038 | Zot:5    | 61038 ||| Stepping ~*~*~tactically~*~*~ (retreating).
 61047 | Zot:5    | 61047 ||| Stepping ~*~*~tactically~*~*~ (retreating).
 61048 | Zot:5    | 61048 ||| Stepping ~*~*~tactically~*~*~ (retreating).
 61049 | Zot:5    | 61049 ||| INVOKING Finesse.
 61050 | Zot:5    | 61050 ||| Stepping ~*~*~tactically~*~*~ (retreating).
 61052 | Zot:5    | Killed a Killer Klown
 61227 | Zot:5    | Reached XP level 27. HP: 199/199 MP: 26/26
 61241 | Zot:5    | 61241 ||| INVOKING Heroism.
 61245 | Zot:5    | Paralysed by a Zot trap for 5 turns
 61253 | Zot:5    | 61253 ||| RETREATING.
 61296 | Zot:5    | 61296 ||| INVOKING Heroism.
 61458 | Zot:5    | 61458 ||| INVOKING Heroism.
 61548 | Zot:5    | Got the Orb of Zot
 61549 | Zot:5    | 61549 ||| PLANNING ESCAPE
 61549 | Zot:5    | 61549 ||| UPGRADING to +4 dragonskin cloak.
 61587 | Zot:5    | 61587 ||| FLEEEEING.
 61588 | Zot:5    | 61588 ||| FLEEEEING.
 61589 | Zot:5    | 61589 ||| FLEEEEING.
 61590 | Zot:5    | 61590 ||| FLEEEEING.
 61591 | Zot:5    | 61591 ||| FLEEEEING.
 61595 | Zot:5    | 61595 ||| FLEEEEING.
 61596 | Zot:5    | 61596 ||| FLEEEEING.
 61597 | Zot:5    | 61597 ||| FLEEEEING.
 61598 | Zot:5    | 61598 ||| FLEEEEING.
 61599 | Zot:5    | 61599 ||| FLEEEEING.
 61600 | Zot:5    | 61600 ||| FLEEEEING.
 61601 | Zot:5    | 61601 ||| FLEEEEING.
 61602 | Zot:5    | 61602 ||| FLEEEEING.
 61603 | Zot:5    | 61603 ||| FLEEEEING.
 61604 | Zot:5    | 61604 ||| FLEEEEING.
 61605 | Zot:5    | 61605 ||| FLEEEEING.
 61606 | Zot:5    | 61606 ||| FLEEEEING.
 61607 | Zot:5    | 61607 ||| FLEEEEING.
 61608 | Zot:5    | 61608 ||| FLEEEEING.
 61610 | Zot:5    | 61610 ||| FLEEEEING.
 61611 | Zot:5    | 61611 ||| FLEEEEING.
 61612 | Zot:5    | 61612 ||| STAIRDANCE
 61639 | Zot:4    | Noticed Cariq the pandemonium lord
 61639 | Zot:4    | 61639 ||| DRINKING 7 potions of haste.
 61640 | Zot:4    | 61640 ||| Stepping ~*~*~tactically~*~*~ (retreating).
 61642 | Zot:4    | 61642 ||| INVOKING Heroism.
 61644 | Zot:4    | 61644 ||| Stepping ~*~*~tactically~*~*~ (retreating).
 61645 | Zot:4    | 61645 ||| Stepping ~*~*~tactically~*~*~ (retreating).
 61646 | Zot:4    | 61646 ||| Stepping ~*~*~tactically~*~*~ (retreating).
 61647 | Zot:4    | 61647 ||| Stepping ~*~*~tactically~*~*~ (retreating).
 61652 | Zot:4    | Killed Cariq the pandemonium lord
 61730 | Depths:4 | Noticed Bolur the pandemonium lord
 61731 | Depths:4 | 61731 ||| DRINKING 6 potions of haste.
 61732 | Depths:4 | 61732 ||| INVOKING Heroism.
 61739 | Depths:4 | Killed Bolur the pandemonium lord
 61787 | Depths:4 | Gained mutation: Your magical capacity is extremely low.
                  | (-30% MP) [hidden defects]
 61787 | Depths:4 | Lost mutation: You have terrible hidden genetic defects.
                  | [hidden defects expressed]
 61815 | Depths:2 | 61815 ||| Stepping ~*~*~tactically~*~*~ (outnumbered).
 61817 | Depths:2 | 61817 ||| INVOKING Heroism.
 61842 | Depths:1 | 61842 ||| DRINKING 5 potions of haste.
 62094 | D:9      | 62094 ||| DRINKING 4 potions of haste.
 62095 | D:9      | 62095 ||| Stepping ~*~*~tactically~*~*~ (retreating).
 62096 | D:9      | 62096 ||| INVOKING Heroism.
 62098 | D:9      | 62098 ||| RETREATING.
 62150 | D:9      | 62150 ||| RETREATING.
 62162 | D:9      | Reached skill level 15 in Invocations
 62188 | D:9      | 62188 ||| FLEEEEING.
 62194 | D:9      | 62194 ||| DRINKING 3 potions of haste.
 62195 | D:9      | 62195 ||| INVOKING Heroism.
 62294 | D:4      | Noticed Zoesusych the pandemonium lord
 62294 | D:4      | 62294 ||| STAIRDANCE
 62335 | D:1      | 62335 ||| DRINKING 2 potions of haste.
 62336 | D:1      | 62336 ||| INVOKING Heroism.
 62354 | D:$      | Escaped with the Orb!

Levels and vault maps discovered: [+gen,+vis] D:1: ebering_trefoil_3fold, layout_loops_ring, minmay_misc_feat_columns [+gen,+vis] D:2: layout_basic [+gen,+vis] D:3: layout_basic, nicolae_elyvilon_temple_path, mainiacjoe_overflow_tiny_flanked, mainiacjoe_overflow_catwalk, shapermc_ecumenical_altar_petra, moated_statue [+gen,+vis] D:4: layout_rooms, cheibrodos_sewer_entry_bend [+gen,+vis] D:5: layout_gridville, old_standard_altar, overflow_temple_1_default, pdpol_wu_jian_five_deadly_venoms [+gen,+vis] D:6: layout_gridville, nicolae_overflow_quartered_altars, amcnicky_altar_gilded, kennysheep_small_square [+gen,+vis] D:7: layout_basic, mainiacjoe_overflow_concentric_impassable, minmay_temple_entry_nine_rooms, uniq_pikel, uniq_menkaure, uniq_maggie [+gen,+vis] D:8: cheibrodos_iron_armory, layout_loops_cross, kennysheep_mini, enter_bailey_5, serial_shops, shop, minmay_misc_feat_nine_boxes, uniq_erica [+gen,+vis] D:9: layout_cave_pools, mainiacjoe_overflow_alcove_2, chei_slow_surprise, hiddenorc2_lemuel [+gen,+vis] D:10: layout_basic, serial_demonic, serial_demonic_g, serial_demonic_g, serial_demonic_b, serial_demonic_g, serial_demonic_a, serial_shops, nicolae_stop_n_shop_2, minmay_fountain_box, bh_hangedman_babel_library [+gen,+vis] D:11: layout_basic, lair_entry_dummy, kennysheep_boxes [+gen,+vis] D:12: layout_roguey, uniq_jorgrun [+gen,+vis] D:13: layout_irregular_city, serial_shops, nicolae_shop_hallway_stairs, shop, nicolae_shop_trees, shop, nicolae_shop_tiny_waterfront, zin_academy [+gen,+vis] D:14: layout_roguey, hellmonk_vaults_order_and_chaos, trove_entry_hex_spiral, kennysheep_crisscross, minmay_misc_feat_four_crosses [+gen,+vis] D:15: hangedman_depths_entry_civil_slaughter, layout_loops_corners, grunt_decor_fettered, uniq_louise [+gen,-vis] Temple: nicolae_temple_ecumenical_triangle [+gen,+vis] Lair:1: layout_hall_layers, lemuel_fruit_fields, uniq_urug [+gen,+vis] Lair:2: layout_regular_city, skrybe_swamp_entry_bodies, spider_nest_entry_a, beast_lair_carwin_11, uniq_amaemon [+gen,+vis] Lair:3: layout_gridlike, nzn_ghost_randoct, infiniplex_staircase_pool [+gen,+vis] Lair:4: layout_layer_cave, kennysheep_catoblepas_arena [+gen,+vis] Lair:5: minmay_lair_end_enchanted_forest, layout_cave_pods, slime_entry_1, portal_ice_cave_entry_imps [+gen,+vis] Swamp:1: layout_falls_marsh, nicolae_swamp_well_well_well, swamp_pool1 [+gen,+vis] Swamp:2: layout_falls_marsh, evilmike_swamp_ruin_wall [+gen,+vis] Swamp:3: layout_basic_swamp, hangedman_swamp_cone, swamp_pool3, nicolae_swamp_dense_foliage, uniq_roxanne [+gen,+vis] Swamp:4: swamp_vile, layout_basic_swamp, swamp_pool5, worms_lemuel [+gen,-vis] Shoals:1 [+gen,-vis] Shoals:2 [+gen,-vis] Shoals:3 [+gen,-vis] Shoals:4 [+gen,-vis] Snake:1 [+gen,-vis] Snake:2 [+gen,-vis] Snake:3 [+gen,-vis] Snake:4 [+gen,+vis] Spider:1: nicolae_spider_brood_tunnel [+gen,+vis] Spider:2: layout_spider_delve, nicolae_spider_not_touching_you, nicolae_spider_cling_halls [+gen,+vis] Spider:3: layout_spider_delve [+gen,+vis] Spider:4: guppyfry_spider_rune, uniq_asterion [+gen,-vis] Slime:1 [+gen,-vis] Slime:2 [+gen,-vis] Slime:3 [+gen,-vis] Slime:4 [+gen,-vis] Slime:5 [+gen,+vis] Orc:1: layout_diamond_mine, serial_shops, nicolae_lakefront_shop, basic_altar [+gen,+vis] Orc:2: st_orc_elflike, layout_caves, nicolae_orc_bridge_out, hangedman_minor_magic [+gen,-vis] Elf:1: layout_gridlike, serial_shops, shop_statue, basic_altar, kennysheep_underground_church, st_stairs_3, uniq_frances, uniq_nikola [+gen,-vis] Elf:2: elven_hall_of_blades_hangedman_original [mumra_blade_entry_bloodbath], layout_loops_corners, serial_shops, shop, nicolae_take_the_stairs, uniq_aizul [+gen,-vis] Elf:3: minmay_elf_hall_curves, layout_loops_ring, minmay_shop_grove [+gen,+vis] Vaults:1: nicolae_vaults_arrows, nicolae_vaults_offset_grid_hallway_4, nicolae_vaults_closet_pinwheel_6, vaults_standard_mumra_enter_the_diamond, nicolae_vaults_stairing_the_circle, nicolae_vaults_border_crossing, nicolae_vaults_storage_closets_1, nicolae_vaults_minivaults, nicolae_vaults_variable_pillar_hall, nicolae_vaults_tangram_2, vaults_dpeg_encased_lava, nicolae_vaults_rhombus_5, layout_vaults_omnicross, serial_shops, bzr_entry_customers [+gen,+vis] Vaults:2: hangedman_vaults_capsules, minmay_crypt_entry_necro_gods, v_pattern_4, vaults_mumra_chevron_long, nicolae_vaults_storage_room_statues, grunt_vaults_bifocal, vaults_mumra_chevron, vaults_room_hangedman_quadrants, dpeg_vaults_monster_box, nicolae_vaults_diamond_1, layout_vaults_omnigrid, serial_shops, nicolae_shop_rolling_square, uniq_xtahua, uniq_frederick, uniq_margery, uniq_zenata [+gen,+vis] Vaults:3: nicolae_vaults_little_squares_6, v_alt_pattern_1, nicolae_vaults_little_squares_2, nicolae_vaults_ring_of_whatevers, hangedman_vaults_variations, nicolae_vaults_trapezoid_4, v_misc_16, nicolae_vaults_trapezoid_1, nicolae_vaults_trapezoid_1, ontoclasm_vaults_ring_small, v_misc_26, ontoclasm_vaults_tryst, v_pattern_5, nicolae_vaults_closet_pinwheel_5, nicolae_vaults_cochlea, nicolae_vaults_oozy_zoo, nicolae_vaults_surprise_closet, nicolae_vaults_tetromino_Z_1, layout_vaults_ring [+gen,+vis] Vaults:4: nicolae_vaults_sightless_eye, ontoclasm_vaults_misaligned, st_spiral_rooms, nicolae_vaults_more_shelving_1, ontoclasm_vaults_pinch, grunt_vaults_swirl, v_misc_30, nicolae_vaults_house_2, hangedman_vaults_impose, nicolae_vaults_mitosis, nicolae_vaults_network_quincunx [nicolae_vaults_network_quincunx_subvault, nicolae_vaults_network_quincunx_subvault, nicolae_vaults_network_quincunx_subvault, nicolae_vaults_network_quincunx_subvault, nicolae_vaults_network_quincunx_subvault], vaults_room_fancy_cross, nicolae_vaults_house_1, serial_ice_m, nicolae_vaults_little_squares_5, layout_vaults_omnibox, uniq_boris [+gen,+vis] Vaults:5 [+gen,-vis] Crypt:1: layout_basic, grunt_megastairs_4 [+gen,-vis] Crypt:2: layout_chaotic_city, hellmonk_ghost_big_iron, st_stairs_2, uniq_vv, uniq_bai_suzhen [+gen,-vis] Crypt:3: due_elkab, layout_chaotic_city [+gen,-vis] Tomb:1 [+gen,-vis] Tomb:2 [+gen,-vis] Tomb:3 [+gen,+vis] Depths:1: layout_gridlike, hell_entry, minmay_misc_feat_tower, drop_trap, kennysheep_diamond, xom_confusion_cloud [+gen,+vis] Depths:2: minmay_the_grid_plus [minmay_the_grid_minigrid_small_alt, minmay_the_grid_minigrid_small, minmay_the_grid_mess, minmay_the_grid_empty, minmay_the_grid_prize_diamond_cup], layout_basic, rand_demon_pan_entry_1, hell_entry, minmay_misc_feat_tiny, minmay_serpent_palace [+gen,+vis] Depths:3: minmay_complete_graph, layout_cave_pools, abyss_entry, minivault_11, grunt_hell_horde, rand_demon_pan_entry_3, serial_bayou_pond_d, hangedman_stitches_earthworm, infiniplex_staircase_pillars_1, serial_bayou_shore_b, uniq_parghit, uniq_sojobo [+gen,+vis] Depths:4: evilmike_zot_entry_gauntlet, layout_basic, enter_ziggurat_a, hell_entry, minmay_misc_feat_square [+gen,-vis] Hell [+gen,-vis] Dis:1 [+gen,-vis] Dis:2 [+gen,-vis] Dis:3 [+gen,-vis] Dis:4 [+gen,-vis] Dis:5 [+gen,-vis] Dis:6 [+gen,-vis] Dis:7 [+gen,-vis] Geh:1 [+gen,-vis] Geh:2 [+gen,-vis] Geh:3 [+gen,-vis] Geh:4 [+gen,-vis] Geh:5 [+gen,-vis] Geh:6 [+gen,-vis] Geh:7 [+gen,-vis] Coc:1 [+gen,-vis] Coc:2 [+gen,-vis] Coc:3 [+gen,-vis] Coc:4 [+gen,-vis] Coc:5 [+gen,-vis] Coc:6 [+gen,-vis] Coc:7 [+gen,-vis] Tar:1 [+gen,-vis] Tar:2 [+gen,-vis] Tar:3 [+gen,-vis] Tar:4 [+gen,-vis] Tar:5 [+gen,-vis] Tar:6 [+gen,-vis] Tar:7 [+gen,+vis] Zot:1: kennysheep_room_grid, layout_cellular_growth, hangedman_elemental_grid_stream, grunt_megastairs_3 [+gen,+vis] Zot:2: layout_onion_interference [+gen,+vis] Zot:3: gammafunk_sealed_arena, layout_misc_corridors [+gen,+vis] Zot:4: layout_misc_corridors, grunt_megastairs_2 [+gen,+vis] Zot:5: layout_gridville, uniq_tiamat [+gen,-vis] Abyss:1 [+gen,-vis] Abyss:2: base: Spider:2, hangedman_abyss_or_decor_stagger, minivault_25_ag, hangedman_abyss_overflow_altar, base: Crypt:2, base:
Vaults:2  [+gen,-vis]
Abyss:3   [+gen,-vis]
Abyss:4   [+gen,-vis]
Abyss:5   [+gen,-vis]
Abyss:6   [+gen,-vis]
Abyss:7   [+gen,-vis]
Pan       [+gen,-vis]
Zig:1     [+gen,-vis]
Zig:2     [+gen,-vis]
Zig:3     [+gen,-vis]
Zig:4     [+gen,-vis]
Zig:5     [+gen,-vis]
Zig:6     [+gen,-vis]
Zig:7     [+gen,-vis]
Zig:8     [+gen,-vis]
Zig:9     [+gen,-vis]
Zig:10    [+gen,-vis]
Zig:11    [+gen,-vis]
Zig:12    [+gen,-vis]
Zig:13    [+gen,-vis]
Zig:14    [+gen,-vis]
Zig:15    [+gen,-vis]
Zig:16    [+gen,-vis]
Zig:17    [+gen,-vis]
Zig:18    [+gen,-vis]
Zig:19    [+gen,-vis]
Zig:20    [+gen,-vis]
Zig:21    [+gen,-vis]
Zig:22    [+gen,-vis]
Zig:23    [+gen,-vis]
Zig:24    [+gen,-vis]
Zig:25    [+gen,-vis]
Zig:26    [+gen,-vis]
Zig:27    [+gen,-vis]
Bazaar    [+gen,-vis]
Trove     [+gen,-vis]
Sewer:    sewer_frog_island_01 [+gen,-vis]
Ossuary   [+gen,-vis]
Bailey:   bailey_polearm_5, bailey [+gen,-vis]
IceCv:    ice_cave_hellmonk_azure_passage [+gen,-vis]
Volcano   [+gen,-vis]
WizLab    [+gen,-vis]
Desolation [+gen,-vis]
Gauntlet  [+gen,-vis]
Arena

Skill      XL: |  1  2  3  4  5  6  7  8  9 10 11 12 13 14 15 16 17 18 19 20 21 22 23 24 25 26 27 |
---------------+----------------------------------------------------------------------------------+-----
Armour         | 1 2 6 7 9 10 11 12 17 22 | 22.0
Ranged Weapons | 5 6 8 9 10 12 14 15 16 19 20 22 | 22.0
Fighting       | 3 4 5 7 8 10 13 15 17 19 21 22 23 24 26 27 | 27.0
Invocations    | 2 4 7 10 11 13 15 | 15.2
Dodging        | 2 4 5 7 9 11 12 13 15 16 17 19 20 21 22 | 22.0
Stealth        | |  1.1

Action                     |  1- 3 |  4- 6 |  7- 9 | 10-12 | 13-15 | 16-18 | 19-21 | 22-24 | 25-27 || total
---------------------------+-------+-------+-------+-------+-------+-------+-------+-------+-------++-------
   Fire: Shortbow          |   115 |   170 |   300 |   375 |       |       |       |       |       ||   960
         Orcbow            |       |       |       |   445 |   712 |       |       |       |       ||  1157
         Longbow           |       |       |       |       |   578 |  1252 |   793 |       |       ||  2623
         Triple crossbow   |       |       |       |       |       |       |   351 |   971 |   816 ||  2138
 Invoke: Heroism           |       |     2 |    10 |    29 |    34 |    46 |    32 |    44 |    38 ||   235
         Finesse           |       |       |       |       |     4 |     7 |     9 |    12 |     5 ||    37
    Use: Scroll            |     4 |     7 |     7 |    17 |     8 |    16 |     3 |     1 |     8 ||    71
         Potion            |       |       |     1 |     4 |     1 |     3 |     7 |     2 |    14 ||    32
 Armour: Leather armour    |     3 |       |       |   362 |   329 |   417 |   539 |       |       ||  1650
         Ring mail         |     6 |    23 |    75 |       |       |       |       |       |       ||   104
         Steam dragon scal |       |       |       |    15 |       |       |       |       |       ||    15
         Robe              |       |       |       |       |       |       |    93 |   616 |   860 ||  1569
         Skin              |       |       |       |       |       |       |       |       |    26 ||    26
  Dodge: Dodged            |    17 |    30 |   108 |   430 |   497 |   976 |  2055 |  2331 |  2564 ||  9008
  Block: Other             |     1 |    22 |    49 |   161 |   149 |   191 |    31 |       |       ||   604
         Reflection        |     1 |     3 |     1 |     9 |     4 |    10 |     3 |       |       ||    31

Table legend:
 A = Non-vault XP
 B = Vault XP
 C = Vault XP percentage of total XP
 D = Non-vault monster count
 E = Vault monster count
 F = Vault count percentage of total count
                 A         B        C        D         E       F
            +---------+---------+-------+---------+---------+-------
      Total |  698021 |  579260 |  45.4 |    1322 |     718 |  35.2
            +---------+---------+-------+---------+---------+-------
        D:1 |      34 |       0 |   0.0 |      20 |       0 |   0.0
        D:2 |      24 |       0 |   0.0 |      16 |       0 |   0.0
        D:3 |      57 |       0 |   0.0 |      19 |       0 |   0.0
        D:4 |     336 |       5 |   1.5 |      19 |       1 |   5.0
        D:5 |     728 |       0 |   0.0 |      21 |       0 |   0.0
        D:6 |    1804 |       0 |   0.0 |      13 |       0 |   0.0
        D:7 |     666 |    1208 |  64.5 |      12 |       3 |  20.0
        D:8 |    1671 |    2174 |  56.5 |      34 |      25 |  42.4
        D:9 |    3063 |    1386 |  31.2 |      26 |      17 |  39.5
       D:10 |    1616 |    4357 |  72.9 |      17 |      11 |  39.3
       D:11 |    7112 |       0 |   0.0 |      39 |       0 |   0.0
       D:12 |    4683 |    1931 |  29.2 |      13 |       1 |   7.1
       D:13 |    4263 |       0 |   0.0 |      10 |       0 |   0.0
       D:14 |   10949 |    1888 |  14.7 |      17 |       2 |  10.5
       D:15 |    8243 |    5611 |  40.5 |      14 |       7 |  33.3
     Lair:1 |    7531 |     802 |   9.6 |      36 |       1 |   2.7
     Lair:2 |    5157 |    2633 |  33.8 |      21 |       8 |  27.6
     Lair:3 |   11089 |       0 |   0.0 |      37 |       0 |   0.0
     Lair:4 |    5323 |    1956 |  26.9 |      24 |       4 |  14.3
     Lair:5 |   15884 |    8606 |  35.1 |      56 |      56 |  50.0
    Swamp:1 |   13025 |       0 |   0.0 |      26 |       0 |   0.0
    Swamp:2 |   13358 |       0 |   0.0 |      28 |       0 |   0.0
    Swamp:3 |    9923 |    1775 |  15.2 |      18 |       3 |  14.3
    Swamp:4 |   13921 |   21057 |  60.2 |      32 |      38 |  54.3
   Spider:1 |    9586 |    8285 |  46.4 |      21 |      13 |  38.2
   Spider:2 |    8562 |    3085 |  26.5 |      25 |       4 |  13.8
   Spider:3 |   22013 |       0 |   0.0 |      48 |       0 |   0.0
   Spider:4 |   20704 |   23007 |  52.6 |      54 |      37 |  40.7
      Orc:1 |    1323 |       0 |   0.0 |      19 |       0 |   0.0
      Orc:2 |    4167 |    9642 |  69.8 |      29 |      40 |  58.0
   Vaults:1 |   32685 |   49220 |  60.1 |      51 |      70 |  57.9
   Vaults:2 |   24622 |   19530 |  44.2 |      36 |      19 |  34.5
   Vaults:3 |   24708 |   17652 |  41.7 |      37 |      25 |  40.3
   Vaults:4 |   21624 |   27171 |  55.7 |      31 |      31 |  50.0
   Vaults:5 |   28919 |   86456 |  74.9 |      39 |      81 |  67.5
   Depths:1 |    6637 |    7484 |  53.0 |       8 |       8 |  50.0
   Depths:2 |   34532 |   36090 |  51.1 |      40 |      48 |  54.5
   Depths:3 |   37608 |   69363 |  64.8 |      46 |      60 |  56.6
   Depths:4 |   44266 |   18353 |  29.3 |      52 |      20 |  27.8
      Zot:1 |   60957 |   30459 |  33.3 |      52 |      24 |  31.6
      Zot:2 |   40377 |       0 |   0.0 |      31 |       0 |   0.0
      Zot:3 |   47431 |       0 |   0.0 |      37 |       0 |   0.0
      Zot:4 |   47277 |   10095 |  17.6 |      41 |       8 |  16.3
      Zot:5 |   26666 |  104760 |  79.7 |      22 |      49 |  69.0
    Abyss:2 |   12897 |    3219 |  20.0 |      35 |       4 |  10.3
            +---------+---------+-------+---------+---------+-------
